Workbook

Sheet db_emp
A1: BDES-2-B | K1: COM DADOS | L1: COM DADOS | M1: INDEPEND. | N1: =COUNTIF(N7:N156,"=S") -> 92
J2: Sim | K2: =COUNTIF(K7:K156,"=SIM") -> 113 | L2: =COUNTIF(L7:L156,"=SIM") -> 108 | M2: =COUNTIF(M7:M156,"=SIM") -> 114 | N2: =COUNTIF(N7:N156,"=N") -> 7
J3: Não | K3: =COUNTIF(K7:K156,"=não") -> 35 | L3: =COUNTIF(L7:L156,"=não") -> 40 | M3: =COUNTIF(M7:M156,"=não") -> 9 | N3: =COUNTIF(N7:N156,"=NSA") -> 21
K4: =SUM(K2:K3) -> 148 | L4: =SUM(L2:L3) -> 148 | M4: =SUM(M2:M3) -> 123
A6: Cod4 | B6: Grupo Empresarial | C6: Nome | D6: Cod4 | E6: Grupo | F6: (5) Subsetor de origem | G6: Br/Estr | H6: Rec.Líq. 2022 | I6: Razão Social | J6: CNPJ | K6: RL>= 1,0 bi em2022? | L6: Dados Sim/Não | M6: Atualmente Existente de forma independente | N6: Coleta da DFP/balanço de 2023
A7: ABBO | B7: Abott | C7: =A7&" - "&B7 -> ABBO - Abott | D7: ABBO | E7: ABBO | F7: Ind. Farmacêutica | G7: ESTR | H7: 2749700 | I7: ABBOTT LABORATORIOS DO BRASIL LTDA. | J7: 56.998.701/0001-16 | K7: Sim | L7: NÃO | M7: Sim | N7: NSA
A8: ACCA | B8: A.C. Camargo Cancer Center | C8: =A8&" - "&B8 -> ACCA - A.C. Camargo Cancer Center | D8: ACCA | E8: ACCA | F8: Redes Hospitalares | G8: BR | H8: 1142277 | I8: FUNDAÇÃO ANTONIO PRUDENTE | J8: 60.961.968/0001-06 | K8: Sim | L8: Sim | M8: Sim | N8: S
A9: ACHE | B9: Aché | C9: =A9&" - "&B9 -> ACHE - Aché | D9: ACHE | E9: ACHE | F9: Ind. Farmacêutica | G9: BR | H9: 4977629 | I9: Aché Laboratórios Farmacêuticos S.A | J9: 60.659.463/0001-91 | K9: Sim | L9: Sim | M9: Sim | N9: S
A10: ACSC | B10: Assoc. Congreg. Santa Catarina (Hospital Santa Catarina) | C10: =A10&" - "&B10 -> ACSC - Assoc. Congreg. Santa Catarina (Hospital Santa Catarina) | D10: ACSC | E10: ACSC | F10: Redes Hospitalares | G10: BR | H10: 2367400 | I10: Associação Congregação de Santa Catarina | J10: 60.922.168/0001 - 86 | K10: Sim | L10: Sim | M10: Sim | N10: S
A11: ALLI | B11: Alliança | C11: =A11&" - "&B11 -> ALLI - Alliança | D11: ALLI | E11: ALLI | F11: Diagnóstico e Terapia | G11: BR | H11: 1085009 | I11: Centro de Imagem Diagnósticos S.A. | J11: 42.771.949/0018-83 | K11: Sim | L11: Sim | M11: Sim | N11: S
A12: AMIN | B12: Amil | C12: =A12&" - "&B12 -> AMIN - Amil | D12: AMIN | E12: AMIN | F12: Planos e Seguros | G12: ESTR | H12: 18380021 | I12: Amil Assistência Médica Internacional S.A. | J12: 29.309.127/0001-79 | K12: Sim | L12: Sim | M12: Sim | N12: S
A13: APSE | B13: Apsen | C13: =A13&" - "&B13 -> APSE - Apsen | D13: APSE | E13: APSE | F13: Ind. Farmacêutica | G13: BR | H13: 1146839 | I13: Apsen Farmacêutica S.A. | J13: 62.462.015/0001-29 | K13: Sim | L13: Sim | M13: Sim | N13: S
A14: ARAU | B14: Araújo | C14: =A14&" - "&B14 -> ARAU - Araújo | D14: ARAU | E14: ARAU | F14: Farmácias e Drogarias | G14: BR | H14: 3087151 | I14: Drogaria Araujo S.A. | J14: 17.256.512/0001-16 | K14: Sim | L14: Sim | M14: Sim | N14: S
A15: ASSI | B15: Assim Saúde | C15: =A15&" - "&B15 -> ASSI - Assim Saúde | D15: ASSI | E15: ASSI | F15: Planos e Seguros | G15: BR | H15: 1786426 | I15: GRUPO HOSPITALAR DO RIO DE JANEIRO LTDA. | J15: 31.925.548/0001-76 | K15: Sim | L15: Sim | M15: Sim | N15: S
A16: ASZE | B16: AstraZeneca | C16: =A16&" - "&B16 -> ASZE - AstraZeneca | D16: ASZE | E16: ASZE | F16: Ind. Farmacêutica | G16: ESTR | H16: 1941076 | I16: AstraZeneca do Brasil Ltda. | J16: 60.318.797/0001-00 | K16: Sim | L16: Sim | M16: Sim | N16: N
A17: ATHE | B17: Athena Saúde | C17: =A17&" - "&B17 -> ATHE - Athena Saúde | D17: ATHE | E17: ATHE | F17: Planos e Seguros | G17: BR | H17: 2855733 | I17: Athena Saúde Brasil S.A. | J17: 31.701.408/0001-14 | K17: Sim | L17: Sim | M17: Sim | N17: S
A18: BAYE | B18: Bayer Pharma | C18: =A18&" - "&B18 -> BAYE - Bayer Pharma | D18: BAYE | E18: BAYE | F18: Ind. Farmacêutica | G18: ESTR | H18: 5070144 | I18: BAYER S.A. | J18: 18.459.628/0001-15 | K18: Sim | L18: Sim | M18: Sim | N18: S
... A22: BLAU | B22: Blau | C22: =A22&" - "&B22 -> BLAU - Blau | D22: BLAU | E22: BLAU | F22: Ind. Farmacêutica | G22: BR | H22: 1181804 | I22: Blau Farmacêutica S.A. | J22: 58.430.828/0001-60 | K22: Sim | L22: Sim | M22: Sim | N22: S
A23: BOEH | B23: Boehringer Ingelhein | C23: =A23&" - "&B23 -> BOEH - Boehringer Ingelhein | D23: BOEH | E23: BOEH | F23: Ind. Farmacêutica | G23: ESTR | H23: ND | I23: BOEHRINGER INGELHEIM DO BRASIL QUIMICA E FARMACEUTICA LTDA. | J23: 60.831.658/0001-77 | K23: Sim | L23: NÃO | M23: Sim | N23: NSA
A24: BRIS | B24: Bristol-Myers Squibb | C24: =A24&" - "&B24 -> BRIS - Bristol-Myers Squibb | D24: BRIS | E24: BRIS | F24: Ind. Farmacêutica | G24: ESTR | H24: 1623800 | I24: BRISTOL-MYERS SQUIBB FARMACÊUTICA LTDA. | J24: 56.998.982/0001-07 | K24: Sim | L24: Sim | M24: Sim | N24: S
A25: BRSA | B25: Bradesco Saúde | C25: =A25&" - "&B25 -> BRSA - Bradesco Saúde | D25: BRSA | E25: BRSA | F25: Planos e Seguros | G25: BR | H25: 30094906 | I25: Bradesco Saúde S.A. | J25: 92.693.118/0001-60 | K25: Sim | L25: Sim | M25: Sim | N25: S
A26: BUTA | B26: Fundação Butantan | C26: =A26&" - "&B26 -> BUTA - Fundação Butantan | D26: BUTA | E26: BUTA | F26: Ind. Farmacêutica | G26: BR | H26: 2618724 | I26: Fundação Butantan | J26: 61.189.445/0001-56 | K26: Sim | L26: Sim | M26: Sim | N26: S
A27: CARE | B27: Care Plus | C27: =A27&" - "&B27 -> CARE - Care Plus | D27: CARE | E27: CARE | F27: Planos e Seguros | G27: BR | H27: 1713039 | I27: Care Plus Medicina Assistencial Ltda. | J27: 02.725.347/0001-27 | K27: Sim | L27: Sim | M27: Sim | N27: S
A28: CASS | B28: CASSI | C28: =A28&" - "&B28 -> CASS - CASSI | D28: CASS | E28: CASS | F28: Planos e Seguros | G28: BR | H28: 6349346 | I28: Caixa de Assistencia dos Funcionarios do Banco do Brasil | J28: 33.719.485/0001-27 | K28: Sim | L28: Sim | M28: Sim | N28: S
A29: CEJA | B29: CEJAM | C29: =A29&" - "&B29 -> CEJA - CEJAM | D29: CEJA | E29: CEJA | F29: Gestão como OS | G29: BR | H29: 2200638 | I29: Centro de Estudos e Pesquisas Dr Joao Amorim | J29: 66.518.267/0001-83 | K29: Sim | L29: Sim | M29: Sim | N29: S
A30: CIME | B30: Grupo Cimed | C30: =A30&" - "&B30 -> CIME - Grupo Cimed | D30: CIME | E30: CIME | F30: Ind. Farmacêutica | G30: BR | H30: 1357983 | I30: Cimed Indústria S.A. | J30: 02.814.497/0001-07 | K30: Sim | L30: Sim | M30: Sim | N30: S
A31: CLAM | B31: Clamed | C31: =A31&" - "&B31 -> CLAM - Clamed | D31: CLAM | E31: CLAM | F31: Farmácias e Drogarias | G31: BR | H31: 2575720 | I31: CIA LATINO AMERICANA DE MEDICAMENTOS | J31: 84.683.481/0001-77 | K31: Sim | L31: Sim | M31: Sim | N31: NSA
A32: COND | B32: Farma Conde | C32: =A32&" - "&B32 -> COND - Farma Conde | D32: COND | E32: COND | F32: Farmácias e Drogarias | G32: BR | H32: 1226000 | I32: Mc Drogaria Ltda | J32: 18.383.936/0001-04 | K32: Sim | L32: NÃO | M32: Sim | N32: NSA
A33: DASA | B33: DASA | C33: =A33&" - "&B33 -> DASA - DASA | D33: DASA | E33: DASA | F33: Diagnóstico e Terapia | G33: BR | H33: 13128893 | I33: Diagnósticos da América S.A. | J33: 61.486.650/0001-83 | K33: Sim | L33: Sim | M33: Sim | N33: S
A34: DIME | B34: DIMED/Grupo Panvel | C34: =A34&" - "&B34 -> DIME - DIMED/Grupo Panvel | D34: DIME | E34: DIME | F34: Farmácias e Drogarias | G34: BR | H34: 3990475 | I34: DIMED S.A. DISTRIBUIDORA DE MEDICAMENTOS | J34: 92.665.611/0001-77 | K34: Sim | L34: Sim | M34: Sim | N34: S
A35: DMIL | B35: d1000 | C35: =A35&" - "&B35 -> DMIL - d1000 | D35: DMIL | E35: PROF | F35: Farmácias e Drogarias | G35: BR | H35: 1483148 | I35: d1000 varejo farma S.A. | J35: 12.108.897/0001-50 | K35: Sim | L35: Sim | M35: Sim | N35: S
... A37: DROG | B37: Drogal | C37: =A37&" - "&B37 -> DROG - Drogal | D37: DROG | E37: DROG | F37: Farmácias e Drogarias | G37: BR | H37: 1627000 | I37: Drogal Farmacêutica Ltda. | J37: 54.375.647/0001-27 | K37: Sim | L37: NÃO | M37: Sim | N37: NSA
A38: EBSE | B38: EBSERH | C38: =A38&" - "&B38 -> EBSE - EBSERH | D38: EBSE | E38: EBSE | F38: Redes Hospitalares | G38: BR | H38: =94766+9066058 -> 9160824 | I38: EMPRESA BRASILEIRA DE SERVIÇOS HOSPITALARES | J38: 15.126.437/0001-43 | K38: Sim | L38: Sim | M38: Sim | N38: S
A39: EINS | B39: Hospital Albert Einstein | C39: =A39&" - "&B39 -> EINS - Hospital Albert Einstein | D39: EINS | E39: EINS | F39: Redes Hospitalares | G39: BR | H39: 4911496 | I39: Sociedade Beneficente Israelita Brasileira Hospital Albert Einstein | J39: 60.765.823/0001-30 | K39: Sim | L39: Sim | M39: Sim | N39: S
A40: ELFA | B40: Elfa Medicamentos | C40: =A40&" - "&B40 -> ELFA - Elfa Medicamentos | D40: ELFA | E40: ELFA | F40: Distribuição | G40: BR | H40: 6174619 | I40: Elfa Medicamentos S.A | J40: 09.053.134/0001-45 | K40: Sim | L40: Sim | M40: Sim | N40: S
A41: EMSA | B41: EMS | C41: =A41&" - "&B41 -> EMSA - EMS | D41: EMSA | E41: EMSA | F41: Ind. Farmacêutica | G41: BR | H41: 5706375 | I41: EMS S.A. | J41: 57.507.378/0003-65 | K41: Sim | L41: Sim | M41: Sim | N41: N
A42: EURO | B42: Eurofarma | C42: =A42&" - "&B42 -> EURO - Eurofarma | D42: EURO | E42: EURO | F42: Ind. Farmacêutica | G42: BR | H42: 8006280 | I42: Eurofarma Laboratórios S.A. | J42: 61.190.096/0001-92 | K42: Sim | L42: Sim | M42: Sim | N42: S
A43: FABC | B43: Fundação do ABC | C43: =A43&" - "&B43 -> FABC - Fundação do ABC | D43: FABC | E43: FABC | F43: Gestão como OS | G43: BR | H43: 3352368 | I43: Fundação do ABC | J43: 57.571.275/0001-00 | K43: Sim | L43: Sim | M43: Sim | N43: S
A44: FASS | B44: Farmácias Associadas | C44: =A44&" - "&B44 -> FASS - Farmácias Associadas | D44: FASS | E44: FASS | F44: Farmácias e Drogarias | G44: BR | H44: 1500000 | I44: Associação dos Proprietários e Oficiais de Farmácia do Estado do Rio Grande do Sul - ASP | J44: 87.132.809/0001-55 | K44: Sim | L44: NÃO | M44: Sim | N44: NSA
A45: FFME | B45: FFM USP | C45: =A45&" - "&B45 -> FFME - FFM USP | D45: FFME | E45: =D45 -> FFME | F45: Redes Hospitalares | G45: BR | H45: 1583100 | I45: Fundação Faculdade de Medicina | J45: 56.577.059/0001-00 | K45: Sim | L45: Sim | M45: Sim | N45: S
A46: FLEU | B46: Fleury | C46: =A46&" - "&B46 -> FLEU - Fleury | D46: FLEU | E46: FLEU | F46: Diagnóstico e Terapia | G46: BR | H46: 4463040 | I46: Fleury S.A. | J46: 60.840.055/0001-31 | K46: Sim | L46: Sim | M46: Sim | N46: S
A47: FQMM | B47: FQM | C47: =A47&" - "&B47 -> FQMM - FQM | D47: FQMM | E47: FQMM | F47: Ind. Farmacêutica | G47: ESTR | H47: 2062600 | I47: GRUPO FQM HOLDING S/A | J47: 27.059.432/0001-24 | K47: Sim | L47: NÃO | M47: Sim | N47: NSA
A48: GEAP | B48: GEAP | C48: =A48&" - "&B48 -> GEAP - GEAP | D48: GEAP | E48: GEAP | F48: Planos e Seguros | G48: BR | H48: 3643101 | I48: FUNDAÇÃO GEAP AUTOGESTÃO EM SAÚDE | J48: 03.658.432/0001-82 | K48: Sim | L48: Sim | M48: Sim | N48: S
A49: GHCO | B49: GHC (Grupo Hospitalar Conceição) | C49: =A49&" - "&B49 -> GHCO - GHC (Grupo Hospitalar Conceição) | D49: GHCO | E49: GHCO | F49: Redes Hospitalares | G49: BR | H49: =4275+1741074 -> 1745349 | I49: HOSPITAL NOSSA SENHORA DA CONCEIÇÃO S.A. | J49: 92.787.118/0001-20 | K49: Sim | L49: Sim | M49: Sim | N49: S
A50: GNDP | B50: Notre Dame Participações S.A. | C50: =A50&" - "&B50 -> GNDP - Notre Dame Participações S.A. | D50: GNDP | E50: HAPV | F50: Planos e Seguros | G50: BR | H50: NSA | I50: Notre Dame Intermedica Participações S.A. | J50: 19.853.511/0001-84 | K50: Sim | L50: Sim | M50: NÃO | N50: NSA
A51: GOLD | B51: Golden Cross/Vision Med | C51: =A51&" - "&B51 -> GOLD - Golden Cross/Vision Med | D51: GOLD | E51: GOLD | F51: Planos e Seguros | G51: BR | H51: 1256674 | I51: Vision Med Assistência Médica Ltda. | J51: 01.518.211/0001-83 | K51: Sim | L51: Sim | M51: Sim | N51: S
A52: GSKF | B52: GSK Farma | C52: =A52&" - "&B52 -> GSKF - GSK Farma | D52: GSKF | E52: GSKF | F52: Ind. Farmacêutica | G52: ESTR | H52: 2055193 | I52: GLAXOSMITHKLINE BRASIL LTDA. | J52: 33.247.743/0001-10 | K52: Sim | L52: Sim | M52: Sim | N52: S
A53: HAOC | B53: Hospital Alemão Oswaldo Cruz | C53: =A53&" - "&B53 -> HAOC - Hospital Alemão Oswaldo Cruz | D53: HAOC | E53: HAOC | F53: Redes Hospitalares | G53: BR | H53: 1242854 | I53: Hospital Alemão Oswaldo Cruz | J53: 60.726.502/0001-26 | K53: Sim | L53: Sim | M53: Sim | N53: S
A54: HAPV | B54: Hapvida | C54: =A54&" - "&B54 -> HAPV - Hapvida | D54: HAPV | E54: HAPV | F54: Planos e Seguros | G54: BR | H54: 23748803 | I54: Hapvida Participações e Investimentos S.A. | J54: 05.197.443/0001-38 | K54: Sim | L54: Sim | M54: Sim | N54: S
A55: HCOR | B55: HCOR | C55: =A55&" - "&B55 -> HCOR - HCOR | D55: HCOR | E55: HCOR | F55: Redes Hospitalares | G55: BR | H55: 1023000 | I55: Associação Beneficente Síria – Hcor, | J55: 60.453.024/0003-90 | K55: Sim | L55: Sim | M55: Sim | N55: S
A56: HEBR | B56: Hemobrás | C56: =A56&" - "&B56 -> HEBR - Hemobrás | D56: HEBR | E56: HEBR | F56: Ind. Farmacêutica | G56: BR | H56: 953161 | I56: Empresa Brasileira de Hemoderivados e Biotecnologia – Hemobrás | J56: 07.607.851/0001-46 | K56: Sim | L56: Sim | M56: Sim | N56: S
A57: HEPA | B57: Hermes Pardini | C57: =A57&" - "&B57 -> HEPA - Hermes Pardini | D57: HEPA | E57: FLEU | F57: Diagnóstico e Terapia | G57: BR | H57: 2098683 | I57: INSTITUTO HERMES PARDINI S.A | J57: 19.378.769/0001-76 | K57: Sim | L57: Sim | M57: NÃO | N57: NSA
A58: HOCA | B58: Hospital Care | C58: =A58&" - "&B58 -> HOCA - Hospital Care | D58: HOCA | E58: HOCA | F58: Redes Hospitalares | G58: BR | H58: 2045924 | I58: Hospital Care Caledônia S.A. | J58: 25.249.439/0001-83 | K58: Sim | L58: Sim | M58: Sim | N58: S
A59: HYPE | B59: Hypera Pharma | C59: =A59&" - "&B59 -> HYPE - Hypera Pharma | D59: HYPE | E59: HYPE | F59: Ind. Farmacêutica | G59: BR | H59: 7546355 | I59: HYPERA S.A. | J59: 02.932.074/0006-04 | K59: Sim | L59: Sim | M59: Sim | N59: S
A60: IMPA | B60: Rede Ímpar | C60: =A60&" - "&B60 -> IMPA - Rede Ímpar | D60: IMPA | E60: DASA | F60: Redes Hospitalares | G60: BR | H60: NSA | I60: Ímpar Serviços Hospitalares S.A | J60: 60.884.855/0001-54 | K60: Sim | L60: Sim | M60: NÃO | N60: NSA
A61: INDI | B61: Farmácia Indiana | C61: =A61&" - "&B61 -> INDI - Farmácia Indiana | D61: INDI | E61: INDI | F61: Farmácias e Drogarias | G61: BR | H61: 1777000 | I61: Irmãos Mattar & Cia Ltda. | J61: 25.102.146/0066-14 | K61: Sim | L61: NÃO | M61: Sim | N61: NSA
A62: KORA | B62: Kora Saúde | C62: =A62&" - "&B62 -> KORA - Kora Saúde | D62: KORA | E62: KORA | F62: Redes Hospitalares | G62: BR | H62: 2046729 | I62: Kora Saúde Participações S.A. | J62: 13.270.520/0001-66 | K62: Sim | L62: Sim | M62: Sim | N62: S
A63: LIBB | B63: Libbs | C63: =A63&" - "&B63 -> LIBB - Libbs | D63: LIBB | E63: LIBB | F63: Ind. Farmacêutica | G63: ESTR | H63: 2342386 | I63: LIBBS FARMACÊUTICA LTDA. | J63: 61.230.314/0001-75 | K63: Sim | L63: Sim | M63: Sim | N63: S
A64: MDEI | B64: Mater Dei | C64: =A64&" - "&B64 -> MDEI - Mater Dei | D64: MDEI | E64: MDEI | F64: Redes Hospitalares | G64: BR | H64: 1763132 | I64: Hospital Mater Dei S.A. | J64: 16.676.520/0001-59 | K64: Sim | L64: Sim | M64: Sim | N64: S
A65: MEDL | B65: Medley | C65: =A65&" - "&B65 -> MEDL - Medley | D65: MEDL | E65: SANO | F65: Ind. Farmacêutica | G65: ESTR | H65: NSA | I65: Medley Farmaceutica Ltda | J65: 10.588.595/0007-97 | K65: Sim | L65: Sim | M65: NÃO | N65: NSA
A66: MERC | B66: Merck S.A. | C66: =A66&" - "&B66 -> MERC - Merck S.A. | D66: MERC | E66: =D66 -> MERC | F66: Ind. Farmacêutica | G66: ESTR | H66: 2015854 | I66: Merck S.A. | J66: 33.069.212/0001-84 | K66: Sim | L66: Sim | M66: Sim | N66: S
A67: MOVE | B67: Hospital Moinhos de Vento | C67: =A67&" - "&B67 -> MOVE - Hospital Moinhos de Vento | D67: MOVE | E67: MOVE | F67: Redes Hospitalares | G67: BR | H67: 1230366 | I67: ASSOCIAÇÃO HOSPITALAR MOINHOS DE VENTO | J67: 92.685.833/0001-51 | K67: Sim | L67: Sim | M67: Sim | N67: S
A68: NEST | B68: Nestle | C68: =A68&" - "&B68 -> NEST - Nestle | D68: NEST | E68: NEST | F68: Ind. Farmacêutica | G68: ESTR | H68: ND | I68: NESTLÉ BRASIL LTDA. | J68: 60.409.075/0001-52 | K68: Sim | L68: NÃO | M68: Sim | N68: NSA
A69: NISS | B69: Nissei | C69: =A69&" - "&B69 -> NISS - Nissei | D69: NISS | E69: NISS | F69: Farmácias e Drogarias | G69: BR | H69: 2207011 | I69: Farmácia e Drogaria Nissei S.A | J69: 79.430.682/0001-22 | K69: Sim | L69: Sim | M69: Sim | N69: S
A70: NNOR | B70: Novo Nordisk | C70: =A70&" - "&B70 -> NNOR - Novo Nordisk | D70: NNOR | E70: NNOR | F70: Ind. Farmacêutica | G70: ESTR | H70: 1232000 | I70: NoVo NoRDISK PRoDuÇÃo FARMACÊuTICA Do BRASIL LTDA | J70: 16.921.603/0001-66 | K70: Sim | L70: Sim | M70: Sim | N70: N
A71: NOVA | B71: Novartis | C71: =A71&" - "&B71 -> NOVA - Novartis | D71: NOVA | E71: NOVA | F71: Ind. Farmacêutica | G71: ESTR | H71: 4046854 | I71: Novartis Biociências S.A. | J71: 56.994.502/0001-30 | K71: Sim | L71: Sim | M71: Sim | N71: S
A72: ODON | B72: Odontoprev | C72: =A72&" - "&B72 -> ODON - Odontoprev | D72: ODON | E72: BRSA | F72: Planos e Seguros | G72: BR | H72: 1902422 | I72: ODONTOPREV S.A | J72: 58.119.199/0001-51 | K72: Sim | L72: Sim | M72: Sim | N72: S
A73: OMIN | B73: Omint | C73: =A73&" - "&B73 -> OMIN - Omint | D73: OMIN | E73: OMIN | F73: Planos e Seguros | G73: ESTR | H73: 1959392 | I73: Omint Serviços de Saúde Ltda. | J73: 44.673.382/0002-70 | K73: Sim | L73: Sim | M73: Sim | N73: S
A74: ONCC | B74: Oncoclínicas | C74: =A74&" - "&B74 -> ONCC - Oncoclínicas | D74: ONCC | E74: ONCC | F74: Diagnóstico e Terapia | G74: BR | H74: 4088252 | I74: Oncoclínicas do Brasil Serviços Médicos S.A. | J74: 12.104.241/0004-02 | K74: Sim | L74: Sim | M74: Sim | N74: S
A75: PFIZ | B75: Pfizer | C75: =A75&" - "&B75 -> PFIZ - Pfizer | D75: PFIZ | E75: PFIZ | F75: Ind. Farmacêutica | G75: ESTR | H75: 8119000 | I75: Laboratórios Pfizer Ltda | J75: 46.070.868/0019-98 | K75: Sim | L75: NÃO | M75: Sim | N75: NSA
A76: PGME | B76: Pague Menos | C76: =A76&" - "&B76 -> PGME - Pague Menos | D76: PGME | E76: PGME | F76: Farmácias e Drogarias | G76: BR | H76: 9189075 | I76: Empreendimentos Pague Menos S.A. | J76: 06.626.253/0001-51 | K76: Sim | L76: Sim | M76: Sim | N76: S
A77: POSA | B77: Porto Saúde | C77: =A77&" - "&B77 -> POSA - Porto Saúde | D77: POSA | E77: POSA | F77: Planos e Seguros | G77: BR | H77: 3131864 | I77: Porto Seguro - Seguro Saúde S.A | J77: 04.540.010/0001-70 | K77: Sim | L77: Sim | M77: Sim | N77: S
A78: PRAT | B78: Prati-Donaduzzi | C78: =A78&" - "&B78 -> PRAT - Prati-Donaduzzi | D78: PRAT | E78: PRAT | F78: Ind. Farmacêutica | G78: BR | H78: 1532385 | I78: Prati, Donaduzzi & Cia Ltda. | J78: 73.856.593/0001-66 | K78: Sim | L78: Sim | M78: Sim | N78: S
A79: PREV | B79: PreventSenior | C79: =A79&" - "&B79 -> PREV - PreventSenior | D79: PREV | E79: PREV | F79: Planos e Seguros | G79: BR | H79: 4633205 | I79: Prevent Senior Private Operadora de Saúde Ltda | J79: 00.461.479/0001-63 | K79: Sim | L79: Sim | M79: Sim | N79: S
A80: PROF | B80: Profarma | C80: =A80&" - "&B80 -> PROF - Profarma | D80: PROF | E80: PROF | F80: Distribuição | G80: BR | H80: 7816218 | I80: PROFARMA DISTRIBUIDORA DE PRODUTOS FARMACÊUTICOS S.A. | J80: 45.453.214/0001-51 | K80: Sim | L80: Sim | M80: Sim | N80: S
... A90: SAOJ | B90: Farmácia São João | C90: =A90&" - "&B90 -> SAOJ - Farmácia São João | D90: SAOJ | E90: SAOJ | F90: Farmácias e Drogarias | G90: BR | H90: 5407000 | I90: Comércio de Medicamentos Brair Ltda. | J90: 88.212.113/0001-10 | K90: Sim | L90: NÃO | M90: Sim | N90: NSA
A91: SAVE | B91: Sanofi Aventis | C91: =A91&" - "&B91 -> SAVE - Sanofi Aventis | D91: SAVE | E91: SANO | F91: Ind. Farmacêutica | G91: ESTR | H91: NSA | I91: Sanof-Aventis Farmacêutica Ltda. | J91: 02.685.377/0001-57 | K91: Sim | L91: Sim | M91: NÃO | N91: NSA
A92: SBSC | B92: Sociedade Beneficente São Camilo (Hospital São Camilo) | C92: =A92&" - "&B92 -> SBSC - Sociedade Beneficente São Camilo (Hospital São Camilo) | D92: SBSC | E92: SBSC | F92: Redes Hospitalares | G92: BR | H92: 2522692 | I92: Sociedade Beneficente São Camilo | J92: 60.975.737/0001-51 | K92: Sim | L92: Sim | M92: Sim | N92: S
A93: SCPA | B93: Santa Casa de Porto Alegre | C93: =A93&" - "&B93 -> SCPA - Santa Casa de Porto Alegre | D93: SCPA | E93: SCPA | F93: Redes Hospitalares | G93: BR | H93: 1303265 | I93: Irmandade da Santa Casa de Misericórdia de Porto Alegre | J93: 92.815.000/0001-68 | K93: Sim | L93: Sim | M93: Sim | N93: S
A94: SECO | B94: Seconci | C94: =A94&" - "&B94 -> SECO - Seconci | D94: SECO | E94: SECO | F94: Gestão como OS | G94: BR | H94: 1582854 | I94: Serviço Social da Construção Civil do Estado de São Paulo - SECONCI - SP | J94: 61.687.356/0001-30 | K94: Sim | L94: Sim | M94: Sim | N94: S
A95: SILI | B95: Hospital Sírio Libanês | C95: =A95&" - "&B95 -> SILI - Hospital Sírio Libanês | D95: SILI | E95: SILI | F95: Redes Hospitalares | G95: BR | H95: 2971800 | I95: SOCIEDADE BENEFICENTE DE SENHORAS HOSPITAL SÍRIO-LIBANÊS | J95: 61.590.410/0001-24 | K95: Sim | L95: Sim | M95: Sim | N95: S
A96: SOLF | B96: Solfarma | C96: =A96&" - "&B96 -> SOLF - Solfarma | D96: SOLF | E96: SOLF | F96: Distribuição | G96: BR | H96: 1401999 | I96: Solfarma Comercio de Produtos Farmaceuticos S.A. | J96: 46.054.219/0001-74 | K96: Sim | L96: Sim | M96: Sim | N96: S
A97: SPDM | B97: SPDM Hospital São Paulo | C97: =A97&" - "&B97 -> SPDM - SPDM Hospital São Paulo | D97: SPDM | E97: SPDM | F97: Gestão como OS | G97: BR | H97: 9565008 | I97: SPDM - Associação Paulista para o Desenvolvimento da Medicina - Hospital São Paulo | J97: 61.699.567.0001/92 | K97: Sim | L97: Sim | M97: Sim | N97: S
A98: SULA | B98: SulAmérica | C98: =A98&" - "&B98 -> SULA - SulAmérica | D98: SULA | E98: RDOR | F98: Planos e Seguros | G98: BR | H98: 21889700 | I98: SUL AMERICA S.A. | J98: 29.978.814/0001-87 | K98: Sim | L98: Sim | M98: NÃO | N98: NSA
A99: TEUT | B99: Teuto | C99: =A99&" - "&B99 -> TEUT - Teuto | D99: TEUT | E99: TEUT | F99: Ind. Farmacêutica | G99: BR | H99: 1288731 | I99: LABORATÓRIO TEUTO BRASILEIRO S.A. | J99: 17.159.229/0001-76 | K99: Sim | L99: Sim | M99: Sim | N99: S
A100: UMBE | B100: Unimed Belém | C100: =A100&" - "&B100 -> UMBE - Unimed Belém | D100: UMBE | E100: UMBE | F100: Planos e Seguros | G100: BR | H100: 1411807 | I100: UNIMED BELÉM - COOPERATIVA DE TRABALHO MÉDICO | J100: 04.201.372/0001-37 | K100: Sim | L100: Sim | M100: Sim | N100: S
A101: UMBH | B101: Unimed BH | C101: =A101&" - "&B101 -> UMBH - Unimed BH | D101: UMBH | E101: UMBH | F101: Planos e Seguros | G101: BR | H101: 5480212 | I101: Unimed Belo Horizonte Cooperativa de Trabalho Médico | J101: 16.513.178/0001-76 | K101: Sim | L101: Sim | M101: Sim | N101: S
A102: UMCE | B102: Unimed Central Nacional | C102: =A102&" - "&B102 -> UMCE - Unimed Central Nacional | D102: UMCE | E102: UMCE | F102: Planos e Seguros | G102: BR | H102: 6501995 | I102: CENTRAL NACIONAL UNIMED – COOPERATIVA CENTRAL | J102: 02.812.468/0005-30 | K102: Sim | L102: Sim | M102: Sim | N102: S
A103: UMCP | B103: Unimed Campinas | C103: =A103&" - "&B103 -> UMCP - Unimed Campinas | D103: UMCP | E103: UMCP | F103: Planos e Seguros | G103: BR | H103: 2580251 | I103: Unimed Campinas Cooperativa de Trabalho Médico | J103: 46124624/0001-11 | K103: Sim | L103: Sim | M103: Sim | N103: S
... A117: VIVE | B117: Viveo | C117: =A117&" - "&B117 -> VIVE - Viveo | D117: VIVE | E117: VIVE | F117: Distribuição | G117: BR | H117: 8746531 | I117: CM HOSPITALAR S.A. | J117: 12.420.164/0001-57 | K117: Sim | L117: Sim | M117: Sim | N117: S
B118: EMPRESAS COM DADOS COLETADOS E COM DUPLICAÇÃO DE CONTROLE
A119: GNDI | B119: Notre Dame Intermédica Saúde S.A. | C119: =A119&" - "&B119 -> GNDI - Notre Dame Intermédica Saúde S.A. | D119: GNDI | E119: HAPV | F119: Planos e Seguros | G119: BR | H119: 11870320 | I119: Notre Dame Intermedica Saúde SA | J119: 44.649.812/0001-38 | K119: Sim | L119: Sim | M119: NÃO | N119: NSA
A120: BION | B120: Bionovis | C120: =A120&" - "&B120 -> BION - Bionovis | D120: BION | E120: 0MUL | F120: Ind. Farmacêutica | G120: BR | H120: 1142463 | I120: BIONOVIS S.A. - COMPANHIA BRASILEIRA DE BIOTECNOLOGIA FARMACÊUTICA | J120: 12.320.079/0001-17 | K120: Sim | L120: Sim | M120: NÃO | N120: N
A121: MANT | B121: Mantecorp | C121: =A121&" - "&B121 -> MANT - Mantecorp | D121: MANT | E121: HYPE | F121: Ind. Farmacêutica | G121: BR | H121: - | I121: Mantecorp Participações S.A. | J121: 26.255.669/0001-18 | K121: NÃO | L121: NÃO
A122: NEOQ | B122: Neoquímica (Brainfarma) | C122: =A122&" - "&B122 -> NEOQ - Neoquímica (Brainfarma) | D122: NEOQ | E122: HYPE | F122: Ind. Farmacêutica | G122: BR | H122: 2263161 | I122: Brainfarma Indústria Química e Farmacêutica S.A. | J122: 05.161.069/0001-10 | K122: NÃO | L122: NÃO
B123: OUTRAS EMPRESAS NO RADAR DO BANCO DE DADOS DE EMPRESARIAMENTO DA SAÚDE - BDES
A124: AESC | B124: Associação Educadora São Carlos Aesc | C124: =A124&" - "&B124 -> AESC - Associação Educadora São Carlos Aesc | D124: AESC | E124: =D124 -> AESC | F124: Gestão como OS | G124: BR | H124: 825600 | I124: Associação Educadora São Carlos (AESC) | J124: 88.625.686/0001-57 | K124: NÃO | L124: Sim | M124: Sim | N124: N
A125: AGIR | B125: Agir Saúde | C125: =A125&" - "&B125 -> AGIR - Agir Saúde | D125: AGIR | E125: =D125 -> AGIR | F125: Gestão como OS | G125: BR | H125: 809786 | I125: Associação de Gestão, Inovação e Resultados em Saúde | J125: 05.029.600/0002-87 | K125: NÃO | L125: Sim | M125: Sim | N125: S
A126: AIMO | B126: Alliage S/A Indústrias Médico Odontológica | C126: =A126&" - "&B126 -> AIMO - Alliage S/A Indústrias Médico Odontológica | D126: ALIG | E126: =D126 -> ALIG | F126: Máq Equip Insumos | G126: BR | H126: 576230 | I126: Alliage S/A Indústrias Médico Odontológica | J126: 55.979.736/0001-45 | K126: NÃO | L126: Sim | M126: Sim | N126: S
A127: BAUM | B127: Baumer | C127: =A127&" - "&B127 -> BAUM - Baumer | D127: BAUM | E127: =D127 -> BAUM | F127: Máq Equip Insumos | G127: BR | H127: 164544 | I127: Baumer S.A. | J127: 61.374.161/0001-30 | K127: NÃO | L127: Sim | M127: Sim | N127: S
...

Sheet db_inv
A1: Inventário de Publicações do Banco de Dados | F1: Empresas selecionadas | U1: Empresas selecionadas
A3: Índice | B3: 4 | C3: 2 | D3: 11 | E3: 12 | F3: =SUM(F6:F118) -> 805 | G3: =SUM(G6:G118) -> 62 | H3: =SUM(H6:H118) -> 64 | I3: =SUM(I6:I118) -> 63 | J3: =SUM(J6:J118) -> 76 | K3: =SUM(K6:K118) -> 87 | L3: =SUM(L6:L118) -> 89 | M3: =SUM(M6:M118) -> 94 | ... P3: =SUM(P6:P118) -> 88 | U3: =SUM(U6:U118) -> 345 | V3: =SUM(V6:V118) -> 24 | W3: =SUM(W6:W118) -> 25 | X3: =SUM(X6:X118) -> 24 | Y3: =SUM(Y6:Y118) -> 31 | Z3: =SUM(Z6:Z118) -> 39 | AA3: =SUM(AA6:AA118) -> 40 | AB3: =SUM(AB6:AB118) -> 42 | ... AE3: =SUM(AE6:AE118) -> 39
A5: Cod4 | B5: Grupo | C5: Nome | D5: RL >= 1,0 bi | E5: Com dados? | F5: Total de Relatórios | G5: 14 | H5: 15 | I5: 16 | J5: 17 | K5: 18 | L5: 19 | M5: 20 | N5: 21 | O5: 22 | P5: 23 | R5: Observações | T5: DVA? 1/0 | U5: Total de DVAs | V5: 14 | W5: 15 | X5: 16 | Y5: 17 | Z5: 18 | AA5: 19 | AB5: 20 | AC5: 21 | AD5: 22 | AE5: 23 | AG5: Observações
A6: ABBO | B6: =VLOOKUP($A6,db_emp!$A$6:$N$156,B$3,FALSE) -> ABBO | C6: =VLOOKUP($A6,db_emp!$A$6:$N$156,C$3,FALSE) -> Abott | D6: =VLOOKUP($A6,db_emp!$A$6:$N$156,D$3,FALSE) -> Sim | E6: =VLOOKUP($A6,db_emp!$A$6:$N$156,E$3,FALSE) -> NÃO | F6: =SUM(G6:Q6) -> 0 | G6: - | H6: - | I6: - | J6: - | K6: - | L6: - | M6: - | N6: - | O6: - | P6: - | U6: =SUM(V6:AF6) -> 0 | V6: - | W6: - | X6: - | Y6: - | Z6: - | AA6: - | AB6: - | AC6: - | AD6: - | AE6: -
A7: ACCA | B7: =VLOOKUP($A7,db_emp!$A$6:$N$156,B$3,FALSE) -> ACCA | C7: =VLOOKUP($A7,db_emp!$A$6:$N$156,C$3,FALSE) -> A.C. Camargo Cancer Center | D7: =VLOOKUP($A7,db_emp!$A$6:$N$156,D$3,FALSE) -> Sim | E7: =VLOOKUP($A7,db_emp!$A$6:$N$156,E$3,FALSE) -> Sim | F7: =SUM(G7:Q7) -> 7 | G7: 0 | H7: 0 | I7: 1 | J7: 0 | K7: 1 | L7: 1 | M7: 1 | N7: 1 | O7: 1 | P7: 1 | T7: 1 | U7: =SUM(V7:AF7) -> 9 | V7: 0 | W7: 1 | X7: 1 | Y7: 1 | Z7: 1 | AA7: 1 | AB7: 1 | AC7: 1 | AD7: 1 | AE7: 1
A8: ACHE | B8: =VLOOKUP($A8,db_emp!$A$6:$N$156,B$3,FALSE) -> ACHE | C8: =VLOOKUP($A8,db_emp!$A$6:$N$156,C$3,FALSE) -> Aché | D8: =VLOOKUP($A8,db_emp!$A$6:$N$156,D$3,FALSE) -> Sim | E8: =VLOOKUP($A8,db_emp!$A$6:$N$156,E$3,FALSE) -> Sim | F8: =SUM(G8:Q8) -> 8 | G8: 0 | H8: 0 | I8: 1 | J8: 1 | K8: 1 | L8: 1 | M8: 1 | N8: 1 | O8: 1 | P8: 1 | T8: 1 | U8: =SUM(V8:AF8) -> 10 | V8: 1 | W8: 1 | X8: 1 | Y8: 1 | Z8: 1 | AA8: 1 | AB8: 1 | AC8: 1 | AD8: 1 | AE8: 1
A9: ACSC | B9: =VLOOKUP($A9,db_emp!$A$6:$N$156,B$3,FALSE) -> ACSC | C9: =VLOOKUP($A9,db_emp!$A$6:$N$156,C$3,FALSE) -> Assoc. Congreg. Santa Catarina (Hospital Santa Catarina) | D9: =VLOOKUP($A9,db_emp!$A$6:$N$156,D$3,FALSE) -> Sim | E9: =VLOOKUP($A9,db_emp!$A$6:$N$156,E$3,FALSE) -> Sim | F9: =SUM(G9:Q9) -> 7 | G9: 0 | H9: 0 | I9: 0 | J9: 1 | K9: 1 | L9: 1 | M9: 1 | N9: 1 | O9: 1 | P9: 1 | T9: 1 | U9: =SUM(V9:AF9) -> 7 | V9: 0 | W9: 0 | X9: 0 | Y9: 1 | Z9: 1 | AA9: 1 | AB9: 1 | AC9: 1 | AD9: 1 | AE9: 1
A10: ALLI | B10: =VLOOKUP($A10,db_emp!$A$6:$N$156,B$3,FALSE) -> ALLI | C10: =VLOOKUP($A10,db_emp!$A$6:$N$156,C$3,FALSE) -> Alliança | D10: =VLOOKUP($A10,db_emp!$A$6:$N$156,D$3,FALSE) -> Sim | E10: =VLOOKUP($A10,db_emp!$A$6:$N$156,E$3,FALSE) -> Sim | F10: =SUM(G10:Q10) -> 10 | G10: 1 | H10: 1 | I10: 1 | J10: 1 | K10: 1 | L10: 1 | M10: 1 | N10: 1 | O10: 1 | P10: 1 | T10: 1 | U10: =SUM(V10:AF10) -> 10 | V10: 1 | W10: 1 | X10: 1 | Y10: 1 | Z10: 1 | AA10: 1 | AB10: 1 | AC10: 1 | AD10: 1 | AE10: 1
A11: AMIN | B11: =VLOOKUP($A11,db_emp!$A$6:$N$156,B$3,FALSE) -> AMIN | C11: =VLOOKUP($A11,db_emp!$A$6:$N$156,C$3,FALSE) -> Amil | D11: =VLOOKUP($A11,db_emp!$A$6:$N$156,D$3,FALSE) -> Sim | E11: =VLOOKUP($A11,db_emp!$A$6:$N$156,E$3,FALSE) -> Sim | F11: =SUM(G11:Q11) -> 9 | G11: 1 | H11: 1 | I11: 1 | J11: 0 | K11: 1 | L11: 1 | M11: 1 | N11: 1 | O11: 1 | P11: 1 | T11: 0 | U11: =SUM(V11:AF11) -> 0 | V11: 0 | W11: 0 | X11: 0 | Y11: 0 | Z11: 0 | AA11: 0 | AB11: 0 | AC11: 0 | AD11: 0 | AE11: 0
A12: APSE | B12: =VLOOKUP($A12,db_emp!$A$6:$N$156,B$3,FALSE) -> APSE | C12: =VLOOKUP($A12,db_emp!$A$6:$N$156,C$3,FALSE) -> Apsen | D12: =VLOOKUP($A12,db_emp!$A$6:$N$156,D$3,FALSE) -> Sim | E12: =VLOOKUP($A12,db_emp!$A$6:$N$156,E$3,FALSE) -> Sim | F12: =SUM(G12:Q12) -> 10 | G12: 1 | H12: 1 | I12: 1 | J12: 1 | K12: 1 | L12: 1 | M12: 1 | N12: 1 | O12: 1 | P12: 1 | T12: 0 | U12: =SUM(V12:AF12) -> 0 | V12: 0 | W12: 0 | X12: 0 | Y12: 0 | Z12: 0 | AA12: 0 | AB12: 0 | AC12: 0 | AD12: 0 | AE12: 0
A13: ARAU | B13: =VLOOKUP($A13,db_emp!$A$6:$N$156,B$3,FALSE) -> ARAU | C13: =VLOOKUP($A13,db_emp!$A$6:$N$156,C$3,FALSE) -> Araújo | D13: =VLOOKUP($A13,db_emp!$A$6:$N$156,D$3,FALSE) -> Sim | E13: =VLOOKUP($A13,db_emp!$A$6:$N$156,E$3,FALSE) -> Sim | F13: =SUM(G13:Q13) -> 6 | G13: 0 | H13: 1 | I13: 0 | J13: 1 | K13: 0 | L13: 0 | M13: 1 | N13: 1 | O13: 1 | P13: 1 | T13: 0 | U13: =SUM(V13:AF13) -> 0 | V13: 0 | W13: 0 | X13: 0 | Y13: 0 | Z13: 0 | AA13: 0 | AB13: 0 | AC13: 0 | AD13: 0 | AE13: 0
A14: ASSI | B14: =VLOOKUP($A14,db_emp!$A$6:$N$156,B$3,FALSE) -> ASSI | C14: =VLOOKUP($A14,db_emp!$A$6:$N$156,C$3,FALSE) -> Assim Saúde | D14: =VLOOKUP($A14,db_emp!$A$6:$N$156,D$3,FALSE) -> Sim | E14: =VLOOKUP($A14,db_emp!$A$6:$N$156,E$3,FALSE) -> Sim | F14: =SUM(G14:Q14) -> 7 | G14: 0 | H14: 0 | I14: 0 | J14: 1 | K14: 1 | L14: 1 | M14: 1 | N14: 1 | O14: 1 | P14: 1 | T14: 0 | U14: =SUM(V14:AF14) -> 0 | V14: 0 | W14: 0 | X14: 0 | Y14: 0 | Z14: 0 | AA14: 0 | AB14: 0 | AC14: 0 | AD14: 0 | AE14: 0
A15: ASZE | B15: =VLOOKUP($A15,db_emp!$A$6:$N$156,B$3,FALSE) -> ASZE | C15: =VLOOKUP($A15,db_emp!$A$6:$N$156,C$3,FALSE) -> AstraZeneca | D15: =VLOOKUP($A15,db_emp!$A$6:$N$156,D$3,FALSE) -> Sim | E15: =VLOOKUP($A15,db_emp!$A$6:$N$156,E$3,FALSE) -> Sim | F15: =SUM(G15:Q15) -> 6 | G15: 0 | H15: 0 | I15: 1 | J15: 1 | K15: 1 | L15: 1 | M15: 1 | N15: 1 | O15: 0 | P15: 0 | T15: 0 | U15: =SUM(V15:AF15) -> 0 | V15: 0 | W15: 0 | X15: 0 | Y15: 0 | Z15: 0 | AA15: 0 | AB15: 0 | AC15: 0 | AD15: 0 | AE15: 0
A16: ATHE | B16: =VLOOKUP($A16,db_emp!$A$6:$N$156,B$3,FALSE) -> ATHE | C16: =VLOOKUP($A16,db_emp!$A$6:$N$156,C$3,FALSE) -> Athena Saúde | D16: =VLOOKUP($A16,db_emp!$A$6:$N$156,D$3,FALSE) -> Sim | E16: =VLOOKUP($A16,db_emp!$A$6:$N$156,E$3,FALSE) -> Sim | F16: =SUM(G16:Q16) -> 4 | G16: 0 | H16: 0 | I16: 0 | J16: 0 | K16: 0 | L16: 0 | M16: 1 | N16: 1 | O16: 1 | P16: 1 | T16: 1 | U16: =SUM(V16:AF16) -> 4 | V16: 0 | W16: 0 | X16: 0 | Y16: 0 | Z16: 0 | AA16: 0 | AB16: 1 | AC16: 1 | AD16: 1 | AE16: 1
A17: BAYE | B17: =VLOOKUP($A17,db_emp!$A$6:$N$156,B$3,FALSE) -> BAYE | C17: =VLOOKUP($A17,db_emp!$A$6:$N$156,C$3,FALSE) -> Bayer Pharma | D17: =VLOOKUP($A17,db_emp!$A$6:$N$156,D$3,FALSE) -> Sim | E17: =VLOOKUP($A17,db_emp!$A$6:$N$156,E$3,FALSE) -> Sim | F17: =SUM(G17:Q17) -> 10 | G17: 1 | H17: 1 | I17: 1 | J17: 1 | K17: 1 | L17: 1 | M17: 1 | N17: 1 | O17: 1 | P17: 1 | T17: 0 | U17: =SUM(V17:AF17) -> 0 | V17: 0 | W17: 0 | X17: 0 | Y17: 0 | Z17: 0 | AA17: 0 | AB17: 0 | AC17: 0 | AD17: 0 | AE17: 0
A18: BBRA | B18: =VLOOKUP($A18,db_emp!$A$6:$N$156,B$3,FALSE) -> BBRA | C18: =VLOOKUP($A18,db_emp!$A$6:$N$156,C$3,FALSE) -> B. Braun | D18: =VLOOKUP($A18,db_emp!$A$6:$N$156,D$3,FALSE) -> Sim | E18: =VLOOKUP($A18,db_emp!$A$6:$N$156,E$3,FALSE) -> NÃO | F18: =SUM(G18:Q18) -> 0 | G18: - | H18: - | I18: - | J18: - | K18: - | L18: - | M18: - | N18: - | O18: - | P18: - | U18: =SUM(V18:AF18) -> 0 | V18: - | W18: - | X18: - | Y18: - | Z18: - | AA18: - | AB18: - | AC18: - | AD18: - | AE18: -
A19: BEPO | B19: =VLOOKUP($A19,db_emp!$A$6:$N$156,B$3,FALSE) -> BEPO | C19: =VLOOKUP($A19,db_emp!$A$6:$N$156,C$3,FALSE) -> BP - Beneficência Portuguesa de São Paulo | D19: =VLOOKUP($A19,db_emp!$A$6:$N$156,D$3,FALSE) -> Sim | E19: =VLOOKUP($A19,db_emp!$A$6:$N$156,E$3,FALSE) -> Sim | F19: =SUM(G19:Q19) -> 9 | G19: 0 | H19: 1 | I19: 1 | J19: 1 | K19: 1 | L19: 1 | M19: 1 | N19: 1 | O19: 1 | P19: 1 | T19: 0 | U19: =SUM(V19:AF19) -> 0 | V19: 0 | W19: 0 | X19: 0 | Y19: 0 | Z19: 0 | AA19: 0 | AB19: 0 | AC19: 0 | AD19: 0 | AE19: 0
A20: BIOL | B20: =VLOOKUP($A20,db_emp!$A$6:$N$156,B$3,FALSE) -> BIOL | C20: =VLOOKUP($A20,db_emp!$A$6:$N$156,C$3,FALSE) -> Biolab-Sanus Farma | D20: =VLOOKUP($A20,db_emp!$A$6:$N$156,D$3,FALSE) -> Sim | E20: =VLOOKUP($A20,db_emp!$A$6:$N$156,E$3,FALSE) -> NÃO | F20: =SUM(G20:Q20) -> 0 | G20: - | H20: - | I20: - | J20: - | K20: - | L20: - | M20: - | N20: - | O20: - | P20: - | U20: =SUM(V20:AF20) -> 0 | V20: - | W20: - | X20: - | Y20: - | Z20: - | AA20: - | AB20: - | AC20: - | AD20: - | AE20: -
A21: BLAU | B21: =VLOOKUP($A21,db_emp!$A$6:$N$156,B$3,FALSE) -> BLAU | C21: =VLOOKUP($A21,db_emp!$A$6:$N$156,C$3,FALSE) -> Blau | D21: =VLOOKUP($A21,db_emp!$A$6:$N$156,D$3,FALSE) -> Sim | E21: =VLOOKUP($A21,db_emp!$A$6:$N$156,E$3,FALSE) -> Sim | F21: =SUM(G21:Q21) -> 8 | G21: 0 | H21: 0 | I21: 1 | J21: 1 | K21: 1 | L21: 1 | M21: 1 | N21: 1 | O21: 1 | P21: 1 | T21: 1 | U21: =SUM(V21:AF21) -> 10 | V21: 1 | W21: 1 | X21: 1 | Y21: 1 | Z21: 1 | AA21: 1 | AB21: 1 | AC21: 1 | AD21: 1 | AE21: 1
A22: BOEH | B22: =VLOOKUP($A22,db_emp!$A$6:$N$156,B$3,FALSE) -> BOEH | C22: =VLOOKUP($A22,db_emp!$A$6:$N$156,C$3,FALSE) -> Boehringer Ingelhein | D22: =VLOOKUP($A22,db_emp!$A$6:$N$156,D$3,FALSE) -> Sim | E22: =VLOOKUP($A22,db_emp!$A$6:$N$156,E$3,FALSE) -> NÃO | F22: =SUM(G22:Q22) -> 0 | G22: - | H22: - | I22: - | J22: - | K22: - | L22: - | M22: - | N22: - | O22: - | P22: - | U22: =SUM(V22:AF22) -> 0 | V22: - | W22: - | X22: - | Y22: - | Z22: - | AA22: - | AB22: - | AC22: - | AD22: - | AE22: -
A23: BUTA | B23: =VLOOKUP($A23,db_emp!$A$6:$N$156,B$3,FALSE) -> BUTA | C23: =VLOOKUP($A23,db_emp!$A$6:$N$156,C$3,FALSE) -> Fundação Butantan | D23: =VLOOKUP($A23,db_emp!$A$6:$N$156,D$3,FALSE) -> Sim | E23: =VLOOKUP($A23,db_emp!$A$6:$N$156,E$3,FALSE) -> Sim | F23: =SUM(G23:Q23) -> 10 | G23: 1 | H23: 1 | I23: 1 | J23: 1 | K23: 1 | L23: 1 | M23: 1 | N23: 1 | O23: 1 | P23: 1 | T23: 0 | U23: =SUM(V23:AF23) -> 0 | V23: 0 | W23: 0 | X23: 0 | Y23: 0 | Z23: 0 | AA23: 0 | AB23: 0 | AC23: 0 | AD23: 0 | AE23: 0
A24: BRIS | B24: =VLOOKUP($A24,db_emp!$A$6:$N$156,B$3,FALSE) -> BRIS | C24: =VLOOKUP($A24,db_emp!$A$6:$N$156,C$3,FALSE) -> Bristol-Myers Squibb | D24: =VLOOKUP($A24,db_emp!$A$6:$N$156,D$3,FALSE) -> Sim | E24: =VLOOKUP($A24,db_emp!$A$6:$N$156,E$3,FALSE) -> Sim | F24: =SUM(G24:Q24) -> 8 | G24: 1 | H24: 1 | I24: 1 | J24: 1 | K24: 1 | L24: 1 | M24: 1 | N24: 0 | O24: 0 | P24: 1 | T24: 0 | U24: =SUM(V24:AF24) -> 0 | V24: 0 | W24: 0 | X24: 0 | Y24: 0 | Z24: 0 | AA24: 0 | AB24: 0 | AC24: 0 | AD24: 0 | AE24: 0
A25: EBSE | B25: =VLOOKUP($A25,db_emp!$A$6:$N$156,B$3,FALSE) -> EBSE | C25: =VLOOKUP($A25,db_emp!$A$6:$N$156,C$3,FALSE) -> EBSERH | D25: =VLOOKUP($A25,db_emp!$A$6:$N$156,D$3,FALSE) -> Sim | E25: =VLOOKUP($A25,db_emp!$A$6:$N$156,E$3,FALSE) -> Sim | F25: =SUM(G25:Q25) -> 10 | G25: 1 | H25: 1 | I25: 1 | J25: 1 | K25: 1 | L25: 1 | M25: 1 | N25: 1 | O25: 1 | P25: 1 | T25: 1 | U25: =SUM(V25:AF25) -> 10 | V25: 1 | W25: 1 | X25: 1 | Y25: 1 | Z25: 1 | AA25: 1 | AB25: 1 | AC25: 1 | AD25: 1 | AE25: 1
A26: GHCO | B26: =VLOOKUP($A26,db_emp!$A$6:$N$156,B$3,FALSE) -> GHCO | C26: =VLOOKUP($A26,db_emp!$A$6:$N$156,C$3,FALSE) -> GHC (Grupo Hospitalar Conceição) | D26: =VLOOKUP($A26,db_emp!$A$6:$N$156,D$3,FALSE) -> Sim | E26: =VLOOKUP($A26,db_emp!$A$6:$N$156,E$3,FALSE) -> Sim | F26: =SUM(G26:Q26) -> 9 | G26: 1 | H26: 1 | I26: 0 | J26: 1 | K26: 1 | L26: 1 | M26: 1 | N26: 1 | O26: 1 | P26: 1 | T26: 1 | U26: =SUM(V26:AF26) -> 8 | V26: 1 | W26: 1 | X26: 0 | Y26: 1 | Z26: 1 | AA26: 1 | AB26: 1 | AC26: 0 | AD26: 1 | AE26: 1
A27: BRSA | B27: =VLOOKUP($A27,db_emp!$A$6:$N$156,B$3,FALSE) -> BRSA | C27: =VLOOKUP($A27,db_emp!$A$6:$N$156,C$3,FALSE) -> Bradesco Saúde | D27: =VLOOKUP($A27,db_emp!$A$6:$N$156,D$3,FALSE) -> Sim | E27: =VLOOKUP($A27,db_emp!$A$6:$N$156,E$3,FALSE) -> Sim | F27: =SUM(G27:Q27) -> 10 | G27: 1 | H27: 1 | I27: 1 | J27: 1 | K27: 1 | L27: 1 | M27: 1 | N27: 1 | O27: 1 | P27: 1 | T27: 0 | U27: =SUM(V27:AF27) -> 0 | V27: 0 | W27: 0 | X27: 0 | Y27: 0 | Z27: 0 | AA27: 0 | AB27: 0 | AC27: 0 | AD27: 0 | AE27: 0
A28: ODON | B28: =VLOOKUP($A28,db_emp!$A$6:$N$156,B$3,FALSE) -> ODON | C28: =VLOOKUP($A28,db_emp!$A$6:$N$156,C$3,FALSE) -> Odontoprev | D28: =VLOOKUP($A28,db_emp!$A$6:$N$156,D$3,FALSE) -> Sim | E28: =VLOOKUP($A28,db_emp!$A$6:$N$156,E$3,FALSE) -> Sim | F28: =SUM(G28:Q28) -> 10 | G28: 1 | H28: 1 | I28: 1 | J28: 1 | K28: 1 | L28: 1 | M28: 1 | N28: 1 | O28: 1 | P28: 1 | T28: 1 | U28: =SUM(V28:AF28) -> 10 | V28: 1 | W28: 1 | X28: 1 | Y28: 1 | Z28: 1 | AA28: 1 | AB28: 1 | AC28: 1 | AD28: 1 | AE28: 1
A29: CARE | B29: =VLOOKUP($A29,db_emp!$A$6:$N$156,B$3,FALSE) -> CARE | C29: =VLOOKUP($A29,db_emp!$A$6:$N$156,C$3,FALSE) -> Care Plus | D29: =VLOOKUP($A29,db_emp!$A$6:$N$156,D$3,FALSE) -> Sim | E29: =VLOOKUP($A29,db_emp!$A$6:$N$156,E$3,FALSE) -> Sim | F29: =SUM(G29:Q29) -> 10 | G29: 1 | H29: 1 | I29: 1 | J29: 1 | K29: 1 | L29: 1 | M29: 1 | N29: 1 | O29: 1 | P29: 1 | T29: 0 | U29: =SUM(V29:AF29) -> 0 | V29: 0 | W29: 0 | X29: 0 | Y29: 0 | Z29: 0 | AA29: 0 | AB29: 0 | AC29: 0 | AD29: 0 | AE29: 0
A30: CASS | B30: =VLOOKUP($A30,db_emp!$A$6:$N$156,B$3,FALSE) -> CASS | C30: =VLOOKUP($A30,db_emp!$A$6:$N$156,C$3,FALSE) -> CASSI | D30: =VLOOKUP($A30,db_emp!$A$6:$N$156,D$3,FALSE) -> Sim | E30: =VLOOKUP($A30,db_emp!$A$6:$N$156,E$3,FALSE) -> Sim | F30: =SUM(G30:Q30) -> 10 | G30: 1 | H30: 1 | I30: 1 | J30: 1 | K30: 1 | L30: 1 | M30: 1 | N30: 1 | O30: 1 | P30: 1 | T30: 1 | U30: =SUM(V30:AF30) -> 10 | V30: 1 | W30: 1 | X30: 1 | Y30: 1 | Z30: 1 | AA30: 1 | AB30: 1 | AC30: 1 | AD30: 1 | AE30: 1
A31: CEJA | B31: =VLOOKUP($A31,db_emp!$A$6:$N$156,B$3,FALSE) -> CEJA | C31: =VLOOKUP($A31,db_emp!$A$6:$N$156,C$3,FALSE) -> CEJAM | D31: =VLOOKUP($A31,db_emp!$A$6:$N$156,D$3,FALSE) -> Sim | E31: =VLOOKUP($A31,db_emp!$A$6:$N$156,E$3,FALSE) -> Sim | F31: =SUM(G31:Q31) -> 10 | G31: 1 | H31: 1 | I31: 1 | J31: 1 | K31: 1 | L31: 1 | M31: 1 | N31: 1 | O31: 1 | P31: 1 | T31: 0 | U31: =SUM(V31:AF31) -> 0 | V31: 0 | W31: 0 | X31: 0 | Y31: 0 | Z31: 0 | AA31: 0 | AB31: 0 | AC31: 0 | AD31: 0 | AE31: 0
A32: CIME | B32: =VLOOKUP($A32,db_emp!$A$6:$N$156,B$3,FALSE) -> CIME | C32: =VLOOKUP($A32,db_emp!$A$6:$N$156,C$3,FALSE) -> Grupo Cimed | D32: =VLOOKUP($A32,db_emp!$A$6:$N$156,D$3,FALSE) -> Sim | E32: =VLOOKUP($A32,db_emp!$A$6:$N$156,E$3,FALSE) -> Sim | F32: =SUM(G32:Q32) -> 6 | G32: 0 | H32: 0 | I32: 0 | J32: 0 | K32: 1 | L32: 1 | M32: 1 | N32: 1 | O32: 1 | P32: 1 | T32: 0 | U32: =SUM(V32:AF32) -> 0 | V32: 0 | W32: 0 | X32: 0 | Y32: 0 | Z32: 0 | AA32: 0 | AB32: 0 | AC32: 0 | AD32: 0 | AE32: 0
A33: CLAM | B33: =VLOOKUP($A33,db_emp!$A$6:$N$156,B$3,FALSE) -> CLAM | C33: =VLOOKUP($A33,db_emp!$A$6:$N$156,C$3,FALSE) -> Clamed | D33: =VLOOKUP($A33,db_emp!$A$6:$N$156,D$3,FALSE) -> Sim | E33: =VLOOKUP($A33,db_emp!$A$6:$N$156,E$3,FALSE) -> Sim | F33: =SUM(G33:Q33) -> 9 | G33: 1 | H33: 1 | I33: 1 | J33: 1 | K33: 1 | L33: 1 | M33: 1 | N33: 1 | O33: 1 | P33: 0 | T33: 0 | U33: =SUM(V33:AF33) -> 0 | V33: 0 | W33: 0 | X33: 0 | Y33: 0 | Z33: 0 | AA33: 0 | AB33: 0 | AC33: 0 | AD33: 0 | AE33: 0
A34: COND | B34: =VLOOKUP($A34,db_emp!$A$6:$N$156,B$3,FALSE) -> COND | C34: =VLOOKUP($A34,db_emp!$A$6:$N$156,C$3,FALSE) -> Farma Conde | D34: =VLOOKUP($A34,db_emp!$A$6:$N$156,D$3,FALSE) -> Sim | E34: =VLOOKUP($A34,db_emp!$A$6:$N$156,E$3,FALSE) -> NÃO | F34: =SUM(G34:Q34) -> 0 | G34: - | H34: - | I34: - | J34: - | K34: - | L34: - | M34: - | N34: - | O34: - | P34: - | U34: =SUM(V34:AF34) -> 0 | V34: - | W34: - | X34: - | Y34: - | Z34: - | AA34: - | AB34: - | AC34: - | AD34: - | AE34: -
A35: DASA | B35: =VLOOKUP($A35,db_emp!$A$6:$N$156,B$3,FALSE) -> DASA | C35: =VLOOKUP($A35,db_emp!$A$6:$N$156,C$3,FALSE) -> DASA | D35: =VLOOKUP($A35,db_emp!$A$6:$N$156,D$3,FALSE) -> Sim | E35: =VLOOKUP($A35,db_emp!$A$6:$N$156,E$3,FALSE) -> Sim | F35: =SUM(G35:Q35) -> 10 | G35: 1 | H35: 1 | I35: 1 | J35: 1 | K35: 1 | L35: 1 | M35: 1 | N35: 1 | O35: 1 | P35: 1 | T35: 1 | U35: =SUM(V35:AF35) -> 10 | V35: 1 | W35: 1 | X35: 1 | Y35: 1 | Z35: 1 | AA35: 1 | AB35: 1 | AC35: 1 | AD35: 1 | AE35: 1
A36: IMPA | B36: =VLOOKUP($A36,db_emp!$A$6:$N$156,B$3,FALSE) -> IMPA | C36: =VLOOKUP($A36,db_emp!$A$6:$N$156,C$3,FALSE) -> Rede Ímpar | D36: =VLOOKUP($A36,db_emp!$A$6:$N$156,D$3,FALSE) -> Sim | E36: =VLOOKUP($A36,db_emp!$A$6:$N$156,E$3,FALSE) -> Sim | F36: =SUM(G36:Q36) -> 7 | G36: 0 | H36: 1 | I36: 1 | J36: 1 | K36: 1 | L36: 1 | M36: 1 | N36: 1 | O36: 0 | P36: 0 | T36: 0 | U36: =SUM(V36:AF36) -> 0 | V36: 0 | W36: 0 | X36: 0 | Y36: 0 | Z36: 0 | AA36: 0 | AB36: 0 | AC36: 0 | AD36: 0 | AE36: 0
A37: DIME | B37: =VLOOKUP($A37,db_emp!$A$6:$N$156,B$3,FALSE) -> DIME | C37: =VLOOKUP($A37,db_emp!$A$6:$N$156,C$3,FALSE) -> DIMED/Grupo Panvel | D37: =VLOOKUP($A37,db_emp!$A$6:$N$156,D$3,FALSE) -> Sim | E37: =VLOOKUP($A37,db_emp!$A$6:$N$156,E$3,FALSE) -> Sim | F37: =SUM(G37:Q37) -> 10 | G37: 1 | H37: 1 | I37: 1 | J37: 1 | K37: 1 | L37: 1 | M37: 1 | N37: 1 | O37: 1 | P37: 1 | T37: 1 | U37: =SUM(V37:AF37) -> 10 | V37: 1 | W37: 1 | X37: 1 | Y37: 1 | Z37: 1 | AA37: 1 | AB37: 1 | AC37: 1 | AD37: 1 | AE37: 1
A38: DPSP | B38: =VLOOKUP($A38,db_emp!$A$6:$N$156,B$3,FALSE) -> DPSP | C38: =VLOOKUP($A38,db_emp!$A$6:$N$156,C$3,FALSE) -> Grupo DPSP | D38: =VLOOKUP($A38,db_emp!$A$6:$N$156,D$3,FALSE) -> Sim | E38: =VLOOKUP($A38,db_emp!$A$6:$N$156,E$3,FALSE) -> Sim | F38: =SUM(G38:Q38) -> 10 | G38: 1 | H38: 1 | I38: 1 | J38: 1 | K38: 1 | L38: 1 | M38: 1 | N38: 1 | O38: 1 | P38: 1 | T38: 1 | U38: =SUM(V38:AF38) -> 3 | V38: 0 | W38: 0 | X38: 0 | Y38: 0 | Z38: 0 | AA38: 0 | AB38: 0 | AC38: 1 | AD38: 1 | AE38: 1
A39: DROG | B39: =VLOOKUP($A39,db_emp!$A$6:$N$156,B$3,FALSE) -> DROG | C39: =VLOOKUP($A39,db_emp!$A$6:$N$156,C$3,FALSE) -> Drogal | D39: =VLOOKUP($A39,db_emp!$A$6:$N$156,D$3,FALSE) -> Sim | E39: =VLOOKUP($A39,db_emp!$A$6:$N$156,E$3,FALSE) -> NÃO | F39: =SUM(G39:Q39) -> 0 | G39: - | H39: - | I39: - | J39: - | K39: - | L39: - | M39: - | N39: - | O39: - | P39: - | U39: =SUM(V39:AF39) -> 0 | V39: - | W39: - | X39: - | Y39: - | Z39: - | AA39: - | AB39: - | AC39: - | AD39: - | AE39: -
A40: EINS | B40: =VLOOKUP($A40,db_emp!$A$6:$N$156,B$3,FALSE) -> EINS | C40: =VLOOKUP($A40,db_emp!$A$6:$N$156,C$3,FALSE) -> Hospital Albert Einstein | D40: =VLOOKUP($A40,db_emp!$A$6:$N$156,D$3,FALSE) -> Sim | E40: =VLOOKUP($A40,db_emp!$A$6:$N$156,E$3,FALSE) -> Sim | F40: =SUM(G40:Q40) -> 10 | G40: 1 | H40: 1 | I40: 1 | J40: 1 | K40: 1 | L40: 1 | M40: 1 | N40: 1 | O40: 1 | P40: 1 | T40: 0 | U40: =SUM(V40:AF40) -> 0 | V40: 0 | W40: 0 | X40: 0 | Y40: 0 | Z40: 0 | AA40: 0 | AB40: 0 | AC40: 0 | AD40: 0 | AE40: 0
A41: ELFA | B41: =VLOOKUP($A41,db_emp!$A$6:$N$156,B$3,FALSE) -> ELFA | C41: =VLOOKUP($A41,db_emp!$A$6:$N$156,C$3,FALSE) -> Elfa Medicamentos | D41: =VLOOKUP($A41,db_emp!$A$6:$N$156,D$3,FALSE) -> Sim | E41: =VLOOKUP($A41,db_emp!$A$6:$N$156,E$3,FALSE) -> Sim | F41: =SUM(G41:Q41) -> 7 | G41: 0 | H41: 0 | I41: 0 | J41: 1 | K41: 1 | L41: 1 | M41: 1 | N41: 1 | O41: 1 | P41: 1 | T41: 1 | U41: =SUM(V41:AF41) -> 8 | V41: 0 | W41: 0 | X41: 1 | Y41: 1 | Z41: 1 | AA41: 1 | AB41: 1 | AC41: 1 | AD41: 1 | AE41: 1
A42: EMSA | B42: =VLOOKUP($A42,db_emp!$A$6:$N$156,B$3,FALSE) -> EMSA | C42: =VLOOKUP($A42,db_emp!$A$6:$N$156,C$3,FALSE) -> EMS | D42: =VLOOKUP($A42,db_emp!$A$6:$N$156,D$3,FALSE) -> Sim | E42: =VLOOKUP($A42,db_emp!$A$6:$N$156,E$3,FALSE) -> Sim | F42: =SUM(G42:Q42) -> 6 | G42: 0 | H42: 0 | I42: 0 | J42: 0 | K42: 1 | L42: 1 | M42: 1 | N42: 1 | O42: 1 | P42: 1 | T42: 0 | U42: =SUM(V42:AF42) -> 0 | V42: 0 | W42: 0 | X42: 0 | Y42: 0 | Z42: 0 | AA42: 0 | AB42: 0 | AC42: 0 | AD42: 0 | AE42: 0 | AG42: AMC adição 2023 jan/24
A43: EURO | B43: =VLOOKUP($A43,db_emp!$A$6:$N$156,B$3,FALSE) -> EURO | C43: =VLOOKUP($A43,db_emp!$A$6:$N$156,C$3,FALSE) -> Eurofarma | D43: =VLOOKUP($A43,db_emp!$A$6:$N$156,D$3,FALSE) -> Sim | E43: =VLOOKUP($A43,db_emp!$A$6:$N$156,E$3,FALSE) -> Sim | F43: =SUM(G43:Q43) -> 8 | G43: 1 | H43: 1 | I43: 0 | J43: 0 | K43: 1 | L43: 1 | M43: 1 | N43: 1 | O43: 1 | P43: 1 | T43: 1 | U43: =SUM(V43:AF43) -> 6 | V43: 0 | W43: 0 | X43: 0 | Y43: 0 | Z43: 1 | AA43: 1 | AB43: 1 | AC43: 1 | AD43: 1 | AE43: 1 | AG43: DVA- Método indireto em 2019
A44: FABC | B44: =VLOOKUP($A44,db_emp!$A$6:$N$156,B$3,FALSE) -> FABC | C44: =VLOOKUP($A44,db_emp!$A$6:$N$156,C$3,FALSE) -> Fundação do ABC | D44: =VLOOKUP($A44,db_emp!$A$6:$N$156,D$3,FALSE) -> Sim | E44: =VLOOKUP($A44,db_emp!$A$6:$N$156,E$3,FALSE) -> Sim | F44: =SUM(G44:Q44) -> 10 | G44: 1 | H44: 1 | I44: 1 | J44: 1 | K44: 1 | L44: 1 | M44: 1 | N44: 1 | O44: 1 | P44: 1 | T44: 0 | U44: =SUM(V44:AF44) -> 0 | V44: 0 | W44: 0 | X44: 0 | Y44: 0 | Z44: 0 | AA44: 0 | AB44: 0 | AC44: 0 | AD44: 0 | AE44: 0
A45: FASS | B45: =VLOOKUP($A45,db_emp!$A$6:$N$156,B$3,FALSE) -> FASS | C45: =VLOOKUP($A45,db_emp!$A$6:$N$156,C$3,FALSE) -> Farmácias Associadas | D45: =VLOOKUP($A45,db_emp!$A$6:$N$156,D$3,FALSE) -> Sim | E45: =VLOOKUP($A45,db_emp!$A$6:$N$156,E$3,FALSE) -> NÃO | F45: =SUM(G45:Q45) -> 0 | G45: - | H45: - | I45: - | J45: - | K45: - | L45: - | M45: - | N45: - | O45: - | P45: - | U45: =SUM(V45:AF45) -> 0 | V45: - | W45: - | X45: - | Y45: - | Z45: - | AA45: - | AB45: - | AC45: - | AD45: - | AE45: -
A46: FFME | B46: =VLOOKUP($A46,db_emp!$A$6:$N$156,B$3,FALSE) -> FFME | C46: =VLOOKUP($A46,db_emp!$A$6:$N$156,C$3,FALSE) -> FFM USP | D46: =VLOOKUP($A46,db_emp!$A$6:$N$156,D$3,FALSE) -> Sim | E46: =VLOOKUP($A46,db_emp!$A$6:$N$156,E$3,FALSE) -> Sim | F46: =SUM(G46:Q46) -> 10 | G46: 1 | H46: 1 | I46: 1 | J46: 1 | K46: 1 | L46: 1 | M46: 1 | N46: 1 | O46: 1 | P46: 1 | T46: 0 | U46: =SUM(V46:AF46) -> 0 | V46: 0 | W46: 0 | X46: 0 | Y46: 0 | Z46: 0 | AA46: 0 | AB46: 0 | AC46: 0 | AD46: 0 | AE46: 0
A47: FLEU | B47: =VLOOKUP($A47,db_emp!$A$6:$N$156,B$3,FALSE) -> FLEU | C47: =VLOOKUP($A47,db_emp!$A$6:$N$156,C$3,FALSE) -> Fleury | D47: =VLOOKUP($A47,db_emp!$A$6:$N$156,D$3,FALSE) -> Sim | E47: =VLOOKUP($A47,db_emp!$A$6:$N$156,E$3,FALSE) -> Sim | F47: =SUM(G47:Q47) -> 10 | G47: 1 | H47: 1 | I47: 1 | J47: 1 | K47: 1 | L47: 1 | M47: 1 | N47: 1 | O47: 1 | P47: 1 | T47: 1 | U47: =SUM(V47:AF47) -> 8 | V47: 1 | W47: 1 | X47: 1 | Y47: 1 | Z47: 1 | AA47: 1 | AB47: 1 | AC47: 0 | AD47: 0 | AE47: 1
A48: HEPA | B48: =VLOOKUP($A48,db_emp!$A$6:$N$156,B$3,FALSE) -> HEPA | C48: =VLOOKUP($A48,db_emp!$A$6:$N$156,C$3,FALSE) -> Hermes Pardini | D48: =VLOOKUP($A48,db_emp!$A$6:$N$156,D$3,FALSE) -> Sim | E48: =VLOOKUP($A48,db_emp!$A$6:$N$156,E$3,FALSE) -> Sim | F48: =SUM(G48:Q48) -> 9 | G48: 1 | H48: 1 | I48: 1 | J48: 1 | K48: 1 | L48: 1 | M48: 1 | N48: 1 | O48: 1 | P48: 0 | T48: 1 | U48: =SUM(V48:AF48) -> 9 | V48: 1 | W48: 1 | X48: 1 | Y48: 1 | Z48: 1 | AA48: 1 | AB48: 1 | AC48: 1 | AD48: 1 | AE48: 0
A49: FQMM | B49: =VLOOKUP($A49,db_emp!$A$6:$N$156,B$3,FALSE) -> FQMM | C49: =VLOOKUP($A49,db_emp!$A$6:$N$156,C$3,FALSE) -> FQM | D49: =VLOOKUP($A49,db_emp!$A$6:$N$156,D$3,FALSE) -> Sim | E49: =VLOOKUP($A49,db_emp!$A$6:$N$156,E$3,FALSE) -> NÃO | F49: =SUM(G49:Q49) -> 0 | G49: - | H49: - | I49: - | J49: - | K49: - | L49: - | M49: - | N49: - | O49: - | P49: - | U49: =SUM(V49:AF49) -> 0 | V49: - | W49: - | X49: - | Y49: - | Z49: - | AA49: - | AB49: - | AC49: - | AD49: - | AE49: -
A50: GEAP | B50: =VLOOKUP($A50,db_emp!$A$6:$N$156,B$3,FALSE) -> GEAP | C50: =VLOOKUP($A50,db_emp!$A$6:$N$156,C$3,FALSE) -> GEAP | D50: =VLOOKUP($A50,db_emp!$A$6:$N$156,D$3,FALSE) -> Sim | E50: =VLOOKUP($A50,db_emp!$A$6:$N$156,E$3,FALSE) -> Sim | F50: =SUM(G50:Q50) -> 10 | G50: 1 | H50: 1 | I50: 1 | J50: 1 | K50: 1 | L50: 1 | M50: 1 | N50: 1 | O50: 1 | P50: 1 | T50: 1 | U50: =SUM(V50:AF50) -> 8 | V50: 1 | W50: 1 | X50: 0 | Y50: 0 | Z50: 1 | AA50: 1 | AB50: 1 | AC50: 1 | AD50: 1 | AE50: 1
A51: GOLD | B51: =VLOOKUP($A51,db_emp!$A$6:$N$156,B$3,FALSE) -> GOLD | C51: =VLOOKUP($A51,db_emp!$A$6:$N$156,C$3,FALSE) -> Golden Cross/Vision Med | D51: =VLOOKUP($A51,db_emp!$A$6:$N$156,D$3,FALSE) -> Sim | E51: =VLOOKUP($A51,db_emp!$A$6:$N$156,E$3,FALSE) -> Sim | F51: =SUM(G51:Q51) -> 6 | G51: 0 | H51: 0 | I51: 0 | J51: 0 | K51: 1 | L51: 1 | M51: 1 | N51: 1 | O51: 1 | P51: 1 | T51: 0 | U51: =SUM(V51:AF51) -> 0 | V51: 0 | W51: 0 | X51: 0 | Y51: 0 | Z51: 0 | AA51: 0 | AB51: 0 | AC51: 0 | AD51: 0 | AE51: 0
A52: GSKF | B52: =VLOOKUP($A52,db_emp!$A$6:$N$156,B$3,FALSE) -> GSKF | C52: =VLOOKUP($A52,db_emp!$A$6:$N$156,C$3,FALSE) -> GSK Farma | D52: =VLOOKUP($A52,db_emp!$A$6:$N$156,D$3,FALSE) -> Sim | E52: =VLOOKUP($A52,db_emp!$A$6:$N$156,E$3,FALSE) -> Sim | F52: =SUM(G52:Q52) -> 5 | G52: 0 | H52: 0 | I52: 0 | J52: 0 | K52: 0 | L52: 1 | M52: 1 | N52: 1 | O52: 1 | P52: 1 | T52: 0 | U52: =SUM(V52:AF52) -> 0 | V52: 0 | W52: 0 | X52: 0 | Y52: 0 | Z52: 0 | AA52: 0 | AB52: 0 | AC52: 0 | AD52: 0 | AE52: 0
A53: HAOC | B53: =VLOOKUP($A53,db_emp!$A$6:$N$156,B$3,FALSE) -> HAOC | C53: =VLOOKUP($A53,db_emp!$A$6:$N$156,C$3,FALSE) -> Hospital Alemão Oswaldo Cruz | D53: =VLOOKUP($A53,db_emp!$A$6:$N$156,D$3,FALSE) -> Sim | E53: =VLOOKUP($A53,db_emp!$A$6:$N$156,E$3,FALSE) -> Sim | F53: =SUM(G53:Q53) -> 7 | G53: 0 | H53: 0 | I53: 1 | J53: 0 | K53: 1 | L53: 1 | M53: 1 | N53: 1 | O53: 1 | P53: 1 | T53: 0 | U53: =SUM(V53:AF53) -> 0 | V53: 0 | W53: 0 | X53: 0 | Y53: 0 | Z53: 0 | AA53: 0 | AB53: 0 | AC53: 0 | AD53: 0 | AE53: 0
A54: GNDP | B54: =VLOOKUP($A54,db_emp!$A$6:$N$156,B$3,FALSE) -> GNDP | C54: =VLOOKUP($A54,db_emp!$A$6:$N$156,C$3,FALSE) -> Notre Dame Participações S.A. | D54: =VLOOKUP($A54,db_emp!$A$6:$N$156,D$3,FALSE) -> Sim | E54: =VLOOKUP($A54,db_emp!$A$6:$N$156,E$3,FALSE) -> Sim | F54: =SUM(G54:Q54) -> 5 | G54: 0 | H54: 1 | I54: 0 | J54: 1 | K54: 1 | L54: 1 | M54: 1 | N54: 0 | O54: 0 | P54: 0 | T54: 1 | U54: =SUM(V54:AF54) -> 5 | V54: 0 | W54: 1 | X54: 0 | Y54: 1 | Z54: 1 | AA54: 1 | AB54: 1 | AC54: 0 | AD54: 0 | AE54: 0
A55: HAPV | B55: =VLOOKUP($A55,db_emp!$A$6:$N$156,B$3,FALSE) -> HAPV | C55: =VLOOKUP($A55,db_emp!$A$6:$N$156,C$3,FALSE) -> Hapvida | D55: =VLOOKUP($A55,db_emp!$A$6:$N$156,D$3,FALSE) -> Sim | E55: =VLOOKUP($A55,db_emp!$A$6:$N$156,E$3,FALSE) -> Sim | F55: =SUM(G55:Q55) -> 10 | G55: 1 | H55: 1 | I55: 1 | J55: 1 | K55: 1 | L55: 1 | M55: 1 | N55: 1 | O55: 1 | P55: 1 | T55: 1 | U55: =SUM(V55:AF55) -> 6 | V55: 0 | W55: 0 | X55: 0 | Y55: 0 | Z55: 1 | AA55: 1 | AB55: 1 | AC55: 1 | AD55: 1 | AE55: 1
A56: HCOR | B56: =VLOOKUP($A56,db_emp!$A$6:$N$156,B$3,FALSE) -> HCOR | C56: =VLOOKUP($A56,db_emp!$A$6:$N$156,C$3,FALSE) -> HCOR | D56: =VLOOKUP($A56,db_emp!$A$6:$N$156,D$3,FALSE) -> Sim | E56: =VLOOKUP($A56,db_emp!$A$6:$N$156,E$3,FALSE) -> Sim | F56: =SUM(G56:Q56) -> 4 | G56: 0 | H56: 0 | I56: 0 | J56: 0 | K56: 0 | L56: 0 | M56: 1 | N56: 1 | O56: 1 | P56: 1 | T56: 0 | U56: =SUM(V56:AF56) -> 0 | V56: 0 | W56: 0 | X56: 0 | Y56: 0 | Z56: 0 | AA56: 0 | AB56: 0 | AC56: 0 | AD56: 0 | AE56: 0
A57: HEBR | B57: HEBR | C57: =VLOOKUP($A57,db_emp!$A$6:$N$156,C$3,FALSE) -> Hemobrás | D57: =VLOOKUP($A57,db_emp!$A$6:$N$156,D$3,FALSE) -> Sim | E57: =VLOOKUP($A57,db_emp!$A$6:$N$156,E$3,FALSE) -> Sim | F57: =SUM(G57:Q57) -> 10 | G57: 1 | H57: 1 | I57: 1 | J57: 1 | K57: 1 | L57: 1 | M57: 1 | N57: 1 | O57: 1 | P57: 1 | T57: 1 | U57: =SUM(V57:AF57) -> 6 | V57: 0 | W57: 0 | X57: 0 | Y57: 0 | Z57: 1 | AA57: 1 | AB57: 1 | AC57: 1 | AD57: 1 | AE57: 1
A58: HOCA | B58: =VLOOKUP($A58,db_emp!$A$6:$N$156,B$3,FALSE) -> HOCA | C58: =VLOOKUP($A58,db_emp!$A$6:$N$156,C$3,FALSE) -> Hospital Care | D58: =VLOOKUP($A58,db_emp!$A$6:$N$156,D$3,FALSE) -> Sim | E58: =VLOOKUP($A58,db_emp!$A$6:$N$156,E$3,FALSE) -> Sim | F58: =SUM(G58:Q58) -> 7 | G58: 0 | H58: 0 | I58: 0 | J58: 1 | K58: 1 | L58: 1 | M58: 1 | N58: 1 | O58: 1 | P58: 1 | T58: 1 | U58: =SUM(V58:AF58) -> 6 | V58: 0 | W58: 0 | X58: 0 | Y58: 1 | Z58: 1 | AA58: 0 | AB58: 1 | AC58: 1 | AD58: 1 | AE58: 1
A59: HYPE | B59: =VLOOKUP($A59,db_emp!$A$6:$N$156,B$3,FALSE) -> HYPE | C59: =VLOOKUP($A59,db_emp!$A$6:$N$156,C$3,FALSE) -> Hypera Pharma | D59: =VLOOKUP($A59,db_emp!$A$6:$N$156,D$3,FALSE) -> Sim | E59: =VLOOKUP($A59,db_emp!$A$6:$N$156,E$3,FALSE) -> Sim | F59: =SUM(G59:Q59) -> 10 | G59: 1 | H59: 1 | I59: 1 | J59: 1 | K59: 1 | L59: 1 | M59: 1 | N59: 1 | O59: 1 | P59: 1 | T59: 0 | U59: =SUM(V59:AF59) -> 0 | V59: 0 | W59: 0 | X59: 0 | Y59: 0 | Z59: 0 | AA59: 0 | AB59: 0 | AC59: 0 | AD59: 0 | AE59: 0
A60: INDI | B60: =VLOOKUP($A60,db_emp!$A$6:$N$156,B$3,FALSE) -> INDI | C60: =VLOOKUP($A60,db_emp!$A$6:$N$156,C$3,FALSE) -> Farmácia Indiana | D60: =VLOOKUP($A60,db_emp!$A$6:$N$156,D$3,FALSE) -> Sim | E60: =VLOOKUP($A60,db_emp!$A$6:$N$156,E$3,FALSE) -> NÃO | F60: =SUM(G60:Q60) -> 0 | G60: - | H60: - | I60: - | J60: - | K60: - | L60: - | M60: - | N60: - | O60: - | P60: - | U60: =SUM(V60:AF60) -> 0 | V60: - | W60: - | X60: - | Y60: - | Z60: - | AA60: - | AB60: - | AC60: - | AD60: - | AE60: -
A61: KORA | B61: =VLOOKUP($A61,db_emp!$A$6:$N$156,B$3,FALSE) -> KORA | C61: =VLOOKUP($A61,db_emp!$A$6:$N$156,C$3,FALSE) -> Kora Saúde | D61: =VLOOKUP($A61,db_emp!$A$6:$N$156,D$3,FALSE) -> Sim | E61: =VLOOKUP($A61,db_emp!$A$6:$N$156,E$3,FALSE) -> Sim | F61: =SUM(G61:Q61) -> 7 | G61: 0 | H61: 0 | I61: 0 | J61: 1 | K61: 1 | L61: 1 | M61: 1 | N61: 1 | O61: 1 | P61: 1 | T61: 1 | U61: =SUM(V61:AF61) -> 4 | V61: 0 | W61: 0 | X61: 0 | Y61: 1 | Z61: 0 | AA61: 0 | AB61: 1 | AC61: 1 | AD61: 1 | AE61: 0
A62: LIBB | B62: =VLOOKUP($A62,db_emp!$A$6:$N$156,B$3,FALSE) -> LIBB | C62: =VLOOKUP($A62,db_emp!$A$6:$N$156,C$3,FALSE) -> Libbs | D62: =VLOOKUP($A62,db_emp!$A$6:$N$156,D$3,FALSE) -> Sim | E62: =VLOOKUP($A62,db_emp!$A$6:$N$156,E$3,FALSE) -> Sim | F62: =SUM(G62:Q62) -> 4 | G62: 0 | H62: 0 | I62: 0 | J62: 0 | K62: 0 | L62: 0 | M62: 1 | N62: 1 | O62: 1 | P62: 1 | T62: 0 | U62: =SUM(V62:AF62) -> 0 | V62: 0 | W62: 0 | X62: 0 | Y62: 0 | Z62: 0 | AA62: 0 | AB62: 0 | AC62: 0 | AD62: 0 | AE62: 0
A63: MDEI | B63: =VLOOKUP($A63,db_emp!$A$6:$N$156,B$3,FALSE) -> MDEI | C63: =VLOOKUP($A63,db_emp!$A$6:$N$156,C$3,FALSE) -> Mater Dei | D63: =VLOOKUP($A63,db_emp!$A$6:$N$156,D$3,FALSE) -> Sim | E63: =VLOOKUP($A63,db_emp!$A$6:$N$156,E$3,FALSE) -> Sim | F63: =SUM(G63:Q63) -> 10 | G63: 1 | H63: 1 | I63: 1 | J63: 1 | K63: 1 | L63: 1 | M63: 1 | N63: 1 | O63: 1 | P63: 1 | T63: 1 | U63: =SUM(V63:AF63) -> 6 | V63: 0 | W63: 0 | X63: 0 | Y63: 0 | Z63: 1 | AA63: 1 | AB63: 1 | AC63: 1 | AD63: 1 | AE63: 1
A64: MERC | B64: =VLOOKUP($A64,db_emp!$A$6:$N$156,B$3,FALSE) -> MERC | C64: =VLOOKUP($A64,db_emp!$A$6:$N$156,C$3,FALSE) -> Merck S.A. | D64: =VLOOKUP($A64,db_emp!$A$6:$N$156,D$3,FALSE) -> Sim | E64: =VLOOKUP($A64,db_emp!$A$6:$N$156,E$3,FALSE) -> Sim | F64: =SUM(G64:Q64) -> 3 | G64: 0 | H64: 0 | I64: 0 | J64: 0 | K64: 0 | L64: 0 | M64: 0 | N64: 1 | O64: 1 | P64: 1 | T64: 0 | U64: =SUM(V64:AF64) -> 0 | V64: 0 | W64: 0 | X64: 0 | Y64: 0 | Z64: 0 | AA64: 0 | AB64: 0 | AC64: 0 | AD64: 0 | AE64: 0
A65: MOVE | B65: =VLOOKUP($A65,db_emp!$A$6:$N$156,B$3,FALSE) -> MOVE | C65: =VLOOKUP($A65,db_emp!$A$6:$N$156,C$3,FALSE) -> Hospital Moinhos de Vento | D65: =VLOOKUP($A65,db_emp!$A$6:$N$156,D$3,FALSE) -> Sim | E65: =VLOOKUP($A65,db_emp!$A$6:$N$156,E$3,FALSE) -> Sim | F65: =SUM(G65:Q65) -> 2 | G65: 0 | H65: 0 | I65: 0 | J65: 0 | K65: 0 | L65: 0 | M65: 0 | N65: 0 | O65: 1 | P65: 1 | T65: 0 | U65: =SUM(V65:AF65) -> 0 | V65: 0 | W65: 0 | X65: 0 | Y65: 0 | Z65: 0 | AA65: 0 | AB65: 0 | AC65: 0 | AD65: 0 | AE65: 0
A66: NEST | B66: =VLOOKUP($A66,db_emp!$A$6:$N$156,B$3,FALSE) -> NEST | C66: =VLOOKUP($A66,db_emp!$A$6:$N$156,C$3,FALSE) -> Nestle | D66: =VLOOKUP($A66,db_emp!$A$6:$N$156,D$3,FALSE) -> Sim | E66: =VLOOKUP($A66,db_emp!$A$6:$N$156,E$3,FALSE) -> NÃO | F66: =SUM(G66:Q66) -> 0 | G66: - | H66: - | I66: - | J66: - | K66: - | L66: - | M66: - | N66: - | O66: - | P66: - | U66: =SUM(V66:AF66) -> 0 | V66: - | W66: - | X66: - | Y66: - | Z66: - | AA66: - | AB66: - | AC66: - | AD66: - | AE66: -
A67: NISS | B67: =VLOOKUP($A67,db_emp!$A$6:$N$156,B$3,FALSE) -> NISS | C67: =VLOOKUP($A67,db_emp!$A$6:$N$156,C$3,FALSE) -> Nissei | D67: =VLOOKUP($A67,db_emp!$A$6:$N$156,D$3,FALSE) -> Sim | E67: =VLOOKUP($A67,db_emp!$A$6:$N$156,E$3,FALSE) -> Sim | F67: =SUM(G67:Q67) -> 10 | G67: 1 | H67: 1 | I67: 1 | J67: 1 | K67: 1 | L67: 1 | M67: 1 | N67: 1 | O67: 1 | P67: 1 | T67: 1 | U67: =SUM(V67:AF67) -> 5 | V67: 0 | W67: 0 | X67: 0 | Y67: 0 | Z67: 0 | AA67: 1 | AB67: 1 | AC67: 1 | AD67: 1 | AE67: 1
A68: NNOR | B68: =VLOOKUP($A68,db_emp!$A$6:$N$156,B$3,FALSE) -> NNOR | C68: =VLOOKUP($A68,db_emp!$A$6:$N$156,C$3,FALSE) -> Novo Nordisk | D68: =VLOOKUP($A68,db_emp!$A$6:$N$156,D$3,FALSE) -> Sim | E68: =VLOOKUP($A68,db_emp!$A$6:$N$156,E$3,FALSE) -> Sim | F68: =SUM(G68:Q68) -> 7 | G68: 1 | H68: 1 | I68: 1 | J68: 1 | K68: 1 | L68: 1 | M68: 1 | N68: 0 | O68: 0 | P68: 0 | T68: 0 | U68: =SUM(V68:AF68) -> 0 | V68: 0 | W68: 0 | X68: 0 | Y68: 0 | Z68: 0 | AA68: 0 | AB68: 0 | AC68: 0 | AD68: 0 | AE68: 0
A69: NOVA | B69: =VLOOKUP($A69,db_emp!$A$6:$N$156,B$3,FALSE) -> NOVA | C69: =VLOOKUP($A69,db_emp!$A$6:$N$156,C$3,FALSE) -> Novartis | D69: =VLOOKUP($A69,db_emp!$A$6:$N$156,D$3,FALSE) -> Sim | E69: =VLOOKUP($A69,db_emp!$A$6:$N$156,E$3,FALSE) -> Sim | F69: =SUM(G69:Q69) -> 10 | G69: 1 | H69: 1 | I69: 1 | J69: 1 | K69: 1 | L69: 1 | M69: 1 | N69: 1 | O69: 1 | P69: 1 | T69: 0 | U69: =SUM(V69:AF69) -> 0 | V69: 0 | W69: 0 | X69: 0 | Y69: 0 | Z69: 0 | AA69: 0 | AB69: 0 | AC69: 0 | AD69: 0 | AE69: 0
A70: OMIN | B70: =VLOOKUP($A70,db_emp!$A$6:$N$156,B$3,FALSE) -> OMIN | C70: =VLOOKUP($A70,db_emp!$A$6:$N$156,C$3,FALSE) -> Omint | D70: =VLOOKUP($A70,db_emp!$A$6:$N$156,D$3,FALSE) -> Sim | E70: =VLOOKUP($A70,db_emp!$A$6:$N$156,E$3,FALSE) -> Sim | F70: =SUM(G70:Q70) -> 6 | G70: 0 | H70: 0 | I70: 0 | J70: 0 | K70: 1 | L70: 1 | M70: 1 | N70: 1 | O70: 1 | P70: 1 | T70: 0 | U70: =SUM(V70:AF70) -> 0 | V70: 0 | W70: 0 | X70: 0 | Y70: 0 | Z70: 0 | AA70: 0 | AB70: 0 | AC70: 0 | AD70: 0 | AE70: 0
A71: ONCC | B71: =VLOOKUP($A71,db_emp!$A$6:$N$156,B$3,FALSE) -> ONCC | C71: =VLOOKUP($A71,db_emp!$A$6:$N$156,C$3,FALSE) -> Oncoclínicas | D71: =VLOOKUP($A71,db_emp!$A$6:$N$156,D$3,FALSE) -> Sim | E71: =VLOOKUP($A71,db_emp!$A$6:$N$156,E$3,FALSE) -> Sim | F71: =SUM(G71:Q71) -> 7 | G71: 0 | H71: 0 | I71: 0 | J71: 1 | K71: 1 | L71: 1 | M71: 1 | N71: 1 | O71: 1 | P71: 1 | T71: 1 | U71: =SUM(V71:AF71) -> 10 | V71: 1 | W71: 1 | X71: 1 | Y71: 1 | Z71: 1 | AA71: 1 | AB71: 1 | AC71: 1 | AD71: 1 | AE71: 1
A72: PFIZ | B72: =VLOOKUP($A72,db_emp!$A$6:$N$156,B$3,FALSE) -> PFIZ | C72: =VLOOKUP($A72,db_emp!$A$6:$N$156,C$3,FALSE) -> Pfizer | D72: =VLOOKUP($A72,db_emp!$A$6:$N$156,D$3,FALSE) -> Sim | E72: =VLOOKUP($A72,db_emp!$A$6:$N$156,E$3,FALSE) -> NÃO | F72: =SUM(G72:Q72) -> 0 | G72: - | H72: - | I72: - | J72: - | K72: - | L72: - | M72: - | N72: - | O72: - | P72: - | U72: =SUM(V72:AF72) -> 0 | V72: - | W72: - | X72: - | Y72: - | Z72: - | AA72: - | AB72: - | AC72: - | AD72: - | AE72: -
A73: PGME | B73: =VLOOKUP($A73,db_emp!$A$6:$N$156,B$3,FALSE) -> PGME | C73: =VLOOKUP($A73,db_emp!$A$6:$N$156,C$3,FALSE) -> Pague Menos | D73: =VLOOKUP($A73,db_emp!$A$6:$N$156,D$3,FALSE) -> Sim | E73: =VLOOKUP($A73,db_emp!$A$6:$N$156,E$3,FALSE) -> Sim | F73: =SUM(G73:Q73) -> 10 | G73: 1 | H73: 1 | I73: 1 | J73: 1 | K73: 1 | L73: 1 | M73: 1 | N73: 1 | O73: 1 | P73: 1 | T73: 1 | U73: =SUM(V73:AF73) -> 10 | V73: 1 | W73: 1 | X73: 1 | Y73: 1 | Z73: 1 | AA73: 1 | AB73: 1 | AC73: 1 | AD73: 1 | AE73: 1
A74: POSA | B74: =VLOOKUP($A74,db_emp!$A$6:$N$156,B$3,FALSE) -> POSA | C74: =VLOOKUP($A74,db_emp!$A$6:$N$156,C$3,FALSE) -> Porto Saúde | D74: =VLOOKUP($A74,db_emp!$A$6:$N$156,D$3,FALSE) -> Sim | E74: =VLOOKUP($A74,db_emp!$A$6:$N$156,E$3,FALSE) -> Sim | F74: =SUM(G74:Q74) -> 10 | G74: 1 | H74: 1 | I74: 1 | J74: 1 | K74: 1 | L74: 1 | M74: 1 | N74: 1 | O74: 1 | P74: 1 | T74: 0 | U74: =SUM(V74:AF74) -> 1 | V74: 1 | W74: 0 | X74: 0 | Y74: 0 | Z74: 0 | AA74: 0 | AB74: 0 | AC74: 0 | AD74: 0 | AE74: 0
A75: PRAT | B75: =VLOOKUP($A75,db_emp!$A$6:$N$156,B$3,FALSE) -> PRAT | C75: =VLOOKUP($A75,db_emp!$A$6:$N$156,C$3,FALSE) -> Prati-Donaduzzi | D75: =VLOOKUP($A75,db_emp!$A$6:$N$156,D$3,FALSE) -> Sim | E75: =VLOOKUP($A75,db_emp!$A$6:$N$156,E$3,FALSE) -> Sim | F75: =SUM(G75:Q75) -> 7 | G75: 0 | H75: 0 | I75: 0 | J75: 1 | K75: 1 | L75: 1 | M75: 1 | N75: 1 | O75: 1 | P75: 1 | T75: 0 | U75: =SUM(V75:AF75) -> 0 | V75: 0 | W75: 0 | X75: 0 | Y75: 0 | Z75: 0 | AA75: 0 | AB75: 0 | AC75: 0 | AD75: 0 | AE75: 0
A76: PREV | B76: =VLOOKUP($A76,db_emp!$A$6:$N$156,B$3,FALSE) -> PREV | C76: =VLOOKUP($A76,db_emp!$A$6:$N$156,C$3,FALSE) -> PreventSenior | D76: =VLOOKUP($A76,db_emp!$A$6:$N$156,D$3,FALSE) -> Sim | E76: =VLOOKUP($A76,db_emp!$A$6:$N$156,E$3,FALSE) -> Sim | F76: =SUM(G76:Q76) -> 10 | G76: 1 | H76: 1 | I76: 1 | J76: 1 | K76: 1 | L76: 1 | M76: 1 | N76: 1 | O76: 1 | P76: 1 | T76: 0 | U76: =SUM(V76:AF76) -> 0 | V76: 0 | W76: 0 | X76: 0 | Y76: 0 | Z76: 0 | AA76: 0 | AB76: 0 | AC76: 0 | AD76: 0 | AE76: 0
A77: DMIL | B77: =VLOOKUP($A77,db_emp!$A$6:$N$156,B$3,FALSE) -> DMIL | C77: =VLOOKUP($A77,db_emp!$A$6:$N$156,C$3,FALSE) -> d1000 | D77: =VLOOKUP($A77,db_emp!$A$6:$N$156,D$3,FALSE) -> Sim | E77: =VLOOKUP($A77,db_emp!$A$6:$N$156,E$3,FALSE) -> Sim | F77: =SUM(G77:Q77) -> 7 | G77: 0 | H77: 0 | I77: 0 | J77: 1 | K77: 1 | L77: 1 | M77: 1 | N77: 1 | O77: 1 | P77: 1 | T77: 1 | U77: =SUM(V77:AF77) -> 6 | V77: 0 | W77: 0 | X77: 0 | Y77: 1 | Z77: 1 | AA77: 1 | AB77: 1 | AC77: sc | AD77: 1 | AE77: 1
A78: PROF | B78: =VLOOKUP($A78,db_emp!$A$6:$N$156,B$3,FALSE) -> PROF | C78: =VLOOKUP($A78,db_emp!$A$6:$N$156,C$3,FALSE) -> Profarma | D78: =VLOOKUP($A78,db_emp!$A$6:$N$156,D$3,FALSE) -> Sim | E78: =VLOOKUP($A78,db_emp!$A$6:$N$156,E$3,FALSE) -> Sim | F78: =SUM(G78:Q78) -> 10 | G78: 1 | H78: 1 | I78: 1 | J78: 1 | K78: 1 | L78: 1 | M78: 1 | N78: 1 | O78: 1 | P78: 1 | T78: 1 | U78: =SUM(V78:AF78) -> 10 | V78: 1 | W78: 1 | X78: 1 | Y78: 1 | Z78: 1 | AA78: 1 | AB78: 1 | AC78: 1 | AD78: 1 | AE78: 1
A79: PSPE | B79: =VLOOKUP($A79,db_emp!$A$6:$N$156,B$3,FALSE) -> PSPE | C79: =VLOOKUP($A79,db_emp!$A$6:$N$156,C$3,FALSE) -> Profarma Specialty | D79: =VLOOKUP($A79,db_emp!$A$6:$N$156,D$3,FALSE) -> Sim | E79: =VLOOKUP($A79,db_emp!$A$6:$N$156,E$3,FALSE) -> Sim | F79: =SUM(G79:Q79) -> 4 | G79: 0 | H79: 0 | I79: 0 | J79: 0 | K79: 1 | L79: 1 | M79: 1 | N79: 0 | O79: 1 | P79: 0 | T79: 0 | U79: =SUM(V79:AF79) -> 0 | V79: 0 | W79: 0 | X79: 0 | Y79: 0 | Z79: 0 | AA79: 0 | AB79: 0 | AC79: 0 | AD79: 0 | AE79: 0
A80: QUAL | B80: =VLOOKUP($A80,db_emp!$A$6:$N$156,B$3,FALSE) -> QUAL | C80: =VLOOKUP($A80,db_emp!$A$6:$N$156,C$3,FALSE) -> Qualicorp | D80: =VLOOKUP($A80,db_emp!$A$6:$N$156,D$3,FALSE) -> Sim | E80: =VLOOKUP($A80,db_emp!$A$6:$N$156,E$3,FALSE) -> Sim | F80: =SUM(G80:Q80) -> 10 | G80: 1 | H80: 1 | I80: 1 | J80: 1 | K80: 1 | L80: 1 | M80: 1 | N80: 1 | O80: 1 | P80: 1 | T80: 1 | U80: =SUM(V80:AF80) -> 10 | V80: 1 | W80: 1 | X80: 1 | Y80: 1 | Z80: 1 | AA80: 1 | AB80: 1 | AC80: 1 | AD80: 1 | AE80: 1
A81: RAIA | B81: =VLOOKUP($A81,db_emp!$A$6:$N$156,B$3,FALSE) -> RAIA | C81: =VLOOKUP($A81,db_emp!$A$6:$N$156,C$3,FALSE) -> Raia Drogasil | D81: =VLOOKUP($A81,db_emp!$A$6:$N$156,D$3,FALSE) -> Sim | E81: =VLOOKUP($A81,db_emp!$A$6:$N$156,E$3,FALSE) -> Sim | F81: =SUM(G81:Q81) -> 10 | G81: 1 | H81: 1 | I81: 1 | J81: 1 | K81: 1 | L81: 1 | M81: 1 | N81: 1 | O81: 1 | P81: 1 | T81: 1 | U81: =SUM(V81:AF81) -> 10 | V81: 1 | W81: 1 | X81: 1 | Y81: 1 | Z81: 1 | AA81: 1 | AB81: 1 | AC81: 1 | AD81: 1 | AE81: 1
A82: RDOR | B82: =VLOOKUP($A82,db_emp!$A$6:$N$156,B$3,FALSE) -> RDOR | C82: =VLOOKUP($A82,db_emp!$A$6:$N$156,C$3,FALSE) -> Rede D'Or | D82: =VLOOKUP($A82,db_emp!$A$6:$N$156,D$3,FALSE) -> Sim | E82: =VLOOKUP($A82,db_emp!$A$6:$N$156,E$3,FALSE) -> Sim | F82: =SUM(G82:Q82) -> 10 | G82: 1 | H82: 1 | I82: 1 | J82: 1 | K82: 1 | L82: 1 | M82: 1 | N82: 1 | O82: 1 | P82: 1 | T82: 1 | U82: =SUM(V82:AF82) -> 10 | V82: 1 | W82: 1 | X82: 1 | Y82: 1 | Z82: 1 | AA82: 1 | AB82: 1 | AC82: 1 | AD82: 1 | AE82: 1
A83: SULA | B83: =VLOOKUP($A83,db_emp!$A$6:$N$156,B$3,FALSE) -> SULA | C83: =VLOOKUP($A83,db_emp!$A$6:$N$156,C$3,FALSE) -> SulAmérica | D83: =VLOOKUP($A83,db_emp!$A$6:$N$156,D$3,FALSE) -> Sim | E83: =VLOOKUP($A83,db_emp!$A$6:$N$156,E$3,FALSE) -> Sim | F83: =SUM(G83:Q83) -> 8 | G83: 1 | H83: 1 | I83: 1 | J83: 1 | K83: 1 | L83: 1 | M83: 1 | N83: 1 | O83: 0 | P83: 0 | T83: 1 | U83: =SUM(V83:AF83) -> 8 | V83: 1 | W83: 1 | X83: 1 | Y83: 1 | Z83: 1 | AA83: 1 | AB83: 1 | AC83: 1 | AD83: 0 | AE83: 0
A84: ROCH | B84: =VLOOKUP($A84,db_emp!$A$6:$N$156,B$3,FALSE) -> ROCH | C84: =VLOOKUP($A84,db_emp!$A$6:$N$156,C$3,FALSE) -> Roche | D84: =VLOOKUP($A84,db_emp!$A$6:$N$156,D$3,FALSE) -> Sim | E84: =VLOOKUP($A84,db_emp!$A$6:$N$156,E$3,FALSE) -> Sim | F84: =SUM(G84:Q84) -> 10 | G84: 1 | H84: 1 | I84: 1 | J84: 1 | K84: 1 | L84: 1 | M84: 1 | N84: 1 | O84: 1 | P84: 1 | T84: 0 | U84: =SUM(V84:AF84) -> 0 | V84: 0 | W84: 0 | X84: 0 | Y84: 0 | Z84: 0 | AA84: 0 | AB84: 0 | AC84: 0 | AD84: 0 | AE84: 0
A85: RSAR | B85: =VLOOKUP($A85,db_emp!$A$6:$N$156,B$3,FALSE) -> RSAR | C85: =VLOOKUP($A85,db_emp!$A$6:$N$156,C$3,FALSE) -> Rede Sarah (Associação das Pioneiras Sociais) | D85: =VLOOKUP($A85,db_emp!$A$6:$N$156,D$3,FALSE) -> Sim | E85: =VLOOKUP($A85,db_emp!$A$6:$N$156,E$3,FALSE) -> Sim | F85: =SUM(G85:Q85) -> 8 | G85: 1 | H85: 0 | I85: 0 | J85: 1 | K85: 1 | L85: 1 | M85: 1 | N85: 1 | O85: 1 | P85: 1 | T85: 0 | U85: =SUM(V85:AF85) -> 0 | V85: 0 | W85: 0 | X85: 0 | Y85: 0 | Z85: 0 | AA85: 0 | AB85: 0 | AC85: 0 | AD85: 0 | AE85: 0
A86: SABI | B86: =VLOOKUP($A86,db_emp!$A$6:$N$156,B$3,FALSE) -> SABI | C86: =VLOOKUP($A86,db_emp!$A$6:$N$156,C$3,FALSE) -> Sabin | D86: =VLOOKUP($A86,db_emp!$A$6:$N$156,D$3,FALSE) -> Sim | E86: =VLOOKUP($A86,db_emp!$A$6:$N$156,E$3,FALSE) -> Sim | F86: =SUM(G86:Q86) -> 9 | G86: 1 | H86: 1 | I86: 1 | J86: 1 | K86: 0 | L86: 1 | M86: 1 | N86: 1 | O86: 1 | P86: 1 | T86: 0 | U86: =SUM(V86:AF86) -> 0 | V86: 0 | W86: 0 | X86: 0 | Y86: 0 | Z86: 0 | AA86: 0 | AB86: 0 | AC86: 0 | AD86: 0 | AE86: 0
A87: SALU | B87: =VLOOKUP($A87,db_emp!$A$6:$N$156,B$3,FALSE) -> SALU | C87: =VLOOKUP($A87,db_emp!$A$6:$N$156,C$3,FALSE) -> Santa Lúcia | D87: =VLOOKUP($A87,db_emp!$A$6:$N$156,D$3,FALSE) -> Sim | E87: =VLOOKUP($A87,db_emp!$A$6:$N$156,E$3,FALSE) -> NÃO | F87: =SUM(G87:Q87) -> 0 | G87: - | H87: - | I87: - | J87: - | K87: - | L87: - | M87: - | N87: - | O87: - | P87: - | U87: =SUM(V87:AF87) -> 0 | V87: - | W87: - | X87: - | Y87: - | Z87: - | AA87: - | AB87: - | AC87: - | AD87: - | AE87: -
A88: MEDL | B88: =VLOOKUP($A88,db_emp!$A$6:$N$156,B$3,FALSE) -> MEDL | C88: =VLOOKUP($A88,db_emp!$A$6:$N$156,C$3,FALSE) -> Medley | D88: =VLOOKUP($A88,db_emp!$A$6:$N$156,D$3,FALSE) -> Sim | E88: =VLOOKUP($A88,db_emp!$A$6:$N$156,E$3,FALSE) -> Sim | F88: =SUM(G88:Q88) -> 10 | G88: 1 | H88: 1 | I88: 1 | J88: 1 | K88: 1 | L88: 1 | M88: 1 | N88: 1 | O88: 1 | P88: 1 | T88: 1 | U88: =SUM(V88:AF88) -> 5 | V88: 0 | W88: 0 | X88: 0 | Y88: 0 | Z88: 1 | AA88: 1 | AB88: 0 | AC88: 1 | AD88: 1 | AE88: 1
A89: SALU | B89: =VLOOKUP($A89,db_emp!$A$6:$N$156,B$3,FALSE) -> SALU | C89: =VLOOKUP($A89,db_emp!$A$6:$N$156,C$3,FALSE) -> Santa Lúcia | D89: =VLOOKUP($A89,db_emp!$A$6:$N$156,D$3,FALSE) -> Sim | E89: =VLOOKUP($A89,db_emp!$A$6:$N$156,E$3,FALSE) -> NÃO | F89: =SUM(G89:Q89) -> 0 | G89: 0 | H89: 0 | I89: 0 | J89: 0 | K89: 0 | L89: 0 | M89: 0 | N89: 0 | O89: 0 | P89: 0 | T89: 0 | U89: =SUM(V89:AF89) -> 0 | V89: 0 | W89: 0 | X89: 0 | Y89: 0 | Z89: 0 | AA89: 0 | AB89: 0 | AC89: 0 | AD89: 0 | AE89: 0
A90: SANO | B90: =VLOOKUP($A90,db_emp!$A$6:$N$156,B$3,FALSE) -> SANO | C90: =VLOOKUP($A90,db_emp!$A$6:$N$156,C$3,FALSE) -> Sanofi Medley | D90: =VLOOKUP($A90,db_emp!$A$6:$N$156,D$3,FALSE) -> Sim | E90: =VLOOKUP($A90,db_emp!$A$6:$N$156,E$3,FALSE) -> Sim | F90: =SUM(G90:Q90) -> 10 | G90: 1 | H90: 1 | I90: 1 | J90: 1 | K90: 1 | L90: 1 | M90: 1 | N90: 1 | O90: 1 | P90: 1 | T90: 0 | U90: =SUM(V90:AF90) -> 0 | V90: 0 | W90: 0 | X90: 0 | Y90: 0 | Z90: 0 | AA90: 0 | AB90: 0 | AC90: 0 | AD90: 0 | AE90: 0
A91: SAVE | B91: =VLOOKUP($A91,db_emp!$A$6:$N$156,B$3,FALSE) -> SAVE | C91: =VLOOKUP($A91,db_emp!$A$6:$N$156,C$3,FALSE) -> Sanofi Aventis | D91: =VLOOKUP($A91,db_emp!$A$6:$N$156,D$3,FALSE) -> Sim | E91: =VLOOKUP($A91,db_emp!$A$6:$N$156,E$3,FALSE) -> Sim | F91: =SUM(G91:Q91) -> 0 | G91: 0 | H91: 0 | I91: 0 | J91: 0 | K91: 0 | L91: 0 | M91: 0 | N91: 0 | O91: 0 | P91: 0 | R91: Sem dados | T91: 0 | U91: =SUM(V91:AF91) -> 0 | V91: 0 | W91: 0 | X91: 0 | Y91: 0 | Z91: 0 | AA91: 0 | AB91: 0 | AC91: 0 | AD91: 0 | AE91: 0
A92: SAOJ | B92: =VLOOKUP($A92,db_emp!$A$6:$N$156,B$3,FALSE) -> SAOJ | C92: =VLOOKUP($A92,db_emp!$A$6:$N$156,C$3,FALSE) -> Farmácia São João | D92: =VLOOKUP($A92,db_emp!$A$6:$N$156,D$3,FALSE) -> Sim | E92: =VLOOKUP($A92,db_emp!$A$6:$N$156,E$3,FALSE) -> NÃO | F92: =SUM(G92:Q92) -> 0 | G92: - | H92: - | I92: - | J92: - | K92: - | L92: - | M92: - | N92: - | O92: - | P92: - | U92: =SUM(V92:AF92) -> 0 | V92: - | W92: - | X92: - | Y92: - | Z92: - | AA92: - | AB92: - | AC92: - | AD92: - | AE92: -
A93: SBSC | B93: =VLOOKUP($A93,db_emp!$A$6:$N$156,B$3,FALSE) -> SBSC | C93: =VLOOKUP($A93,db_emp!$A$6:$N$156,C$3,FALSE) -> Sociedade Beneficente São Camilo (Hospital São Camilo) | D93: =VLOOKUP($A93,db_emp!$A$6:$N$156,D$3,FALSE) -> Sim | E93: =VLOOKUP($A93,db_emp!$A$6:$N$156,E$3,FALSE) -> Sim | F93: =SUM(G93:Q93) -> 4 | G93: 1 | H93: 0 | I93: 0 | J93: 0 | K93: 0 | L93: 0 | M93: 0 | N93: 1 | O93: 1 | P93: 1 | T93: 0 | U93: =SUM(V93:AF93) -> 0 | V93: 0 | W93: 0 | X93: 0 | Y93: 0 | Z93: 0 | AA93: 0 | AB93: 0 | AC93: 0 | AD93: 0 | AE93: 0
A94: SCPA | B94: =VLOOKUP($A94,db_emp!$A$6:$N$156,B$3,FALSE) -> SCPA | C94: =VLOOKUP($A94,db_emp!$A$6:$N$156,C$3,FALSE) -> Santa Casa de Porto Alegre | D94: =VLOOKUP($A94,db_emp!$A$6:$N$156,D$3,FALSE) -> Sim | E94: =VLOOKUP($A94,db_emp!$A$6:$N$156,E$3,FALSE) -> Sim | F94: =SUM(G94:Q94) -> 10 | G94: 1 | H94: 1 | I94: 1 | J94: 1 | K94: 1 | L94: 1 | M94: 1 | N94: 1 | O94: 1 | P94: 1 | T94: 1 | U94: =SUM(V94:AF94) -> 4 | V94: 0 | W94: 0 | X94: 0 | Y94: 0 | Z94: 0 | AA94: 0 | AB94: 1 | AC94: 1 | AD94: 1 | AE94: 1
A95: SECO | B95: =VLOOKUP($A95,db_emp!$A$6:$N$156,B$3,FALSE) -> SECO | C95: =VLOOKUP($A95,db_emp!$A$6:$N$156,C$3,FALSE) -> Seconci | D95: =VLOOKUP($A95,db_emp!$A$6:$N$156,D$3,FALSE) -> Sim | E95: =VLOOKUP($A95,db_emp!$A$6:$N$156,E$3,FALSE) -> Sim | F95: =SUM(G95:Q95) -> 9 | G95: 1 | H95: 1 | I95: 0 | J95: 1 | K95: 1 | L95: 1 | M95: 1 | N95: 1 | O95: 1 | P95: 1 | T95: 0 | U95: =SUM(V95:AF95) -> 0 | V95: 0 | W95: 0 | X95: 0 | Y95: 0 | Z95: 0 | AA95: 0 | AB95: 0 | AC95: 0 | AD95: 0 | AE95: 0
A96: SILI | B96: =VLOOKUP($A96,db_emp!$A$6:$N$156,B$3,FALSE) -> SILI | C96: =VLOOKUP($A96,db_emp!$A$6:$N$156,C$3,FALSE) -> Hospital Sírio Libanês | D96: =VLOOKUP($A96,db_emp!$A$6:$N$156,D$3,FALSE) -> Sim | E96: =VLOOKUP($A96,db_emp!$A$6:$N$156,E$3,FALSE) -> Sim | F96: =SUM(G96:Q96) -> 9 | G96: 1 | H96: 1 | I96: 0 | J96: 1 | K96: 1 | L96: 1 | M96: 1 | N96: 1 | O96: 1 | P96: 1 | T96: 1 | U96: =SUM(V96:AF96) -> 5 | V96: 0 | W96: 0 | X96: 0 | Y96: 1 | Z96: 1 | AA96: 1 | AB96: 0 | AC96: 0 | AD96: 1 | AE96: 1
A97: SOLF | B97: =VLOOKUP($A97,db_emp!$A$6:$N$156,B$3,FALSE) -> SOLF | C97: =VLOOKUP($A97,db_emp!$A$6:$N$156,C$3,FALSE) -> Solfarma | D97: =VLOOKUP($A97,db_emp!$A$6:$N$156,D$3,FALSE) -> Sim | E97: =VLOOKUP($A97,db_emp!$A$6:$N$156,E$3,FALSE) -> Sim | F97: =SUM(G97:Q97) -> 6 | G97: 0 | H97: 0 | I97: 0 | J97: 0 | K97: 1 | L97: 1 | M97: 1 | N97: 1 | O97: 1 | P97: 1 | T97: 0 | U97: =SUM(V97:AF97) -> 0 | V97: 0 | W97: 0 | X97: 0 | Y97: 0 | Z97: 0 | AA97: 0 | AB97: 0 | AC97: 0 | AD97: 0 | AE97: 0
A98: SPDM | B98: =VLOOKUP($A98,db_emp!$A$6:$N$156,B$3,FALSE) -> SPDM | C98: =VLOOKUP($A98,db_emp!$A$6:$N$156,C$3,FALSE) -> SPDM Hospital São Paulo | D98: =VLOOKUP($A98,db_emp!$A$6:$N$156,D$3,FALSE) -> Sim | E98: =VLOOKUP($A98,db_emp!$A$6:$N$156,E$3,FALSE) -> Sim | F98: =SUM(G98:Q98) -> 10 | G98: 1 | H98: 1 | I98: 1 | J98: 1 | K98: 1 | L98: 1 | M98: 1 | N98: 1 | O98: 1 | P98: 1 | T98: 1 | U98: =SUM(V98:AF98) -> 10 | V98: 1 | W98: 1 | X98: 1 | Y98: 1 | Z98: 1 | AA98: 1 | AB98: 1 | AC98: 1 | AD98: 1 | AE98: 1
A99: TEUT | B99: =VLOOKUP($A99,db_emp!$A$6:$N$156,B$3,FALSE) -> TEUT | C99: =VLOOKUP($A99,db_emp!$A$6:$N$156,C$3,FALSE) -> Teuto | D99: =VLOOKUP($A99,db_emp!$A$6:$N$156,D$3,FALSE) -> Sim | E99: =VLOOKUP($A99,db_emp!$A$6:$N$156,E$3,FALSE) -> Sim | F99: =SUM(G99:Q99) -> 8 | G99: 1 | H99: 1 | I99: 0 | J99: 0 | K99: 1 | L99: 1 | M99: 1 | N99: 1 | O99: 1 | P99: 1 | T99: 1 | U99: =SUM(V99:AF99) -> 6 | V99: 0 | W99: 0 | X99: 0 | Y99: 0 | Z99: 1 | AA99: 1 | AB99: 1 | AC99: 1 | AD99: 1 | AE99: 1
A100: UMBE | B100: =VLOOKUP($A100,db_emp!$A$6:$N$156,B$3,FALSE) -> UMBE | C100: =VLOOKUP($A100,db_emp!$A$6:$N$156,C$3,FALSE) -> Unimed Belém | D100: =VLOOKUP($A100,db_emp!$A$6:$N$156,D$3,FALSE) -> Sim | E100: =VLOOKUP($A100,db_emp!$A$6:$N$156,E$3,FALSE) -> Sim | F100: =SUM(G100:Q100) -> 9 | G100: 0 | H100: 1 | I100: 1 | J100: 1 | K100: 1 | L100: 1 | M100: 1 | N100: 1 | O100: 1 | P100: 1 | T100: 0 | U100: =SUM(V100:AF100) -> 0 | V100: 0 | W100: 0 | X100: 0 | Y100: 0 | Z100: 0 | AA100: 0 | AB100: 0 | AC100: 0 | AD100: 0 | AE100: 0
A101: UMBH | B101: =VLOOKUP($A101,db_emp!$A$6:$N$156,B$3,FALSE) -> UMBH | C101: =VLOOKUP($A101,db_emp!$A$6:$N$156,C$3,FALSE) -> Unimed BH | D101: =VLOOKUP($A101,db_emp!$A$6:$N$156,D$3,FALSE) -> Sim | E101: =VLOOKUP($A101,db_emp!$A$6:$N$156,E$3,FALSE) -> Sim | F101: =SUM(G101:Q101) -> 10 | G101: 1 | H101: 1 | I101: 1 | J101: 1 | K101: 1 | L101: 1 | M101: 1 | N101: 1 | O101: 1 | P101: 1 | T101: 0 | U101: =SUM(V101:AF101) -> 3 | V101: 0 | W101: 0 | X101: 1 | Y101: 1 | Z101: 1 | AA101: 0 | AB101: 0 | AC101: 0 | AD101: 0 | AE101: 0
A102: UMCE | B102: =VLOOKUP($A102,db_emp!$A$6:$N$156,B$3,FALSE) -> UMCE | C102: =VLOOKUP($A102,db_emp!$A$6:$N$156,C$3,FALSE) -> Unimed Central Nacional | D102: =VLOOKUP($A102,db_emp!$A$6:$N$156,D$3,FALSE) -> Sim | E102: =VLOOKUP($A102,db_emp!$A$6:$N$156,E$3,FALSE) -> Sim | F102: =SUM(G102:Q102) -> 10 | G102: 1 | H102: 1 | I102: 1 | J102: 1 | K102: 1 | L102: 1 | M102: 1 | N102: 1 | O102: 1 | P102: 1 | T102: 0 | U102: =SUM(V102:AF102) -> 0 | V102: 0 | W102: 0 | X102: 0 | Y102: 0 | Z102: 0 | AA102: 0 | AB102: 0 | AC102: 0 | AD102: 0 | AE102: 0
...

Sheet AT
A1: ATIVO TOTAL | H1: Soma | I1: =SUM(I7:I203) -> 1.4595584e+08 | J1: =SUM(J7:J203) -> 1.7188877e+08 | K1: =SUM(K7:K203) -> 1.840563e+08 | L1: =SUM(L7:L203) -> 2.1993016e+08 | M1: =SUM(M7:M203) -> 2.4896697e+08 | N1: =SUM(N7:N203) -> 3.1319561e+08 | O1: =SUM(O7:O203) -> 3.8293203e+08 | P1: =SUM(P7:P203) -> 4.6145441e+08 | ... R1: =SUM(R7:R203) -> 5.616723e+08
H2: N. Empr. | I2: =COUNT(I7:I203) -> 66 | J2: =COUNT(J7:J203) -> 67 | K2: =COUNT(K7:K203) -> 70 | L2: =COUNT(L7:L203) -> 87 | M2: =COUNT(M7:M203) -> 88 | N2: =COUNT(N7:N203) -> 91 | O2: =COUNT(O7:O203) -> 93 | P2: =COUNT(P7:P203) -> 92 | ... R2: =COUNT(R7:R203) -> 86
A3: R$ Correntes | H3: Média | I3: =I1/I2 -> 2211452.2 | J3: =J1/J2 -> 2565504.1 | K3: =K1/K2 -> 2629375.7 | L3: =L1/L2 -> 2527932.8 | M3: =M1/M2 -> 2829170.2 | N3: =N1/N2 -> 3441709.9 | O3: =O1/O2 -> 4117548.7 | P3: =P1/P2 -> 5015808.8 | ... R3: =R1/R2 -> 6531073.2
A4: Milhares | H4: Cont.vazios | I4: =COUNTBLANK(I7:I104) -> 0 | J4: =COUNTBLANK(J7:J104) -> 0 | K4: =COUNTBLANK(K7:K104) -> 0 | L4: =COUNTBLANK(L7:L104) -> 0 | M4: =COUNTBLANK(M7:M104) -> 0 | N4: =COUNTBLANK(N7:N104) -> 0 | O4: =COUNTBLANK(O7:O104) -> 0 | P4: =COUNTBLANK(P7:P104) -> 0 | ... R4: =COUNTBLANK(R7:R104) -> 0
D5: 6 | F5: 5 | G5: 14 | H5: =G5+1 -> 15
A6: Cod4 | B6: Tipo | C6: Grupo Empresarial | D6: Subsetor de origem | E6: Cod4 | F6: Grupo | I6: 2014 | J6: 2015 | K6: 2016 | L6: 2017 | M6: 2018 | N6: 2019 | O6: 2020 | P6: 2021 | Q6: 2022 | R6: 2023
A7: ACCA | B7: 1-Dados | C7: =VLOOKUP($A7,db_emp!$A$7:$N$156,2,FALSE) -> A.C. Camargo Cancer Center | D7: =VLOOKUP($A7,db_emp!$A$7:$N$157,D$5,FALSE) -> Redes Hospitalares | E7: =A7 -> ACCA | F7: =VLOOKUP($A7,db_emp!$A$7:$N$156,F$5,FALSE) -> ACCA | I7: - | J7: 1577589 | K7: 1994174 | L7: 2344802 | M7: 2611886 | N7: 2900394 | O7: 2834349 | P7: 2904200 | Q7: 3185468 | R7: 3506428
A8: ACHE | B8: 1-Dados | C8: =VLOOKUP($A8,db_emp!$A$7:$N$156,2,FALSE) -> Aché | D8: =VLOOKUP($A8,db_emp!$A$7:$N$157,D$5,FALSE) -> Ind. Farmacêutica | E8: =A8 -> ACHE | F8: =VLOOKUP($A8,db_emp!$A$7:$N$156,F$5,FALSE) -> ACHE | I8: 2077710 | J8: 2461306 | K8: 2448046 | L8: 2728542 | M8: 3009522 | N8: 3518739 | O8: 3973173 | P8: 4038832 | Q8: 5251649 | R8: 5738919
A9: ACSC | B9: 1-Dados | C9: =VLOOKUP($A9,db_emp!$A$7:$N$156,2,FALSE) -> Assoc. Congreg. Santa Catarina (Hospital Santa Catarina) | D9: =VLOOKUP($A9,db_emp!$A$7:$N$157,D$5,FALSE) -> Redes Hospitalares | E9: =A9 -> ACSC | F9: =VLOOKUP($A9,db_emp!$A$7:$N$156,F$5,FALSE) -> ACSC | I9: - | J9: - | K9: - | L9: 1625029 | M9: 1611727 | N9: 1832252 | O9: 1653864 | P9: 1700748 | Q9: 1824289 | R9: 1974582
A10: ALLI | B10: 1-Dados | C10: =VLOOKUP($A10,db_emp!$A$7:$N$156,2,FALSE) -> Alliança | D10: =VLOOKUP($A10,db_emp!$A$7:$N$157,D$5,FALSE) -> Diagnóstico e Terapia | E10: =A10 -> ALLI | F10: =VLOOKUP($A10,db_emp!$A$7:$N$156,F$5,FALSE) -> ALLI | I10: 1463827 | J10: 1536352 | K10: 2166312 | L10: 2284985 | M10: 2209426 | N10: 2401121 | O10: 2540602 | P10: 2542229 | Q10: 2615454 | R10: 2669811
A11: AMIN | B11: 1-Dados | C11: =VLOOKUP($A11,db_emp!$A$7:$N$156,2,FALSE) -> Amil | D11: =VLOOKUP($A11,db_emp!$A$7:$N$157,D$5,FALSE) -> Planos e Seguros | E11: =A11 -> AMIN | F11: =VLOOKUP($A11,db_emp!$A$7:$N$156,F$5,FALSE) -> AMIN | I11: 10054634 | J11: 13309368 | K11: 16877118 | L11: 17639171 | M11: 18875222 | N11: 19897676 | O11: 20978804 | P11: 24076544 | Q11: 25803997 | R11: 23664140
A12: APSE | B12: 1-Dados | C12: =VLOOKUP($A12,db_emp!$A$7:$N$156,2,FALSE) -> Apsen | D12: =VLOOKUP($A12,db_emp!$A$7:$N$157,D$5,FALSE) -> Ind. Farmacêutica | E12: =A12 -> APSE | F12: =VLOOKUP($A12,db_emp!$A$7:$N$156,F$5,FALSE) -> APSE | I12: 377164 | J12: 385002 | K12: 456259 | L12: 534886 | M12: 642056 | N12: 771028 | O12: 905288 | P12: 1183431 | Q12: 1351487 | R12: 1402847
A13: ARAU | B13: 1-Dados | C13: =VLOOKUP($A13,db_emp!$A$7:$N$156,2,FALSE) -> Araújo | D13: =VLOOKUP($A13,db_emp!$A$7:$N$157,D$5,FALSE) -> Farmácias e Drogarias | E13: =A13 -> ARAU | F13: =VLOOKUP($A13,db_emp!$A$7:$N$156,F$5,FALSE) -> ARAU | I13: 518794 | J13: 649644 | K13: 722498 | L13: 780414 | M13: 834770 | N13: 910616 | O13: 1051554 | P13: 1195161 | Q13: 1440511 | R13: 1619533
A14: ASSI | B14: 1-Dados | C14: =VLOOKUP($A14,db_emp!$A$7:$N$156,2,FALSE) -> Assim Saúde | D14: =VLOOKUP($A14,db_emp!$A$7:$N$157,D$5,FALSE) -> Planos e Seguros | E14: =A14 -> ASSI | F14: =VLOOKUP($A14,db_emp!$A$7:$N$156,F$5,FALSE) -> ASSI | I14: - | J14: - | K14: 344274 | L14: 456441 | M14: 584538 | N14: 677394 | O14: 841542 | P14: 892225 | Q14: 891593 | R14: 861524
A15: ASZE | B15: 1-Dados | C15: =VLOOKUP($A15,db_emp!$A$7:$N$156,2,FALSE) -> AstraZeneca | D15: =VLOOKUP($A15,db_emp!$A$7:$N$157,D$5,FALSE) -> Ind. Farmacêutica | E15: =A15 -> ASZE | F15: =VLOOKUP($A15,db_emp!$A$7:$N$156,F$5,FALSE) -> ASZE | I15: - | J15: 716470 | K15: 708365 | L15: 810164 | M15: 715194 | N15: 920532 | O15: 1105985 | P15: 1240912 | Q15: - | R15: -
A16: ATHE | B16: 1-Dados | C16: =VLOOKUP($A16,db_emp!$A$7:$N$156,2,FALSE) -> Athena Saúde | D16: =VLOOKUP($A16,db_emp!$A$7:$N$157,D$5,FALSE) -> Planos e Seguros | E16: =A16 -> ATHE | F16: =VLOOKUP($A16,db_emp!$A$7:$N$156,F$5,FALSE) -> ATHE | I16: - | J16: - | K16: - | L16: - | M16: 660503 | N16: 1448761 | O16: 2887004 | P16: 4299333 | Q16: 4082531 | R16: 4238980
A17: BAYE | B17: 1-Dados | C17: =VLOOKUP($A17,db_emp!$A$7:$N$156,2,FALSE) -> Bayer Pharma | D17: =VLOOKUP($A17,db_emp!$A$7:$N$157,D$5,FALSE) -> Ind. Farmacêutica | E17: =A17 -> BAYE | F17: =VLOOKUP($A17,db_emp!$A$7:$N$156,F$5,FALSE) -> BAYE | I17: 8367206 | J17: 12087975 | K17: 12011778 | L17: 10830814 | M17: 9732873 | N17: 9723964 | O17: 9991041 | P17: 11593250 | Q17: 11339181 | R17: 11948507
A18: BEPO | B18: 1-Dados | C18: =VLOOKUP($A18,db_emp!$A$7:$N$156,2,FALSE) -> BP - Beneficência Portuguesa de São Paulo | D18: =VLOOKUP($A18,db_emp!$A$7:$N$157,D$5,FALSE) -> Redes Hospitalares | E18: =A18 -> BEPO | F18: =VLOOKUP($A18,db_emp!$A$7:$N$156,F$5,FALSE) -> BEPO | I18: 1357831 | J18: 1423261 | K18: 1600676 | L18: 1769541 | M18: 1784794 | N18: 1926498 | O18: 1999846 | P18: 2064215 | Q18: 2122546 | R18: 2404592
A19: BLAU | B19: 1-Dados | C19: =VLOOKUP($A19,db_emp!$A$7:$N$156,2,FALSE) -> Blau | D19: =VLOOKUP($A19,db_emp!$A$7:$N$157,D$5,FALSE) -> Ind. Farmacêutica | E19: =A19 -> BLAU | F19: =VLOOKUP($A19,db_emp!$A$7:$N$156,F$5,FALSE) -> BLAU | I19: 256094 | J19: 298105 | K19: 310972 | L19: 364885 | M19: 586333 | N19: 733704 | O19: 1268123 | P19: 2320595 | Q19: 2499048 | R19: 3053528
A20: BRIS | B20: 1-Dados | C20: =VLOOKUP($A20,db_emp!$A$7:$N$156,2,FALSE) -> Bristol-Myers Squibb | D20: =VLOOKUP($A20,db_emp!$A$7:$N$157,D$5,FALSE) -> Ind. Farmacêutica | E20: =A20 -> BRIS | F20: =VLOOKUP($A20,db_emp!$A$7:$N$156,F$5,FALSE) -> BRIS | I20: 193043 | J20: 232084 | K20: 311105 | L20: 326190 | M20: 499689 | N20: 481329 | O20: 710369 | P20: - | Q20: 1175899 | R20: 1413769
A21: BRSA | B21: 1-Dados | C21: =VLOOKUP($A21,db_emp!$A$7:$N$156,2,FALSE) -> Bradesco Saúde | D21: =VLOOKUP($A21,db_emp!$A$7:$N$157,D$5,FALSE) -> Planos e Seguros | E21: =A21 -> BRSA | F21: =VLOOKUP($A21,db_emp!$A$7:$N$156,F$5,FALSE) -> BRSA | I21: 11776518 | J21: 13638863 | K21: 15582161 | L21: 17325581 | M21: 19239870 | N21: 21663875 | O21: 25418445 | P21: 25551756 | Q21: 26044220 | R21: 28850261
A22: BUTA | B22: 1-Dados | C22: =VLOOKUP($A22,db_emp!$A$7:$N$156,2,FALSE) -> Fundação Butantan | D22: =VLOOKUP($A22,db_emp!$A$7:$N$157,D$5,FALSE) -> Ind. Farmacêutica | E22: =A22 -> BUTA | F22: =VLOOKUP($A22,db_emp!$A$7:$N$156,F$5,FALSE) -> BUTA | I22: 888511 | J22: 1071883 | K22: 1535708 | L22: 2203432 | M22: 2453575 | N22: 3177775 | O22: 3587250 | P22: 7441010 | Q22: 6069219 | R22: 6654937
A23: CARE | B23: 1-Dados | C23: =VLOOKUP($A23,db_emp!$A$7:$N$156,2,FALSE) -> Care Plus | D23: =VLOOKUP($A23,db_emp!$A$7:$N$157,D$5,FALSE) -> Planos e Seguros | E23: =A23 -> CARE | F23: =VLOOKUP($A23,db_emp!$A$7:$N$156,F$5,FALSE) -> CARE | I23: 118011 | J23: 157960 | K23: 225374 | L23: 298297 | M23: 725995 | N23: 837835 | O23: 931237 | P23: 989750 | Q23: 1245156 | R23: 1662897
A24: CASS | B24: 1-Dados | C24: =VLOOKUP($A24,db_emp!$A$7:$N$156,2,FALSE) -> CASSI | D24: =VLOOKUP($A24,db_emp!$A$7:$N$157,D$5,FALSE) -> Planos e Seguros | E24: =A24 -> CASS | F24: =VLOOKUP($A24,db_emp!$A$7:$N$156,F$5,FALSE) -> CASS | I24: 1768824 | J24: 1654597 | K24: 1638994 | L24: 1549748 | M24: 1413107 | N24: 2540984 | O24: 3640883 | P24: 4074016 | Q24: 4092367 | R24: 4153504
A25: CEJA | B25: 1-Dados | C25: =VLOOKUP($A25,db_emp!$A$7:$N$156,2,FALSE) -> CEJAM | D25: =VLOOKUP($A25,db_emp!$A$7:$N$157,D$5,FALSE) -> Gestão como OS | E25: =A25 -> CEJA | F25: =VLOOKUP($A25,db_emp!$A$7:$N$156,F$5,FALSE) -> CEJA | I25: 120032 | J25: 133673 | K25: 144364 | L25: 154251 | M25: 188615 | N25: 209290 | O25: 340256 | P25: 445428 | Q25: 523955 | R25: 580306
A26: CIME | B26: 1-Dados | C26: =VLOOKUP($A26,db_emp!$A$7:$N$156,2,FALSE) -> Grupo Cimed | D26: =VLOOKUP($A26,db_emp!$A$7:$N$157,D$5,FALSE) -> Ind. Farmacêutica | E26: =A26 -> CIME | F26: =VLOOKUP($A26,db_emp!$A$7:$N$156,F$5,FALSE) -> CIME | I26: - | J26: - | K26: - | L26: 590664 | M26: 738693 | N26: 956034 | O26: 1679745 | P26: 1799608 | Q26: 1944360 | R26: 1998012
A27: CLAM | B27: 1-Dados | C27: =VLOOKUP($A27,db_emp!$A$7:$N$156,2,FALSE) -> Clamed | D27: =VLOOKUP($A27,db_emp!$A$7:$N$157,D$5,FALSE) -> Farmácias e Drogarias | E27: =A27 -> CLAM | F27: =VLOOKUP($A27,db_emp!$A$7:$N$156,F$5,FALSE) -> CLAM | I27: 332974 | J27: 424127 | K27: 516335 | L27: 563044 | M27: 623191 | N27: 926126 | O27: 1038041 | P27: 1205716 | Q27: 1423851 | R27: -
A28: DASA | B28: 1-Dados | C28: =VLOOKUP($A28,db_emp!$A$7:$N$156,2,FALSE) -> DASA | D28: =VLOOKUP($A28,db_emp!$A$7:$N$157,D$5,FALSE) -> Diagnóstico e Terapia | E28: =A28 -> DASA | F28: =VLOOKUP($A28,db_emp!$A$7:$N$156,F$5,FALSE) -> DASA | I28: 4609536 | J28: 4681796 | K28: 5164005 | L28: 6246487 | M28: 7223593 | N28: 8839181 | O28: 13343496 | P28: 23249904 | Q28: 26844191 | R28: 26213200
A29: DIME | B29: 1-Dados | C29: =VLOOKUP($A29,db_emp!$A$7:$N$156,2,FALSE) -> DIMED/Grupo Panvel | D29: =VLOOKUP($A29,db_emp!$A$7:$N$157,D$5,FALSE) -> Farmácias e Drogarias | E29: =A29 -> DIME | F29: =VLOOKUP($A29,db_emp!$A$7:$N$156,F$5,FALSE) -> DIME | I29: 717175 | J29: 771084 | K29: 840665 | L29: 960989 | M29: 1025506 | N29: 1460285 | O29: 2184840 | P29: 2372275 | Q29: 2729336 | R29: 3072057
A30: DMIL | B30: 1-Dados | C30: =VLOOKUP($A30,db_emp!$A$7:$N$156,2,FALSE) -> d1000 | D30: =VLOOKUP($A30,db_emp!$A$7:$N$157,D$5,FALSE) -> Farmácias e Drogarias | E30: =A30 -> DMIL | F30: =VLOOKUP($A30,db_emp!$A$7:$N$156,F$5,FALSE) -> PROF | I30: - | J30: - | K30: 1097135 | L30: 1006304 | M30: 1014890 | N30: 1095643 | O30: 1454977 | P30: 1470516 | Q30: 1470715 | R30: 1548519
A31: DPSP | B31: 1-Dados | C31: =VLOOKUP($A31,db_emp!$A$7:$N$156,2,FALSE) -> Grupo DPSP | D31: =VLOOKUP($A31,db_emp!$A$7:$N$157,D$5,FALSE) -> Farmácias e Drogarias | E31: =A31 -> DPSP | F31: =VLOOKUP($A31,db_emp!$A$7:$N$156,F$5,FALSE) -> DPSP | I31: 2337513 | J31: 2937411 | K31: 3136108 | L31: 3492209 | M31: 4393793 | N31: 5702624 | O31: 6532510 | P31: 6669409 | Q31: 7705531 | R31: 7967296
A32: EBSE | B32: 1-Dados | C32: =VLOOKUP($A32,db_emp!$A$7:$N$156,2,FALSE) -> EBSERH | D32: =VLOOKUP($A32,db_emp!$A$7:$N$157,D$5,FALSE) -> Redes Hospitalares | E32: =A32 -> EBSE | F32: =VLOOKUP($A32,db_emp!$A$7:$N$156,F$5,FALSE) -> EBSE | I32: 104604 | J32: 165301 | K32: 241379 | L32: 374130 | M32: 675271 | N32: 1084175 | O32: 1695114 | P32: 2050866 | Q32: 2538695 | R32: 2654429
A33: EINS | B33: 1-Dados | C33: =VLOOKUP($A33,db_emp!$A$7:$N$156,2,FALSE) -> Hospital Albert Einstein | D33: =VLOOKUP($A33,db_emp!$A$7:$N$157,D$5,FALSE) -> Redes Hospitalares | E33: =A33 -> EINS | F33: =VLOOKUP($A33,db_emp!$A$7:$N$156,F$5,FALSE) -> EINS | I33: 2775544 | J33: 3000894 | K33: - | L33: 3550389 | M33: 4332664 | N33: 5059848 | O33: 5565977 | P33: 6638439 | Q33: 7415636 | R33: 7845809
A34: ELFA | B34: 1-Dados | C34: =VLOOKUP($A34,db_emp!$A$7:$N$156,2,FALSE) -> Elfa Medicamentos | D34: =VLOOKUP($A34,db_emp!$A$7:$N$157,D$5,FALSE) -> Distribuição | E34: =A34 -> ELFA | F34: =VLOOKUP($A34,db_emp!$A$7:$N$156,F$5,FALSE) -> ELFA | I34: - | J34: - | K34: 445509 | L34: 853374 | M34: 1010656 | N34: 1280737 | O34: 3573402 | P34: 4730141 | Q34: 6372519 | R34: 6898636
A35: EMSA | B35: 1-Dados | C35: =VLOOKUP($A35,db_emp!$A$7:$N$156,2,FALSE) -> EMS | D35: =VLOOKUP($A35,db_emp!$A$7:$N$157,D$5,FALSE) -> Ind. Farmacêutica | E35: =A35 -> EMSA | F35: =VLOOKUP($A35,db_emp!$A$7:$N$156,F$5,FALSE) -> EMSA | I35: - | J35: - | K35: - | L35: 2367080 | M35: 2904209 | N35: 3458029 | O35: 3487402 | P35: 4132110 | Q35: 4856807 | R35: 5818931
A36: EURO | B36: 1-Dados | C36: =VLOOKUP($A36,db_emp!$A$7:$N$156,2,FALSE) -> Eurofarma | D36: =VLOOKUP($A36,db_emp!$A$7:$N$157,D$5,FALSE) -> Ind. Farmacêutica | E36: =A36 -> EURO | F36: =VLOOKUP($A36,db_emp!$A$7:$N$156,F$5,FALSE) -> EURO | I36: 2143266 | J36: 2490171 | K36: - | L36: 2784610 | M36: 3520739 | N36: 4734424 | O36: 6312105 | P36: 7900277 | Q36: 10239872 | R36: 15313148
A37: FABC | B37: 1-Dados | C37: =VLOOKUP($A37,db_emp!$A$7:$N$156,2,FALSE) -> Fundação do ABC | D37: =VLOOKUP($A37,db_emp!$A$7:$N$157,D$5,FALSE) -> Gestão como OS | E37: =A37 -> FABC | F37: =VLOOKUP($A37,db_emp!$A$7:$N$156,F$5,FALSE) -> FABC | I37: 482860 | J37: 491028 | K37: 521649 | L37: 504033 | M37: 518255 | N37: 458192 | O37: 491381 | P37: 443325 | Q37: 417325 | R37: 583188
A38: FFME | B38: 1-Dados | C38: =VLOOKUP($A38,db_emp!$A$7:$N$156,2,FALSE) -> FFM USP | D38: =VLOOKUP($A38,db_emp!$A$7:$N$157,D$5,FALSE) -> Redes Hospitalares | E38: =A38 -> FFME | F38: =VLOOKUP($A38,db_emp!$A$7:$N$156,F$5,FALSE) -> FFME | I38: 520517 | J38: 528256 | K38: 637798 | L38: 642109 | M38: 689288 | N38: 756198 | O38: 964899 | P38: 1129844 | Q38: 1195865 | R38: 1214841
A39: FLEU | B39: 1-Dados | C39: =VLOOKUP($A39,db_emp!$A$7:$N$156,2,FALSE) -> Fleury | D39: =VLOOKUP($A39,db_emp!$A$7:$N$157,D$5,FALSE) -> Diagnóstico e Terapia | E39: =A39 -> FLEU | F39: =VLOOKUP($A39,db_emp!$A$7:$N$156,F$5,FALSE) -> FLEU | I39: 3077690 | J39: 3204236 | K39: 3005820 | L39: 3527332 | M39: 3910448 | N39: 5096652 | O39: 5514822 | P39: 6073770 | Q39: 7791770 | R39: 11579968
A40: GEAP | B40: 1-Dados | C40: =VLOOKUP($A40,db_emp!$A$7:$N$156,2,FALSE) -> GEAP | D40: =VLOOKUP($A40,db_emp!$A$7:$N$157,D$5,FALSE) -> Planos e Seguros | E40: =A40 -> GEAP | F40: =VLOOKUP($A40,db_emp!$A$7:$N$156,F$5,FALSE) -> GEAP | I40: 953375 | J40: 1043437 | K40: 1243656 | L40: 1679806 | M40: 1842635 | N40: 1969270 | O40: 2574881 | P40: 3176761 | Q40: 3530073 | R40: 3636273
A41: GHCO | B41: 1-Dados | C41: =VLOOKUP($A41,db_emp!$A$7:$N$156,2,FALSE) -> GHC (Grupo Hospitalar Conceição) | D41: =VLOOKUP($A41,db_emp!$A$7:$N$157,D$5,FALSE) -> Redes Hospitalares | E41: =A41 -> GHCO | F41: =VLOOKUP($A41,db_emp!$A$7:$N$156,F$5,FALSE) -> GHCO | I41: 407531 | J41: 430334 | K41: 505836 | L41: 487646 | M41: 476070 | N41: 486210 | O41: 550939 | P41: 602150 | Q41: 609813 | R41: 670423
A42: GNDP | B42: 1-Dados | C42: =VLOOKUP($A42,db_emp!$A$7:$N$156,2,FALSE) -> Notre Dame Participações S.A. | D42: =VLOOKUP($A42,db_emp!$A$7:$N$157,D$5,FALSE) -> Planos e Seguros | E42: =A42 -> GNDP | F42: =VLOOKUP($A42,db_emp!$A$7:$N$156,F$5,FALSE) -> HAPV | I42: 2478653 | J42: 3112137 | K42: 3419619 | L42: 4821792 | M42: 5755866 | N42: 13148040 | O42: 15564748 | P42: 18036131 | Q42: - | R42: -
A43: GOLD | B43: 1-Dados | C43: =VLOOKUP($A43,db_emp!$A$7:$N$156,2,FALSE) -> Golden Cross/Vision Med | D43: =VLOOKUP($A43,db_emp!$A$7:$N$157,D$5,FALSE) -> Planos e Seguros | E43: =A43 -> GOLD | F43: =VLOOKUP($A43,db_emp!$A$7:$N$156,F$5,FALSE) -> GOLD | I43: - | J43: - | K43: - | L43: 837046 | M43: 867237 | N43: 847235 | O43: 895597 | P43: 964630 | Q43: 960487 | R43: 730846
A44: GSKF | B44: 1-Dados | C44: =VLOOKUP($A44,db_emp!$A$7:$N$156,2,FALSE) -> GSK Farma | D44: =VLOOKUP($A44,db_emp!$A$7:$N$157,D$5,FALSE) -> Ind. Farmacêutica | E44: =A44 -> GSKF | F44: =VLOOKUP($A44,db_emp!$A$7:$N$156,F$5,FALSE) -> GSKF | I44: - | J44: - | K44: - | L44: - | M44: - | N44: - | O44: - | P44: - | Q44: - | R44: -
A45: HAOC | B45: 1-Dados | C45: =VLOOKUP($A45,db_emp!$A$7:$N$156,2,FALSE) -> Hospital Alemão Oswaldo Cruz | D45: =VLOOKUP($A45,db_emp!$A$7:$N$157,D$5,FALSE) -> Redes Hospitalares | E45: =A45 -> HAOC | F45: =VLOOKUP($A45,db_emp!$A$7:$N$156,F$5,FALSE) -> HAOC | I45: - | J45: - | K45: - | L45: - | M45: - | N45: - | O45: - | P45: - | Q45: - | R45: -
A46: HAPV | B46: 1-Dados | C46: =VLOOKUP($A46,db_emp!$A$7:$N$156,2,FALSE) -> Hapvida | D46: =VLOOKUP($A46,db_emp!$A$7:$N$157,D$5,FALSE) -> Planos e Seguros | E46: =A46 -> HAPV | F46: =VLOOKUP($A46,db_emp!$A$7:$N$156,F$5,FALSE) -> HAPV | I46: 1055000 | J46: 1426159 | K46: 1934619 | L46: 1701679 | M46: 4876674 | N46: 12425230 | O46: 13518977 | P46: 21360055 | Q46: 73213730 | R46: 75155841
A47: HCOR | B47: 1-Dados | C47: =VLOOKUP($A47,db_emp!$A$7:$N$156,2,FALSE) -> HCOR | D47: =VLOOKUP($A47,db_emp!$A$7:$N$157,D$5,FALSE) -> Redes Hospitalares | E47: =A47 -> HCOR | F47: =VLOOKUP($A47,db_emp!$A$7:$N$156,F$5,FALSE) -> HCOR | I47: - | J47: - | K47: - | L47: - | M47: - | N47: 766298 | O47: 858025 | P47: 982920 | Q47: 1005442 | R47: 1042362
A48: HEBR | B48: 1-Dados | C48: =VLOOKUP($A48,db_emp!$A$7:$N$156,2,FALSE) -> Hemobrás | D48: =VLOOKUP($A48,db_emp!$A$7:$N$157,D$5,FALSE) -> Ind. Farmacêutica | E48: =A48 -> HEBR | F48: =VLOOKUP($A48,db_emp!$A$7:$N$156,F$5,FALSE) -> HEBR | I48: 813136.56 | J48: 1103705.3 | K48: 1154791.2 | L48: 1450199.3 | M48: 1741262.5 | N48: 1868997.2 | O48: 2066122.1 | P48: 2143698.8 | Q48: 2287629.3 | R48: 2817582.4
A49: HEPA | B49: 1-Dados | C49: =VLOOKUP($A49,db_emp!$A$7:$N$156,2,FALSE) -> Hermes Pardini | D49: =VLOOKUP($A49,db_emp!$A$7:$N$157,D$5,FALSE) -> Diagnóstico e Terapia | E49: =A49 -> HEPA | F49: =VLOOKUP($A49,db_emp!$A$7:$N$156,F$5,FALSE) -> FLEU | I49: 705818 | J49: 797291 | K49: 1019487 | L49: 1144135 | M49: 1245637 | N49: 1625791 | O49: 1969262 | P49: 2310217 | Q49: 2553981 | R49: -
A50: HOCA | B50: 1-Dados | C50: =VLOOKUP($A50,db_emp!$A$7:$N$156,2,FALSE) -> Hospital Care | D50: =VLOOKUP($A50,db_emp!$A$7:$N$157,D$5,FALSE) -> Redes Hospitalares | E50: =A50 -> HOCA | F50: =VLOOKUP($A50,db_emp!$A$7:$N$156,F$5,FALSE) -> HOCA | I50: - | J50: - | K50: - | L50: 475763 | M50: 828892 | N50: 978202 | O50: 2045146 | P50: 1537691 | Q50: 2636309 | R50: 2660274
A51: HYPE | B51: 1-Dados | C51: =VLOOKUP($A51,db_emp!$A$7:$N$156,2,FALSE) -> Hypera Pharma | D51: =VLOOKUP($A51,db_emp!$A$7:$N$157,D$5,FALSE) -> Ind. Farmacêutica | E51: =A51 -> HYPE | F51: =VLOOKUP($A51,db_emp!$A$7:$N$156,F$5,FALSE) -> HYPE | I51: 13887691 | J51: 15718125 | K51: 11384034 | L51: 10130437 | M51: 10556983 | N51: 11919475 | O51: 17249810 | P51: 19817962 | Q51: 23755633 | R51: 23819609
A52: IMPA | B52: 1-Dados | C52: =VLOOKUP($A52,db_emp!$A$7:$N$156,2,FALSE) -> Rede Ímpar | D52: =VLOOKUP($A52,db_emp!$A$7:$N$157,D$5,FALSE) -> Redes Hospitalares | E52: =A52 -> IMPA | F52: =VLOOKUP($A52,db_emp!$A$7:$N$156,F$5,FALSE) -> DASA | I52: - | J52: 1036738 | K52: 1216920 | L52: 1520469 | M52: 1635245 | N52: 3077283 | O52: 3254189 | P52: 9936769 | Q52: - | R52: -
A53: KORA | B53: 1-Dados | C53: =VLOOKUP($A53,db_emp!$A$7:$N$156,2,FALSE) -> Kora Saúde | D53: =VLOOKUP($A53,db_emp!$A$7:$N$157,D$5,FALSE) -> Redes Hospitalares | E53: =A53 -> KORA | F53: =VLOOKUP($A53,db_emp!$A$7:$N$156,F$5,FALSE) -> KORA | I53: - | J53: - | K53: - | L53: 191770 | M53: 274261 | N53: 674439 | O53: 1101449 | P53: 3941835 | Q53: 4724092 | R53: 4704610
A54: LIBB | B54: 1-Dados | C54: =VLOOKUP($A54,db_emp!$A$7:$N$156,2,FALSE) -> Libbs | D54: =VLOOKUP($A54,db_emp!$A$7:$N$157,D$5,FALSE) -> Ind. Farmacêutica | E54: =A54 -> LIBB | F54: =VLOOKUP($A54,db_emp!$A$7:$N$156,F$5,FALSE) -> LIBB | I54: - | J54: - | K54: - | L54: - | M54: - | N54: 2179879 | O54: 2392481 | P54: 2597698 | Q54: 2900312 | R54: 3322592
A55: MDEI | B55: 1-Dados | C55: =VLOOKUP($A55,db_emp!$A$7:$N$156,2,FALSE) -> Mater Dei | D55: =VLOOKUP($A55,db_emp!$A$7:$N$157,D$5,FALSE) -> Redes Hospitalares | E55: =A55 -> MDEI | F55: =VLOOKUP($A55,db_emp!$A$7:$N$156,F$5,FALSE) -> MDEI | I55: 789077 | J55: 879164 | K55: 938998 | L55: 1023213 | M55: 1198346 | N55: 1320307 | O55: 1183929 | P55: 4090778 | Q55: 4933164 | R55: 5171451
A56: MEDL | B56: 1-Dados | C56: =VLOOKUP($A56,db_emp!$A$7:$N$156,2,FALSE) -> Medley | D56: =VLOOKUP($A56,db_emp!$A$7:$N$157,D$5,FALSE) -> Ind. Farmacêutica | E56: =A56 -> MEDL | F56: =VLOOKUP($A56,db_emp!$A$7:$N$156,F$5,FALSE) -> SANO | I56: 839106 | J56: 987590 | K56: 1143972 | L56: 2682148 | M56: - | N56: - | O56: - | P56: - | Q56: - | R56: -
A57: MERC | B57: 1-Dados | C57: =VLOOKUP($A57,db_emp!$A$7:$N$156,2,FALSE) -> Merck S.A. | D57: =VLOOKUP($A57,db_emp!$A$7:$N$157,D$5,FALSE) -> Ind. Farmacêutica | E57: =A57 -> MERC | F57: =VLOOKUP($A57,db_emp!$A$7:$N$156,F$5,FALSE) -> MERC | I57: - | J57: - | K57: - | L57: - | M57: - | N57: - | O57: 1424180 | P57: 1424180 | Q57: 2055321 | R57: 1876915
A58: MOVE | B58: 1-Dados | C58: =VLOOKUP($A58,db_emp!$A$7:$N$156,2,FALSE) -> Hospital Moinhos de Vento | D58: =VLOOKUP($A58,db_emp!$A$7:$N$157,D$5,FALSE) -> Redes Hospitalares | E58: =A58 -> MOVE | F58: =VLOOKUP($A58,db_emp!$A$7:$N$156,F$5,FALSE) -> MOVE | I58: - | J58: - | K58: - | L58: - | M58: - | N58: - | O58: - | P58: 1117513 | Q58: 1275980 | R58: 1499440
A59: NISS | B59: 1-Dados | C59: =VLOOKUP($A59,db_emp!$A$7:$N$156,2,FALSE) -> Nissei | D59: =VLOOKUP($A59,db_emp!$A$7:$N$157,D$5,FALSE) -> Farmácias e Drogarias | E59: =A59 -> NISS | F59: =VLOOKUP($A59,db_emp!$A$7:$N$156,F$5,FALSE) -> NISS | I59: 444288 | J59: 447615 | K59: 516039 | L59: 657138 | M59: 731084 | N59: 966479 | O59: 1000009 | P59: 1083363 | Q59: 1209105 | R59: 1668841
A60: NNOR | B60: 1-Dados | C60: =VLOOKUP($A60,db_emp!$A$7:$N$156,2,FALSE) -> Novo Nordisk | D60: =VLOOKUP($A60,db_emp!$A$7:$N$157,D$5,FALSE) -> Ind. Farmacêutica | E60: =A60 -> NNOR | F60: =VLOOKUP($A60,db_emp!$A$7:$N$156,F$5,FALSE) -> NNOR | I60: 2350430 | J60: 1817716 | K60: 1408029 | L60: 1013946 | M60: 1036240 | N60: 1218231 | O60: 1436050 | P60: - | Q60: - | R60: -
A61: NOVA | B61: 1-Dados | C61: =VLOOKUP($A61,db_emp!$A$7:$N$156,2,FALSE) -> Novartis | D61: =VLOOKUP($A61,db_emp!$A$7:$N$157,D$5,FALSE) -> Ind. Farmacêutica | E61: =A61 -> NOVA | F61: =VLOOKUP($A61,db_emp!$A$7:$N$156,F$5,FALSE) -> NOVA | I61: 2439159 | J61: 2622502 | K61: 2405650 | L61: 2365125 | M61: 2754899 | N61: 2720310 | O61: 2167097 | P61: 2176170 | Q61: 1977807 | R61: 2498905
A62: ODON | B62: 1-Dados | C62: =VLOOKUP($A62,db_emp!$A$7:$N$156,2,FALSE) -> Odontoprev | D62: =VLOOKUP($A62,db_emp!$A$7:$N$157,D$5,FALSE) -> Planos e Seguros | E62: =A62 -> ODON | F62: =VLOOKUP($A62,db_emp!$A$7:$N$156,F$5,FALSE) -> BRSA | I62: 1087347 | J62: 1180695 | K62: 1327278 | L62: 1362352 | M62: 1571572 | N62: 1708498 | O62: 1859934 | P62: 1860898 | Q62: 1835495 | R62: 2113074
A63: OMIN | B63: 1-Dados | C63: =VLOOKUP($A63,db_emp!$A$7:$N$156,2,FALSE) -> Omint | D63: =VLOOKUP($A63,db_emp!$A$7:$N$157,D$5,FALSE) -> Planos e Seguros | E63: =A63 -> OMIN | F63: =VLOOKUP($A63,db_emp!$A$7:$N$156,F$5,FALSE) -> OMIN | I63: - | J63: - | K63: - | L63: 570599 | M63: 672189 | N63: 803107 | O63: 1005767 | P63: 965086 | Q63: 951772 | R63: 871409
A64: ONCC | B64: 1-Dados | C64: =VLOOKUP($A64,db_emp!$A$7:$N$156,2,FALSE) -> Oncoclínicas | D64: =VLOOKUP($A64,db_emp!$A$7:$N$157,D$5,FALSE) -> Diagnóstico e Terapia | E64: =A64 -> ONCC | F64: =VLOOKUP($A64,db_emp!$A$7:$N$156,F$5,FALSE) -> ONCC | I64: 360934 | J64: 522456 | K64: 619070 | L64: 786424 | M64: 1348318 | N64: 2110275 | O64: 3393464 | P64: 6032410 | Q64: 8219779 | R64: 9181154
A65: PGME | B65: 1-Dados | C65: =VLOOKUP($A65,db_emp!$A$7:$N$156,2,FALSE) -> Pague Menos | D65: =VLOOKUP($A65,db_emp!$A$7:$N$157,D$5,FALSE) -> Farmácias e Drogarias | E65: =A65 -> PGME | F65: =VLOOKUP($A65,db_emp!$A$7:$N$156,F$5,FALSE) -> PGME | I65: 2234853 | J65: 3022053 | K65: 2774325 | L65: 2915570 | M65: 3376885 | N65: 4807686 | O65: 5753778 | P65: 6573254 | Q65: 8597424 | R65: 8988598
A66: POSA | B66: 1-Dados | C66: =VLOOKUP($A66,db_emp!$A$7:$N$156,2,FALSE) -> Porto Saúde | D66: =VLOOKUP($A66,db_emp!$A$7:$N$157,D$5,FALSE) -> Planos e Seguros | E66: =A66 -> POSA | F66: =VLOOKUP($A66,db_emp!$A$7:$N$156,F$5,FALSE) -> POSA | I66: 547142 | J66: 584272 | K66: 658745 | L66: 754876 | M66: 925895 | N66: 994248 | O66: 1125871 | P66: 1347809 | Q66: 1896439 | R66: 2465103
A67: PRAT | B67: 1-Dados | C67: =VLOOKUP($A67,db_emp!$A$7:$N$156,2,FALSE) -> Prati-Donaduzzi | D67: =VLOOKUP($A67,db_emp!$A$7:$N$157,D$5,FALSE) -> Ind. Farmacêutica | E67: =A67 -> PRAT | F67: =VLOOKUP($A67,db_emp!$A$7:$N$156,F$5,FALSE) -> PRAT | I67: - | J67: - | K67: 645422 | L67: 728518 | M67: 802497 | N67: 978605 | O67: 1162957 | P67: 1417681 | Q67: 1616001 | R67: 1955698
A68: PREV | B68: 1-Dados | C68: =VLOOKUP($A68,db_emp!$A$7:$N$156,2,FALSE) -> PreventSenior | D68: =VLOOKUP($A68,db_emp!$A$7:$N$157,D$5,FALSE) -> Planos e Seguros | E68: =A68 -> PREV | F68: =VLOOKUP($A68,db_emp!$A$7:$N$156,F$5,FALSE) -> PREV | I68: 352569 | J68: 576960 | K68: 731868 | L68: 853028 | M68: 1165000 | N68: 1564805 | O68: 2044679 | P68: 2469575 | Q68: 4514423 | R68: 4553755
A69: PROF | B69: 1-Dados | C69: =VLOOKUP($A69,db_emp!$A$7:$N$156,2,FALSE) -> Profarma | D69: =VLOOKUP($A69,db_emp!$A$7:$N$157,D$5,FALSE) -> Distribuição | E69: =A69 -> PROF | F69: =VLOOKUP($A69,db_emp!$A$7:$N$156,F$5,FALSE) -> PROF | I69: 1646312 | J69: 1842905 | K69: 2020533 | L69: 1991530 | M69: 2477948 | N69: 2667450 | O69: 2894733 | P69: 3188849 | Q69: 3628401 | R69: 4215273
A70: PSPE | B70: 1-Dados | C70: =VLOOKUP($A70,db_emp!$A$7:$N$156,2,FALSE) -> Profarma Specialty | D70: =VLOOKUP($A70,db_emp!$A$7:$N$157,D$5,FALSE) -> Distribuição | E70: =A70 -> PSPE | F70: =VLOOKUP($A70,db_emp!$A$7:$N$156,F$5,FALSE) -> VIVE | I70: - | J70: - | K70: - | L70: 400576 | M70: 472537 | N70: 417877 | O70: 504747 | P70: 580191 | Q70: 555505 | R70: -
A71: QUAL | B71: 1-Dados | C71: =VLOOKUP($A71,db_emp!$A$7:$N$156,2,FALSE) -> Qualicorp | D71: =VLOOKUP($A71,db_emp!$A$7:$N$157,D$5,FALSE) -> Planos e Seguros | E71: =A71 -> QUAL | F71: =VLOOKUP($A71,db_emp!$A$7:$N$156,F$5,FALSE) -> QUAL | I71: 3787756 | J71: 3434432 | K71: 3589787 | L71: 3531358 | M71: 3550686 | N71: 3357387 | O71: 4406978 | P71: 4403581 | Q71: 4512028 | R71: 4509325
A72: RAIA | B72: 1-Dados | C72: =VLOOKUP($A72,db_emp!$A$7:$N$156,2,FALSE) -> Raia Drogasil | D72: =VLOOKUP($A72,db_emp!$A$7:$N$157,D$5,FALSE) -> Farmácias e Drogarias | E72: =A72 -> RAIA | F72: =VLOOKUP($A72,db_emp!$A$7:$N$156,F$5,FALSE) -> RAIA | I72: 4049289 | J72: 4699201 | K72: 5659303 | L72: 6464249 | M72: 7352005 | N72: 12248255 | O72: 13828088 | P72: 14775506 | Q72: 17185306 | R72: 20094412
A73: RDOR | B73: 1-Dados | C73: =VLOOKUP($A73,db_emp!$A$7:$N$156,2,FALSE) -> Rede D'Or | D73: =VLOOKUP($A73,db_emp!$A$7:$N$157,D$5,FALSE) -> Redes Hospitalares | E73: =A73 -> RDOR | F73: =VLOOKUP($A73,db_emp!$A$7:$N$156,F$5,FALSE) -> RDOR | I73: 6297697 | J73: 10168953 | K73: 12297832 | L73: 14712578 | M73: 19028904 | N73: 26599665 | O73: 45657044 | P73: 51970614 | Q73: 86678327 | R73: 90342356
A74: ROCH | B74: 1-Dados | C74: =VLOOKUP($A74,db_emp!$A$7:$N$156,2,FALSE) -> Roche | D74: =VLOOKUP($A74,db_emp!$A$7:$N$157,D$5,FALSE) -> Ind. Farmacêutica | E74: =A74 -> ROCH | F74: =VLOOKUP($A74,db_emp!$A$7:$N$156,F$5,FALSE) -> ROCH | I74: 1676143 | J74: 1947072 | K74: 2127272 | L74: 2451518 | M74: 2761334 | N74: 2652160 | O74: 2702340 | P74: 2606858 | Q74: 2631366 | R74: 2957024
A75: RSAR | B75: 1-Dados | C75: =VLOOKUP($A75,db_emp!$A$7:$N$156,2,FALSE) -> Rede Sarah (Associação das Pioneiras Sociais) | D75: =VLOOKUP($A75,db_emp!$A$7:$N$157,D$5,FALSE) -> Redes Hospitalares | E75: =A75 -> RSAR | F75: =VLOOKUP($A75,db_emp!$A$7:$N$156,F$5,FALSE) -> RSAR | I75: 996654 | J75: - | K75: 1211738 | L75: 1313720 | M75: 1459218 | N75: 1683128 | O75: 1729598 | P75: 1833252 | Q75: 1985015 | R75: 2177924
A76: SABI | B76: 1-Dados | C76: =VLOOKUP($A76,db_emp!$A$7:$N$156,2,FALSE) -> Sabin | D76: =VLOOKUP($A76,db_emp!$A$7:$N$157,D$5,FALSE) -> Diagnóstico e Terapia | E76: =A76 -> SABI | F76: =VLOOKUP($A76,db_emp!$A$7:$N$156,F$5,FALSE) -> SABI | I76: - | J76: - | K76: - | L76: - | M76: 549582 | N76: 959301 | O76: 1067837 | P76: 1146345 | Q76: 1259436 | R76: 1215429
A77: SANO | B77: 1-Dados | C77: =VLOOKUP($A77,db_emp!$A$7:$N$156,2,FALSE) -> Sanofi Medley | D77: =VLOOKUP($A77,db_emp!$A$7:$N$157,D$5,FALSE) -> Ind. Farmacêutica | E77: =A77 -> SANO | F77: =VLOOKUP($A77,db_emp!$A$7:$N$156,F$5,FALSE) -> SANO | I77: - | J77: - | K77: - | L77: - | M77: 5207254 | N77: 5313293 | O77: 4734895 | P77: 5102046 | Q77: 5148188 | R77: 4626924
A78: SAVE | B78: 1-Dados | C78: =VLOOKUP($A78,db_emp!$A$7:$N$156,2,FALSE) -> Sanofi Aventis | D78: =VLOOKUP($A78,db_emp!$A$7:$N$157,D$5,FALSE) -> Ind. Farmacêutica | E78: =A78 -> SAVE | F78: =VLOOKUP($A78,db_emp!$A$7:$N$156,F$5,FALSE) -> SANO | I78: 3500919 | J78: 3757001 | K78: 2588594 | L78: 2429326 | M78: - | N78: - | O78: - | P78: - | Q78: - | R78: -
A79: SBSC | B79: 1-Dados | C79: =VLOOKUP($A79,db_emp!$A$7:$N$156,2,FALSE) -> Sociedade Beneficente São Camilo (Hospital São Camilo) | D79: =VLOOKUP($A79,db_emp!$A$7:$N$157,D$5,FALSE) -> Redes Hospitalares | E79: =A79 -> SBSC | F79: =VLOOKUP($A79,db_emp!$A$7:$N$156,F$5,FALSE) -> SBSC | I79: - | J79: - | K79: - | L79: - | M79: - | N79: - | O79: 3030447 | P79: 3263603 | Q79: 3251059 | R79: 3336008
A80: SCPA | B80: 1-Dados | C80: =VLOOKUP($A80,db_emp!$A$7:$N$156,2,FALSE) -> Santa Casa de Porto Alegre | D80: =VLOOKUP($A80,db_emp!$A$7:$N$157,D$5,FALSE) -> Redes Hospitalares | E80: =A80 -> SCPA | F80: =VLOOKUP($A80,db_emp!$A$7:$N$156,F$5,FALSE) -> SCPA | I80: 700738 | J80: 687509 | K80: 708553 | L80: 744796 | M80: 901033 | N80: 1027678 | O80: 1172060 | P80: 1357631 | Q80: 1601965 | R80: 1908748
A81: SECO | B81: 1-Dados | C81: =VLOOKUP($A81,db_emp!$A$7:$N$156,2,FALSE) -> Seconci | D81: =VLOOKUP($A81,db_emp!$A$7:$N$157,D$5,FALSE) -> Gestão como OS | E81: =A81 -> SECO | F81: =VLOOKUP($A81,db_emp!$A$7:$N$156,F$5,FALSE) -> SECO | I81: 136567 | J81: 145710 | K81: 188044 | L81: 211748 | M81: 213890 | N81: 191835 | O81: 284010 | P81: 272721 | Q81: 340891 | R81: 371114
A82: SILI | B82: 1-Dados | C82: =VLOOKUP($A82,db_emp!$A$7:$N$156,2,FALSE) -> Hospital Sírio Libanês | D82: =VLOOKUP($A82,db_emp!$A$7:$N$157,D$5,FALSE) -> Redes Hospitalares | E82: =A82 -> SILI | F82: =VLOOKUP($A82,db_emp!$A$7:$N$156,F$5,FALSE) -> SILI | I82: 1837744 | J82: - | K82: - | L82: - | M82: - | N82: 2757337 | O82: 2869159 | P82: 2847185 | Q82: 3147202 | R82: 3487478
A83: SOLF | B83: 1-Dados | C83: =VLOOKUP($A83,db_emp!$A$7:$N$156,2,FALSE) -> Solfarma | D83: =VLOOKUP($A83,db_emp!$A$7:$N$157,D$5,FALSE) -> Distribuição | E83: =A83 -> SOLF | F83: =VLOOKUP($A83,db_emp!$A$7:$N$156,F$5,FALSE) -> SOLF | I83: - | J83: - | K83: - | L83: 217657 | M83: 229455 | N83: 242382 | O83: 244095 | P83: 320688 | Q83: 456081 | R83: 579367
A84: SPDM | B84: 1-Dados | C84: =VLOOKUP($A84,db_emp!$A$7:$N$156,2,FALSE) -> SPDM Hospital São Paulo | D84: =VLOOKUP($A84,db_emp!$A$7:$N$157,D$5,FALSE) -> Gestão como OS | E84: =A84 -> SPDM | F84: =VLOOKUP($A84,db_emp!$A$7:$N$156,F$5,FALSE) -> SPDM | I84: 4762759 | J84: 6580563 | K84: 9816996 | L84: 9327462 | M84: 8107178 | N84: 9486318 | O84: 8596281 | P84: 13625562 | Q84: 14503626 | R84: 13492361
A85: SULA | B85: 1-Dados | C85: =VLOOKUP($A85,db_emp!$A$7:$N$156,2,FALSE) -> SulAmérica | D85: =VLOOKUP($A85,db_emp!$A$7:$N$157,D$5,FALSE) -> Planos e Seguros | E85: =A85 -> SULA | F85: =VLOOKUP($A85,db_emp!$A$7:$N$156,F$5,FALSE) -> RDOR | I85: 18510274 | J85: 20042735 | K85: 21808563 | L85: 23449518 | M85: 25703769 | N85: 28412451 | O85: 27869121 | P85: 29064884 | Q85: - | R85: -
A86: TEUT | B86: 1-Dados | C86: =VLOOKUP($A86,db_emp!$A$7:$N$156,2,FALSE) -> Teuto | D86: =VLOOKUP($A86,db_emp!$A$7:$N$157,D$5,FALSE) -> Ind. Farmacêutica | E86: =A86 -> TEUT | F86: =VLOOKUP($A86,db_emp!$A$7:$N$156,F$5,FALSE) -> TEUT | I86: 789462 | J86: 976873 | K86: - | L86: 1035337 | M86: 1033689 | N86: 1121277 | O86: 1244685 | P86: 1353262 | Q86: 1425247 | R86: 1707541
A87: UMBE | B87: 1-Dados | C87: =VLOOKUP($A87,db_emp!$A$7:$N$156,2,FALSE) -> Unimed Belém | D87: =VLOOKUP($A87,db_emp!$A$7:$N$157,D$5,FALSE) -> Planos e Seguros | E87: =A87 -> UMBE | F87: =VLOOKUP($A87,db_emp!$A$7:$N$156,F$5,FALSE) -> UMBE | I87: 201914 | J87: 249340 | K87: 382010 | L87: 459281 | M87: 520868 | N87: 545174 | O87: 717827 | P87: 743451 | Q87: 727937 | R87: 742835
A88: UMBH | B88: 1-Dados | C88: =VLOOKUP($A88,db_emp!$A$7:$N$156,2,FALSE) -> Unimed BH | D88: =VLOOKUP($A88,db_emp!$A$7:$N$157,D$5,FALSE) -> Planos e Seguros | E88: =A88 -> UMBH | F88: =VLOOKUP($A88,db_emp!$A$7:$N$156,F$5,FALSE) -> UMBH | I88: 1753943 | J88: 1916040 | K88: 2246798 | L88: 2823535 | M88: 3177652 | N88: 3634983 | O88: 4202489 | P88: 4659148 | Q88: 4808935 | R88: 5156794
A89: UMCE | B89: 1-Dados | C89: =VLOOKUP($A89,db_emp!$A$7:$N$156,2,FALSE) -> Unimed Central Nacional | D89: =VLOOKUP($A89,db_emp!$A$7:$N$157,D$5,FALSE) -> Planos e Seguros | E89: =A89 -> UMCE | F89: =VLOOKUP($A89,db_emp!$A$7:$N$156,F$5,FALSE) -> UMCE | I89: 1043733 | J89: 1213965 | K89: 1347205 | L89: 1629994 | M89: 1968140 | N89: 2590620 | O89: 3122583 | P89: 3382999 | Q89: 3833889 | R89: 3856471
A90: UMCP | B90: 1-Dados | C90: =VLOOKUP($A90,db_emp!$A$7:$N$156,2,FALSE) -> Unimed Campinas | D90: =VLOOKUP($A90,db_emp!$A$7:$N$157,D$5,FALSE) -> Planos e Seguros | E90: =A90 -> UMCP | F90: =VLOOKUP($A90,db_emp!$A$7:$N$156,F$5,FALSE) -> UMCP | I90: - | J90: - | K90: 574350 | L90: 680312 | M90: 767678 | N90: 830345 | O90: 1087116 | P90: 1383038 | Q90: 1406823 | R90: 1612324
A91: UMCR | B91: 1-Dados | C91: =VLOOKUP($A91,db_emp!$A$7:$N$156,2,FALSE) -> Unimed Curitiba | D91: =VLOOKUP($A91,db_emp!$A$7:$N$157,D$5,FALSE) -> Planos e Seguros | E91: =A91 -> UMCR | F91: =VLOOKUP($A91,db_emp!$A$7:$N$156,F$5,FALSE) -> UMCR | I91: 823076 | J91: 968648 | K91: 989520 | L91: 1113999 | M91: 1259100 | N91: 1422820 | O91: 1671428 | P91: 1700589 | Q91: 1803681 | R91: 1904927
A92: UMCU | B92: 1-Dados | C92: =VLOOKUP($A92,db_emp!$A$7:$N$156,2,FALSE) -> Unimed Cuiabá | D92: =VLOOKUP($A92,db_emp!$A$7:$N$157,D$5,FALSE) -> Planos e Seguros | E92: =A92 -> UMCU | F92: =VLOOKUP($A92,db_emp!$A$7:$N$156,F$5,FALSE) -> UMCU | I92: 313353 | J92: 324030 | K92: 365853 | L92: 434202 | M92: 453930 | N92: 464908 | O92: 503357 | P92: 562054 | Q92: 609034 | R92: 564686
A93: UMFL | B93: 1-Dados | C93: =VLOOKUP($A93,db_emp!$A$7:$N$156,2,FALSE) -> Unimed Florianópolis | D93: =VLOOKUP($A93,db_emp!$A$7:$N$157,D$5,FALSE) -> Planos e Seguros | E93: =A93 -> UMFL | F93: =VLOOKUP($A93,db_emp!$A$7:$N$156,F$5,FALSE) -> UMFL | I93: 341087 | J93: 399393 | K93: 414384 | L93: 466894 | M93: 495442 | N93: 557429 | O93: 718670 | P93: 804792 | Q93: 896570 | R93: 948990
A94: UMFO | B94: 1-Dados | C94: =VLOOKUP($A94,db_emp!$A$7:$N$156,2,FALSE) -> Unimed Fortaleza | D94: =VLOOKUP($A94,db_emp!$A$7:$N$157,D$5,FALSE) -> Planos e Seguros | E94: =A94 -> UMFO | F94: =VLOOKUP($A94,db_emp!$A$7:$N$156,F$5,FALSE) -> UMFO | I94: 670279 | J94: 767487 | K94: 842004 | L94: 892180 | M94: 980269 | N94: 1108695 | O94: 1250363 | P94: 1294164 | Q94: 1376158 | R94: 1439892
A95: UMGO | B95: 1-Dados | C95: =VLOOKUP($A95,db_emp!$A$7:$N$156,2,FALSE) -> Unimed Goiânia | D95: =VLOOKUP($A95,db_emp!$A$7:$N$157,D$5,FALSE) -> Planos e Seguros | E95: =A95 -> UMGO | F95: =VLOOKUP($A95,db_emp!$A$7:$N$156,F$5,FALSE) -> UMGO | I95: - | J95: - | K95: - | L95: 814129 | M95: 788933 | N95: 873921 | O95: 976955 | P95: 1035901 | Q95: 1120971 | R95: 1106575
A96: UMNA | B96: 1-Dados | C96: =VLOOKUP($A96,db_emp!$A$7:$N$156,2,FALSE) -> Unimed Natal | D96: =VLOOKUP($A96,db_emp!$A$7:$N$157,D$5,FALSE) -> Planos e Seguros | E96: =A96 -> UMNA | F96: =VLOOKUP($A96,db_emp!$A$7:$N$156,F$5,FALSE) -> UMNA | I96: - | J96: - | K96: - | L96: 348447 | M96: 427984 | N96: 471045 | O96: 544510 | P96: 641478 | Q96: 659080 | R96: 703698
A97: UMPA | B97: 1-Dados | C97: =VLOOKUP($A97,db_emp!$A$7:$N$156,2,FALSE) -> Unimed Porto Alegre | D97: =VLOOKUP($A97,db_emp!$A$7:$N$157,D$5,FALSE) -> Planos e Seguros | E97: =A97 -> UMPA | F97: =VLOOKUP($A97,db_emp!$A$7:$N$156,F$5,FALSE) -> UMPA | I97: 649146 | J97: 784377 | K97: 921187 | L97: 1071397 | M97: 1234178 | N97: 1508862 | O97: 1934425 | P97: 1963987 | Q97: 2282317 | R97: 2593751
A98: UMRE | B98: 1-Dados | C98: =VLOOKUP($A98,db_emp!$A$7:$N$156,2,FALSE) -> Unimed Recife | D98: =VLOOKUP($A98,db_emp!$A$7:$N$157,D$5,FALSE) -> Planos e Seguros | E98: =A98 -> UMRE | F98: =VLOOKUP($A98,db_emp!$A$7:$N$156,F$5,FALSE) -> UMRE | I98: - | J98: - | K98: - | L98: 545017 | M98: 643461 | N98: 691250 | O98: 725439 | P98: 706151 | Q98: 955557 | R98: 962667
A99: UMRJ | B99: 1-Dados | C99: =VLOOKUP($A99,db_emp!$A$7:$N$156,2,FALSE) -> Unimed Rio | D99: =VLOOKUP($A99,db_emp!$A$7:$N$157,D$5,FALSE) -> Planos e Seguros | E99: =A99 -> UMRJ | F99: =VLOOKUP($A99,db_emp!$A$7:$N$156,F$5,FALSE) -> UMRJ | I99: 2076025 | J99: 1896245 | K99: 2161033 | L99: 1950963 | M99: 2084371 | N99: 1645136 | O99: 1863646 | P99: 2113082 | Q99: 2154750 | R99: 2121048
A100: UMVI | B100: 1-Dados | C100: =VLOOKUP($A100,db_emp!$A$7:$N$156,2,FALSE) -> Unimed Vitória | D100: =VLOOKUP($A100,db_emp!$A$7:$N$157,D$5,FALSE) -> Planos e Seguros | E100: =A100 -> UMVI | F100: =VLOOKUP($A100,db_emp!$A$7:$N$156,F$5,FALSE) -> UMVI | I100: - | J100: - | K100: - | L100: 572337 | M100: 599233 | N100: 671804 | O100: 820492 | P100: 840029 | Q100: 980038 | R100: 1079076
...

Sheet PL
A1: PATR. LÍQUIDO | H1: Soma | I1: =SUM(I7:I203) -> 55571121 | J1: =SUM(J7:J203) -> 62386152 | K1: =SUM(K7:K203) -> 68045473 | L1: =SUM(L7:L203) -> 87484110 | M1: =SUM(M7:M203) -> 1.0432927e+08 | N1: =SUM(N7:N203) -> 1.2568036e+08 | O1: =SUM(O7:O203) -> 1.5417047e+08 | P1: =SUM(P7:P203) -> 1.809502e+08 | ... R1: =SUM(R7:R203) -> 2.2152527e+08
H2: N. Empr. | I2: =COUNT(I7:I203) -> 67 | J2: =COUNT(J7:J203) -> 68 | K2: =COUNT(K7:K203) -> 72 | L2: =COUNT(L7:L203) -> 87 | M2: =COUNT(M7:M203) -> 88 | N2: =COUNT(N7:N203) -> 91 | O2: =COUNT(O7:O203) -> 93 | P2: =COUNT(P7:P203) -> 92 | ... R2: =COUNT(R7:R203) -> 85
A3: R$ Correntes | H3: Média | I3: =I1/I2 -> 829419.72 | J3: =J1/J2 -> 917443.41 | K3: =K1/K2 -> 945076.01 | L3: =L1/L2 -> 1005564.5 | M3: =M1/M2 -> 1185559.9 | N3: =N1/N2 -> 1381102.9 | O3: =O1/O2 -> 1657747 | P3: =P1/P2 -> 1966850 | ... R3: =R1/R2 -> 2606179.7
A4: Milhares | H4: Cont.vazios | I4: =COUNTBLANK(I7:I104) -> 0 | J4: =COUNTBLANK(J7:J104) -> 0 | K4: =COUNTBLANK(K7:K104) -> 0 | L4: =COUNTBLANK(L7:L104) -> 0 | M4: =COUNTBLANK(M7:M104) -> 0 | N4: =COUNTBLANK(N7:N104) -> 0 | O4: =COUNTBLANK(O7:O104) -> 0 | P4: =COUNTBLANK(P7:P104) -> 0 | ... R4: =COUNTBLANK(R7:R104) -> 0
D5: 6 | F5: 5 | G5: 14 | H5: =G5+1 -> 15
A6: Cod4 | B6: Tipo | C6: Grupo Empresarial | D6: Subsetor de origem | E6: Cod4 | F6: Grupo | I6: 2014 | J6: 2015 | K6: 2016 | L6: 2017 | M6: 2018 | N6: 2019 | O6: 2020 | P6: 2021 | Q6: 2022 | R6: 2023
A7: ACCA | B7: 1-Dados | C7: =VLOOKUP($A7,db_emp!$A$7:$N$156,2,FALSE) -> A.C. Camargo Cancer Center | D7: =VLOOKUP($A7,db_emp!$A$7:$N$157,D$5,FALSE) -> Redes Hospitalares | E7: =A7 -> ACCA | F7: =VLOOKUP($A7,db_emp!$A$7:$N$156,4,FALSE) -> ACCA | I7: - | J7: 1356294 | K7: 1750170 | L7: 2073539 | M7: 2333589 | N7: 2467248 | O7: 2481610 | P7: 2527970 | Q7: 2793359 | R7: 3099948
A8: ACHE | B8: 1-Dados | C8: =VLOOKUP($A8,db_emp!$A$7:$N$156,2,FALSE) -> Aché | D8: =VLOOKUP($A8,db_emp!$A$7:$N$157,D$5,FALSE) -> Ind. Farmacêutica | E8: =A8 -> ACHE | F8: =VLOOKUP(E8,db_emp!$D$7:$E$156,2,FALSE) -> ACHE | I8: 1140856 | J8: 1354650 | K8: 1455930 | L8: 1524510 | M8: 1557584 | N8: 1697229 | O8: 1831111 | P8: 1860953 | Q8: 2325309 | R8: 2363550
A9: ACSC | B9: 1-Dados | C9: =VLOOKUP($A9,db_emp!$A$7:$N$156,2,FALSE) -> Assoc. Congreg. Santa Catarina (Hospital Santa Catarina) | D9: =VLOOKUP($A9,db_emp!$A$7:$N$157,D$5,FALSE) -> Redes Hospitalares | E9: =A9 -> ACSC | F9: =VLOOKUP(E9,db_emp!$D$7:$E$156,2,FALSE) -> ACSC | I9: - | J9: - | K9: - | L9: 1152839 | M9: 1082620 | N9: 1000089 | O9: 979462 | P9: 1064919 | Q9: 1107351 | R9: 1187992
A10: ALLI | B10: 1-Dados | C10: =VLOOKUP($A10,db_emp!$A$7:$N$156,2,FALSE) -> Alliança | D10: =VLOOKUP($A10,db_emp!$A$7:$N$157,D$5,FALSE) -> Diagnóstico e Terapia | E10: =A10 -> ALLI | F10: =VLOOKUP(E10,db_emp!$D$7:$E$156,2,FALSE) -> ALLI | I10: 743319 | J10: 733000 | K10: 1211935 | L10: 1270256 | M10: 1299712 | N10: 1320002 | O10: 1223684 | P10: 1209434 | Q10: 981917 | R10: 943992
A11: AMIN | B11: 1-Dados | C11: =VLOOKUP($A11,db_emp!$A$7:$N$156,2,FALSE) -> Amil | D11: =VLOOKUP($A11,db_emp!$A$7:$N$157,D$5,FALSE) -> Planos e Seguros | E11: =A11 -> AMIN | F11: =VLOOKUP(E11,db_emp!$D$7:$E$156,2,FALSE) -> AMIN | I11: 5938078 | J11: 6557210 | K11: 8179843 | L11: 11653436 | M11: 11612369 | N11: 12499147 | O11: 13270506 | P11: 15580088 | Q11: 16293571 | R11: 13267538
A12: APSE | B12: 1-Dados | C12: =VLOOKUP($A12,db_emp!$A$7:$N$156,2,FALSE) -> Apsen | D12: =VLOOKUP($A12,db_emp!$A$7:$N$157,D$5,FALSE) -> Ind. Farmacêutica | E12: =A12 -> APSE | F12: =VLOOKUP(E12,db_emp!$D$7:$E$156,2,FALSE) -> APSE | I12: 228759 | J12: 288879 | K12: 355074 | L12: 418914 | M12: 471587 | N12: 507968 | O12: 555629 | P12: 603990 | Q12: 632043 | R12: 698246
A13: ARAU | B13: 1-Dados | C13: =VLOOKUP($A13,db_emp!$A$7:$N$156,2,FALSE) -> Araújo | D13: =VLOOKUP($A13,db_emp!$A$7:$N$157,D$5,FALSE) -> Farmácias e Drogarias | E13: =A13 -> ARAU | F13: =VLOOKUP(E13,db_emp!$D$7:$E$156,2,FALSE) -> ARAU | I13: 288214 | J13: 366187 | K13: 417393 | L13: 423405 | M13: 490307 | N13: 572523 | O13: 660862 | P13: 752667 | Q13: 856225 | R13: 970080
A14: ASSI | B14: 1-Dados | C14: =VLOOKUP($A14,db_emp!$A$7:$N$156,2,FALSE) -> Assim Saúde | D14: =VLOOKUP($A14,db_emp!$A$7:$N$157,D$5,FALSE) -> Planos e Seguros | E14: =A14 -> ASSI | F14: =VLOOKUP(E14,db_emp!$D$7:$E$156,2,FALSE) -> ASSI | I14: - | J14: - | K14: 115817 | L14: 148208 | M14: 213618 | N14: 274675 | O14: 340052 | P14: 376159 | Q14: 354594 | R14: 250481
A15: ASZE | B15: 1-Dados | C15: =VLOOKUP($A15,db_emp!$A$7:$N$156,2,FALSE) -> AstraZeneca | D15: =VLOOKUP($A15,db_emp!$A$7:$N$157,D$5,FALSE) -> Ind. Farmacêutica | E15: =A15 -> ASZE | F15: =VLOOKUP(E15,db_emp!$D$7:$E$156,2,FALSE) -> ASZE | I15: - | J15: 457708 | K15: 421042 | L15: 436133 | M15: 423873 | N15: 521160 | O15: 760863 | P15: 858649 | Q15: - | R15: -
A16: ATHE | B16: 1-Dados | C16: =VLOOKUP($A16,db_emp!$A$7:$N$156,2,FALSE) -> Athena Saúde | D16: =VLOOKUP($A16,db_emp!$A$7:$N$157,D$5,FALSE) -> Planos e Seguros | E16: =A16 -> ATHE | F16: =VLOOKUP(E16,db_emp!$D$7:$E$156,2,FALSE) -> ATHE | I16: - | J16: - | K16: - | L16: - | M16: 273318 | N16: 673606 | O16: 1767544 | P16: 1762950 | Q16: 1658055 | R16: 2012119
A17: BAYE | B17: 1-Dados | C17: =VLOOKUP($A17,db_emp!$A$7:$N$156,2,FALSE) -> Bayer Pharma | D17: =VLOOKUP($A17,db_emp!$A$7:$N$157,D$5,FALSE) -> Ind. Farmacêutica | E17: =A17 -> BAYE | F17: =VLOOKUP(E17,db_emp!$D$7:$E$156,2,FALSE) -> BAYE | I17: 2882505 | J17: 3141372 | K17: 2924910 | L17: 2457675 | M17: 2788618 | N17: 3168723 | O17: 3476781 | P17: 2479924 | Q17: 2035939 | R17: 3359265
A18: BEPO | B18: 1-Dados | C18: =VLOOKUP($A18,db_emp!$A$7:$N$156,2,FALSE) -> BP - Beneficência Portuguesa de São Paulo | D18: =VLOOKUP($A18,db_emp!$A$7:$N$157,D$5,FALSE) -> Redes Hospitalares | E18: =A18 -> BEPO | F18: =VLOOKUP(E18,db_emp!$D$7:$E$156,2,FALSE) -> BEPO | I18: 860334 | J18: 814033 | K18: 473343 | L18: 828631 | M18: 944575 | N18: 939493 | O18: 897309 | P18: 906093 | Q18: 857958 | R18: 637754
A19: BLAU | B19: 1-Dados | C19: =VLOOKUP($A19,db_emp!$A$7:$N$156,2,FALSE) -> Blau | D19: =VLOOKUP($A19,db_emp!$A$7:$N$157,D$5,FALSE) -> Ind. Farmacêutica | E19: =A19 -> BLAU | F19: =VLOOKUP(E19,db_emp!$D$7:$E$156,2,FALSE) -> BLAU | I19: 78719 | J19: 79188 | K19: 97487 | L19: 138336 | M19: 223334 | N19: 265756 | O19: 221343 | P19: 1636289 | Q19: 1817934 | R19: 1995249
A20: BRIS | B20: 1-Dados | C20: =VLOOKUP($A20,db_emp!$A$7:$N$156,2,FALSE) -> Bristol-Myers Squibb | D20: =VLOOKUP($A20,db_emp!$A$7:$N$157,D$5,FALSE) -> Ind. Farmacêutica | E20: =A20 -> BRIS | F20: =VLOOKUP(E20,db_emp!$D$7:$E$156,2,FALSE) -> BRIS | I20: -73002 | J20: -75039 | K20: 75055 | L20: 142402 | M20: 316356 | N20: 309871 | O20: 445448 | P20: - | Q20: 684756 | R20: 863009
A21: BRSA | B21: 1-Dados | C21: =VLOOKUP($A21,db_emp!$A$7:$N$156,2,FALSE) -> Bradesco Saúde | D21: =VLOOKUP($A21,db_emp!$A$7:$N$157,D$5,FALSE) -> Planos e Seguros | E21: =A21 -> BRSA | F21: =VLOOKUP(E21,db_emp!$D$7:$E$156,2,FALSE) -> BRSA | I21: 3605433 | J21: 4623582 | K21: 5840566 | L21: 6415951 | M21: 7855211 | N21: 8260854 | O21: 8886633 | P21: 8834597 | Q21: 8869596 | R21: 10259324
A22: BUTA | B22: 1-Dados | C22: =VLOOKUP($A22,db_emp!$A$7:$N$156,2,FALSE) -> Fundação Butantan | D22: =VLOOKUP($A22,db_emp!$A$7:$N$157,D$5,FALSE) -> Ind. Farmacêutica | E22: =A22 -> BUTA | F22: BUTA | I22: 470102 | J22: 336535 | K22: 782957 | L22: 1454916 | M22: 2057040 | N22: 2840067 | O22: 3143052 | P22: 5721706 | Q22: 5428014 | R22: 6036228
A23: CARE | B23: 1-Dados | C23: =VLOOKUP($A23,db_emp!$A$7:$N$156,2,FALSE) -> Care Plus | D23: =VLOOKUP($A23,db_emp!$A$7:$N$157,D$5,FALSE) -> Planos e Seguros | E23: =A23 -> CARE | F23: =VLOOKUP(E23,db_emp!$D$7:$E$156,2,FALSE) -> CARE | I23: 37894 | J23: 55085 | K23: 81180 | L23: 136440 | M23: 530388 | N23: 610087 | O23: 686722 | P23: 673154 | Q23: 740451 | R23: 1..032.215
A24: CASS | B24: 1-Dados | C24: =VLOOKUP($A24,db_emp!$A$7:$N$156,2,FALSE) -> CASSI | D24: =VLOOKUP($A24,db_emp!$A$7:$N$157,D$5,FALSE) -> Planos e Seguros | E24: =A24 -> CASS | F24: =VLOOKUP(E24,db_emp!$D$7:$E$156,2,FALSE) -> CASS | I24: 879938 | J24: 640646 | K24: 490413 | L24: 278572 | M24: -99221 | N24: 844852 | O24: 1977516 | P24: 2321987 | Q24: 2032309 | R24: 2059555
A25: CEJA | B25: 1-Dados | C25: =VLOOKUP($A25,db_emp!$A$7:$N$156,2,FALSE) -> CEJAM | D25: =VLOOKUP($A25,db_emp!$A$7:$N$157,D$5,FALSE) -> Gestão como OS | E25: =A25 -> CEJA | F25: =VLOOKUP(E25,db_emp!$D$7:$E$156,2,FALSE) -> CEJA | I25: -4346 | J25: -14456 | K25: 3906 | L25: 7965 | M25: 33346 | N25: 26928 | O25: 95411 | P25: 76614 | Q25: 97312 | R25: 97312
A26: CIME | B26: 1-Dados | C26: =VLOOKUP($A26,db_emp!$A$7:$N$156,2,FALSE) -> Grupo Cimed | D26: =VLOOKUP($A26,db_emp!$A$7:$N$157,D$5,FALSE) -> Ind. Farmacêutica | E26: =A26 -> CIME | F26: =VLOOKUP(E26,db_emp!$D$7:$E$156,2,FALSE) -> CIME | I26: - | J26: - | K26: - | L26: 150020 | M26: 53710 | N26: 189513 | O26: 82787 | P26: 465055 | Q26: 536345 | R26: 788285
A27: CLAM | B27: 1-Dados | C27: =VLOOKUP($A27,db_emp!$A$7:$N$156,2,FALSE) -> Clamed | D27: =VLOOKUP($A27,db_emp!$A$7:$N$157,D$5,FALSE) -> Farmácias e Drogarias | E27: =A27 -> CLAM | F27: =VLOOKUP(E27,db_emp!$D$7:$E$156,2,FALSE) -> CLAM | I27: 84333 | J27: 113829 | K27: 144624 | L27: 170850 | M27: 203572 | N27: 226515 | O27: 258387 | P27: 303188 | Q27: 349315 | R27: -
A28: DASA | B28: 1-Dados | C28: =VLOOKUP($A28,db_emp!$A$7:$N$156,2,FALSE) -> DASA | D28: =VLOOKUP($A28,db_emp!$A$7:$N$157,D$5,FALSE) -> Diagnóstico e Terapia | E28: =A28 -> DASA | F28: =VLOOKUP(E28,db_emp!$D$7:$E$156,2,FALSE) -> DASA | I28: 2771272 | J28: 2789950 | K28: 2861044 | L28: 3319948 | M28: 3321417 | N28: 3263382 | O28: 3536231 | P28: 7542288 | Q28: 7078622 | R28: 7330427
A29: DIME | B29: 1-Dados | C29: =VLOOKUP($A29,db_emp!$A$7:$N$156,2,FALSE) -> DIMED/Grupo Panvel | D29: =VLOOKUP($A29,db_emp!$A$7:$N$157,D$5,FALSE) -> Farmácias e Drogarias | E29: =A29 -> DIME | F29: =VLOOKUP(E29,db_emp!$D$7:$E$156,2,FALSE) -> DIME | I29: 311302 | J29: 344142 | K29: 381650 | L29: 426747 | M29: 463912 | N29: 524176 | O29: 1010640 | P29: 1046195 | Q29: 1108162 | R29: 1173416
A30: DMIL | B30: 1-Dados | C30: =VLOOKUP($A30,db_emp!$A$7:$N$156,2,FALSE) -> d1000 | D30: =VLOOKUP($A30,db_emp!$A$7:$N$157,D$5,FALSE) -> Farmácias e Drogarias | E30: =A30 -> DMIL | F30: =VLOOKUP(E30,db_emp!$D$7:$E$156,2,FALSE) -> PROF | I30: - | J30: - | K30: 247626 | L30: 257269 | M30: 491570 | N30: 466049 | O30: 836159 | P30: 838138 | Q30: 849493 | R30: 870855
A31: DPSP | B31: 1-Dados | C31: =VLOOKUP($A31,db_emp!$A$7:$N$156,2,FALSE) -> Grupo DPSP | D31: =VLOOKUP($A31,db_emp!$A$7:$N$157,D$5,FALSE) -> Farmácias e Drogarias | E31: =A31 -> DPSP | F31: =VLOOKUP(E31,db_emp!$D$7:$E$156,2,FALSE) -> DPSP | I31: 1158749 | J31: 1158479 | K31: 1138411 | L31: 1448054 | M31: 1613201 | N31: 1765271 | O31: 1763081 | P31: 1893829 | Q31: 2164084 | R31: 2121470
A32: EBSE | B32: 1-Dados | C32: =VLOOKUP($A32,db_emp!$A$7:$N$156,2,FALSE) -> EBSERH | D32: =VLOOKUP($A32,db_emp!$A$7:$N$157,D$5,FALSE) -> Redes Hospitalares | E32: =A32 -> EBSE | F32: =VLOOKUP(E32,db_emp!$D$7:$E$156,2,FALSE) -> EBSE | I32: 1676 | J32: -6231 | K32: -70748 | L32: -59186 | M32: -240040 | N32: -288422 | O32: 54498 | P32: -51243 | Q32: -277086 | R32: 65372
A33: EINS | B33: 1-Dados | C33: =VLOOKUP($A33,db_emp!$A$7:$N$156,2,FALSE) -> Hospital Albert Einstein | D33: =VLOOKUP($A33,db_emp!$A$7:$N$157,D$5,FALSE) -> Redes Hospitalares | E33: =A33 -> EINS | F33: =VLOOKUP(E33,db_emp!$D$7:$E$156,2,FALSE) -> EINS | I33: 1973471 | J33: 2198032 | K33: - | L33: 2712316 | M33: 2952470 | N33: 3441271 | O33: 3629169 | P33: 4147698 | Q33: 4462941 | R33: 4812374
A34: ELFA | B34: 1-Dados | C34: =VLOOKUP($A34,db_emp!$A$7:$N$156,2,FALSE) -> Elfa Medicamentos | D34: =VLOOKUP($A34,db_emp!$A$7:$N$157,D$5,FALSE) -> Distribuição | E34: =A34 -> ELFA | F34: =VLOOKUP(E34,db_emp!$D$7:$E$156,2,FALSE) -> ELFA | I34: - | J34: - | K34: 131031 | L34: 350928 | M34: 420428 | N34: 462211 | O34: 1637570 | P34: 2034293 | Q34: 2155399 | R34: 3001537
A35: EMSA | B35: 1-Dados | C35: =VLOOKUP($A35,db_emp!$A$7:$N$156,2,FALSE) -> EMS | D35: =VLOOKUP($A35,db_emp!$A$7:$N$157,D$5,FALSE) -> Ind. Farmacêutica | E35: =A35 -> EMSA | F35: =VLOOKUP(E35,db_emp!$D$7:$E$156,2,FALSE) -> EMSA | I35: - | J35: - | K35: - | L35: 863011 | M35: 852074 | N35: 1159167 | O35: 1089954 | P35: 909367 | Q35: 1141574 | R35: 1055569
A36: EURO | B36: 1-Dados | C36: =VLOOKUP($A36,db_emp!$A$7:$N$156,2,FALSE) -> Eurofarma | D36: =VLOOKUP($A36,db_emp!$A$7:$N$157,D$5,FALSE) -> Ind. Farmacêutica | E36: =A36 -> EURO | F36: =VLOOKUP(E36,db_emp!$D$7:$E$156,2,FALSE) -> EURO | I36: 1016137 | J36: 1209128 | K36: - | L36: 1855626 | M36: 2188051 | N36: 2476430 | O36: 2765208 | P36: 3385494 | Q36: 3927523 | R36: 4106699
A37: FABC | B37: 1-Dados | C37: =VLOOKUP($A37,db_emp!$A$7:$N$156,2,FALSE) -> Fundação do ABC | D37: =VLOOKUP($A37,db_emp!$A$7:$N$157,D$5,FALSE) -> Gestão como OS | E37: =A37 -> FABC | F37: =VLOOKUP(E37,db_emp!$D$7:$E$156,2,FALSE) -> FABC | I37: 120805 | J37: 29438 | K37: -11376 | L37: -95417 | M37: -103345 | N37: -285262 | O37: -457181 | P37: -439833 | Q37: 417325 | R37: 583188
A38: FFME | B38: 1-Dados | C38: =VLOOKUP($A38,db_emp!$A$7:$N$156,2,FALSE) -> FFM USP | D38: =VLOOKUP($A38,db_emp!$A$7:$N$157,D$5,FALSE) -> Redes Hospitalares | E38: =A38 -> FFME | F38: FFME | I38: 157157 | J38: 186560 | K38: 205674 | L38: 226565 | M38: 240797 | N38: 254692 | O38: 261339 | P38: 274366 | Q38: 305061 | R38: 339392
A39: FLEU | B39: 1-Dados | C39: =VLOOKUP($A39,db_emp!$A$7:$N$156,2,FALSE) -> Fleury | D39: =VLOOKUP($A39,db_emp!$A$7:$N$157,D$5,FALSE) -> Diagnóstico e Terapia | E39: =A39 -> FLEU | F39: =VLOOKUP(E39,db_emp!$D$7:$E$156,2,FALSE) -> FLEU | I39: 1572964 | J39: 1655439 | K39: 1535725 | L39: 1706528 | M39: 1749961 | N39: 1758976 | O39: 1750850 | P39: 1854483 | Q39: 2701085 | R39: 5111070
A40: GEAP | B40: 1-Dados | C40: =VLOOKUP($A40,db_emp!$A$7:$N$156,2,FALSE) -> GEAP | D40: =VLOOKUP($A40,db_emp!$A$7:$N$157,D$5,FALSE) -> Planos e Seguros | E40: =A40 -> GEAP | F40: =VLOOKUP(E40,db_emp!$D$7:$E$156,2,FALSE) -> GEAP | I40: 7504 | J40: 194948 | K40: 41120 | L40: 201916 | M40: 497848 | N40: 629444 | O40: 1194924 | P40: 1831704 | Q40: 1976295 | R40: 2255318
A41: GHCO | B41: 1-Dados | C41: =VLOOKUP($A41,db_emp!$A$7:$N$156,2,FALSE) -> GHC (Grupo Hospitalar Conceição) | D41: =VLOOKUP($A41,db_emp!$A$7:$N$157,D$5,FALSE) -> Redes Hospitalares | E41: =A41 -> GHCO | F41: =VLOOKUP(E41,db_emp!$D$7:$E$156,2,FALSE) -> GHCO | I41: -2679086 | J41: -2966210 | K41: -2663083 | L41: -3090842 | M41: -533922 | N41: -533908 | O41: -431031 | P41: -416207 | Q41: -499640 | R41: -527613
A42: GNDP | B42: 1-Dados | C42: =VLOOKUP($A42,db_emp!$A$7:$N$156,2,FALSE) -> Notre Dame Participações S.A. | D42: =VLOOKUP($A42,db_emp!$A$7:$N$157,D$5,FALSE) -> Planos e Seguros | E42: =A42 -> GNDP | F42: =VLOOKUP(E42,db_emp!$D$7:$E$156,2,FALSE) -> HAPV | I42: 910660 | J42: 986187 | K42: 1101835 | L42: 1351157 | M42: 2340065 | N42: 6370396 | O42: 7114263 | P42: 7143869 | Q42: - | R42: -
A43: GOLD | B43: 1-Dados | C43: =VLOOKUP($A43,db_emp!$A$7:$N$156,2,FALSE) -> Golden Cross/Vision Med | D43: =VLOOKUP($A43,db_emp!$A$7:$N$157,D$5,FALSE) -> Planos e Seguros | E43: =A43 -> GOLD | F43: =VLOOKUP(E43,db_emp!$D$7:$E$156,2,FALSE) -> GOLD | I43: - | J43: - | K43: - | L43: 141277 | M43: 242410 | N43: 174535 | O43: 215868 | P43: 253195 | Q43: 198342 | R43: 97053
A44: GSKF | B44: 1-Dados | C44: =VLOOKUP($A44,db_emp!$A$7:$N$156,2,FALSE) -> GSK Farma | D44: =VLOOKUP($A44,db_emp!$A$7:$N$157,D$5,FALSE) -> Ind. Farmacêutica | E44: =A44 -> GSKF | F44: =VLOOKUP(E44,db_emp!$D$7:$E$156,2,FALSE) -> GSKF | I44: - | J44: - | K44: - | L44: - | M44: - | N44: - | O44: - | P44: - | Q44: - | R44: -
A45: HAOC | B45: 1-Dados | C45: =VLOOKUP($A45,db_emp!$A$7:$N$156,2,FALSE) -> Hospital Alemão Oswaldo Cruz | D45: =VLOOKUP($A45,db_emp!$A$7:$N$157,D$5,FALSE) -> Redes Hospitalares | E45: =A45 -> HAOC | F45: =VLOOKUP(E45,db_emp!$D$7:$E$156,2,FALSE) -> HAOC | I45: - | J45: - | K45: - | L45: - | M45: - | N45: - | O45: - | P45: - | Q45: - | R45: -
A46: HAPV | B46: 1-Dados | C46: =VLOOKUP($A46,db_emp!$A$7:$N$156,2,FALSE) -> Hapvida | D46: =VLOOKUP($A46,db_emp!$A$7:$N$157,D$5,FALSE) -> Planos e Seguros | E46: =A46 -> HAPV | F46: =VLOOKUP(E46,db_emp!$D$7:$E$156,2,FALSE) -> HAPV | I46: 271000 | J46: 332070 | K46: 510595 | L46: 472003 | M46: 3605855 | N46: 7261885 | O46: 7830987 | P46: 10572994 | Q46: 48756711 | R46: 49093558
A47: HCOR | B47: 1-Dados | C47: =VLOOKUP($A47,db_emp!$A$7:$N$156,2,FALSE) -> HCOR | D47: =VLOOKUP($A47,db_emp!$A$7:$N$157,D$5,FALSE) -> Redes Hospitalares | E47: =A47 -> HCOR | F47: =VLOOKUP(E47,db_emp!$D$7:$E$156,2,FALSE) -> HCOR | I47: - | J47: - | K47: - | L47: - | M47: - | N47: 526304 | O47: 519523 | P47: 550963 | Q47: 537191 | R47: 551045
A48: HEBR | B48: 1-Dados | C48: =VLOOKUP($A48,db_emp!$A$7:$N$156,2,FALSE) -> Hemobrás | D48: =VLOOKUP($A48,db_emp!$A$7:$N$157,D$5,FALSE) -> Ind. Farmacêutica | E48: =A48 -> HEBR | F48: =VLOOKUP($A48,db_emp!$A$7:$N$156,F$5,FALSE) -> HEBR | I48: 416177.51 | J48: 31648.143 | K48: 148821.45 | L48: 320735.11 | M48: 1080347.9 | N48: 1224264.8 | O48: 1217936.6 | P48: 1451969.6 | Q48: 1607066.7 | R48: 2249104.4
A49: HEPA | B49: 1-Dados | C49: =VLOOKUP($A49,db_emp!$A$7:$N$156,2,FALSE) -> Hermes Pardini | D49: =VLOOKUP($A49,db_emp!$A$7:$N$157,D$5,FALSE) -> Diagnóstico e Terapia | E49: =A49 -> HEPA | F49: =VLOOKUP(E49,db_emp!$D$7:$E$156,2,FALSE) -> FLEU | I49: 355800 | J49: 417082 | K49: 407236 | L49: 537596 | M49: 606817 | N49: 696456 | O49: 734431 | P49: 873061 | Q49: 984025 | R49: -
A50: HOCA | B50: 1-Dados | C50: =VLOOKUP($A50,db_emp!$A$7:$N$156,2,FALSE) -> Hospital Care | D50: =VLOOKUP($A50,db_emp!$A$7:$N$157,D$5,FALSE) -> Redes Hospitalares | E50: =A50 -> HOCA | F50: =VLOOKUP(E50,db_emp!$D$7:$E$156,2,FALSE) -> HOCA | I50: 37894 | J50: 55085 | K50: 81180 | L50: 216948 | M50: 382087 | N50: 381825 | O50: 530536 | P50: 615695 | Q50: 586659 | R50: 622103
A51: HYPE | B51: 1-Dados | C51: =VLOOKUP($A51,db_emp!$A$7:$N$156,2,FALSE) -> Hypera Pharma | D51: =VLOOKUP($A51,db_emp!$A$7:$N$157,D$5,FALSE) -> Ind. Farmacêutica | E51: =A51 -> HYPE | F51: =VLOOKUP(E51,db_emp!$D$7:$E$156,2,FALSE) -> HYPE | I51: 7475963 | J51: 7925150 | K51: 8708471 | L51: 7737759 | M51: 8267673 | N51: 8710100 | O51: 9240715 | P51: 9833471 | Q51: 10655441 | R51: 11504124
A52: IMPA | B52: 1-Dados | C52: =VLOOKUP($A52,db_emp!$A$7:$N$156,2,FALSE) -> Rede Ímpar | D52: =VLOOKUP($A52,db_emp!$A$7:$N$157,D$5,FALSE) -> Redes Hospitalares | E52: =A52 -> IMPA | F52: =VLOOKUP(E52,db_emp!$D$7:$E$156,2,FALSE) -> DASA | I52: - | J52: 432145 | K52: 515522 | L52: 607460 | M52: 611351 | N52: 753352 | O52: 1012506 | P52: 4158946 | Q52: - | R52: -
A53: KORA | B53: 1-Dados | C53: =VLOOKUP($A53,db_emp!$A$7:$N$156,2,FALSE) -> Kora Saúde | D53: =VLOOKUP($A53,db_emp!$A$7:$N$157,D$5,FALSE) -> Redes Hospitalares | E53: =A53 -> KORA | F53: =VLOOKUP(E53,db_emp!$D$7:$E$156,2,FALSE) -> KORA | I53: - | J53: - | K53: - | L53: 22292 | M53: 22017 | N53: 68496 | O53: 184408 | P53: 1325116 | Q53: 1223692 | R53: 1085115
A54: LIBB | B54: 1-Dados | C54: =VLOOKUP($A54,db_emp!$A$7:$N$156,2,FALSE) -> Libbs | D54: =VLOOKUP($A54,db_emp!$A$7:$N$157,D$5,FALSE) -> Ind. Farmacêutica | E54: =A54 -> LIBB | F54: =VLOOKUP(E54,db_emp!$D$7:$E$156,2,FALSE) -> LIBB | I54: - | J54: - | K54: - | L54: - | M54: - | N54: 888429 | O54: 1090101 | P54: 1685971 | Q54: 1848801 | R54: 2134325
A55: MDEI | B55: 1-Dados | C55: =VLOOKUP($A55,db_emp!$A$7:$N$156,2,FALSE) -> Mater Dei | D55: =VLOOKUP($A55,db_emp!$A$7:$N$157,D$5,FALSE) -> Redes Hospitalares | E55: =A55 -> MDEI | F55: =VLOOKUP(E55,db_emp!$D$7:$E$156,2,FALSE) -> MDEI | I55: 452572 | J55: 501240 | K55: 580119 | L55: 655625 | M55: 741096 | N55: 846772 | O55: 261061 | P55: 1639726 | Q55: 1617491 | R55: 1655141
A56: MEDL | B56: 1-Dados | C56: =VLOOKUP($A56,db_emp!$A$7:$N$156,2,FALSE) -> Medley | D56: =VLOOKUP($A56,db_emp!$A$7:$N$157,D$5,FALSE) -> Ind. Farmacêutica | E56: =A56 -> MEDL | F56: =VLOOKUP(E56,db_emp!$D$7:$E$156,2,FALSE) -> SANO | I56: 337242 | J56: 483674 | K56: 596358 | L56: 2017920 | M56: - | N56: - | O56: - | P56: - | Q56: - | R56: -
A57: MERC | B57: 1-Dados | C57: =VLOOKUP($A57,db_emp!$A$7:$N$156,2,FALSE) -> Merck S.A. | D57: =VLOOKUP($A57,db_emp!$A$7:$N$157,D$5,FALSE) -> Ind. Farmacêutica | E57: =A57 -> MERC | F57: MERC | I57: - | J57: - | K57: - | L57: - | M57: - | N57: - | O57: 1085744 | P57: 1085744 | Q57: 1439341 | R57: 1377279
A58: MOVE | B58: 1-Dados | C58: =VLOOKUP($A58,db_emp!$A$7:$N$156,2,FALSE) -> Hospital Moinhos de Vento | D58: =VLOOKUP($A58,db_emp!$A$7:$N$157,D$5,FALSE) -> Redes Hospitalares | E58: =A58 -> MOVE | F58: =VLOOKUP(E58,db_emp!$D$7:$E$156,2,FALSE) -> MOVE | I58: - | J58: - | K58: - | L58: - | M58: - | N58: - | O58: - | P58: 542090 | Q58: 661390 | R58: 785626
A59: NISS | B59: 1-Dados | C59: =VLOOKUP($A59,db_emp!$A$7:$N$156,2,FALSE) -> Nissei | D59: =VLOOKUP($A59,db_emp!$A$7:$N$157,D$5,FALSE) -> Farmácias e Drogarias | E59: =A59 -> NISS | F59: =VLOOKUP(E59,db_emp!$D$7:$E$156,2,FALSE) -> NISS | I59: 89998 | J59: 102630 | K59: 101176 | L59: 103132 | M59: 84743 | N59: 70454 | O59: 29809 | P59: 46458 | Q59: 32743 | R59: 213451
A60: NNOR | B60: 1-Dados | C60: =VLOOKUP($A60,db_emp!$A$7:$N$156,2,FALSE) -> Novo Nordisk | D60: =VLOOKUP($A60,db_emp!$A$7:$N$157,D$5,FALSE) -> Ind. Farmacêutica | E60: =A60 -> NNOR | F60: =VLOOKUP(E60,db_emp!$D$7:$E$156,2,FALSE) -> NNOR | I60: 1315521 | J60: 802570 | K60: 823510 | L60: 836425 | M60: 855190 | N60: 935146 | O60: 1023432 | P60: - | Q60: - | R60: -
A61: NOVA | B61: 1-Dados | C61: =VLOOKUP($A61,db_emp!$A$7:$N$156,2,FALSE) -> Novartis | D61: =VLOOKUP($A61,db_emp!$A$7:$N$157,D$5,FALSE) -> Ind. Farmacêutica | E61: =A61 -> NOVA | F61: =VLOOKUP(E61,db_emp!$D$7:$E$156,2,FALSE) -> NOVA | I61: 521677 | J61: 467170 | K61: 507498 | L61: 494071 | M61: 360867 | N61: 201556 | O61: 244496 | P61: 468268 | Q61: 643532 | R61: 465495
A62: ODON | B62: 1-Dados | C62: =VLOOKUP($A62,db_emp!$A$7:$N$156,2,FALSE) -> Odontoprev | D62: =VLOOKUP($A62,db_emp!$A$7:$N$157,D$5,FALSE) -> Planos e Seguros | E62: =A62 -> ODON | F62: =VLOOKUP(E62,db_emp!$D$7:$E$156,2,FALSE) -> BRSA | I62: 642030 | J62: 651602 | K62: 693575 | L62: 923242 | M62: 1027456 | N62: 1111365 | O62: 1202279 | P62: 1115804 | Q62: 1127791 | R62: 1386994
A63: OMIN | B63: 1-Dados | C63: =VLOOKUP($A63,db_emp!$A$7:$N$156,2,FALSE) -> Omint | D63: =VLOOKUP($A63,db_emp!$A$7:$N$157,D$5,FALSE) -> Planos e Seguros | E63: =A63 -> OMIN | F63: =VLOOKUP(E63,db_emp!$D$7:$E$156,2,FALSE) -> OMIN | I63: - | J63: - | K63: - | L63: 231012 | M63: 320314 | N63: 406200 | O63: 571624 | P63: 504270 | Q63: 699491 | R63: 564656
A64: ONCC | B64: 1-Dados | C64: =VLOOKUP($A64,db_emp!$A$7:$N$156,2,FALSE) -> Oncoclínicas | D64: =VLOOKUP($A64,db_emp!$A$7:$N$157,D$5,FALSE) -> Diagnóstico e Terapia | E64: =A64 -> ONCC | F64: =VLOOKUP(E64,db_emp!$D$7:$E$156,2,FALSE) -> ONCC | I64: - | J64: - | K64: 244557 | L64: 232437 | M64: 470124 | N64: 656371 | O64: 681169 | P64: 2304943 | Q64: 2632456 | R64: 2679371
A65: PGME | B65: 1-Dados | C65: =VLOOKUP($A65,db_emp!$A$7:$N$156,2,FALSE) -> Pague Menos | D65: =VLOOKUP($A65,db_emp!$A$7:$N$157,D$5,FALSE) -> Farmácias e Drogarias | E65: =A65 -> PGME | F65: =VLOOKUP(E65,db_emp!$D$7:$E$156,2,FALSE) -> PGME | I65: 464098 | J65: 882990 | K65: 877829 | L65: 941267 | M65: 1031295 | N65: 1024520 | O65: 1940923 | P65: 2090197 | Q65: 2334551 | R65: 2652989
A66: POSA | B66: 1-Dados | C66: =VLOOKUP($A66,db_emp!$A$7:$N$156,2,FALSE) -> Porto Saúde | D66: =VLOOKUP($A66,db_emp!$A$7:$N$157,D$5,FALSE) -> Planos e Seguros | E66: =A66 -> POSA | F66: =VLOOKUP(E66,db_emp!$D$7:$E$156,2,FALSE) -> POSA | I66: 155122 | J66: 198405 | K66: 253143 | L66: 286704 | M66: 411442 | N66: 434459 | O66: 475489 | P66: 606465 | Q66: 1001713 | R66: 1170561
A67: PRAT | B67: 1-Dados | C67: =VLOOKUP($A67,db_emp!$A$7:$N$156,2,FALSE) -> Prati-Donaduzzi | D67: =VLOOKUP($A67,db_emp!$A$7:$N$157,D$5,FALSE) -> Ind. Farmacêutica | E67: =A67 -> PRAT | F67: =VLOOKUP(E67,db_emp!$D$7:$E$156,2,FALSE) -> PRAT | I67: - | J67: - | K67: 152508 | L67: 171123 | M67: 196023 | N67: 265795 | O67: 355296 | P67: 441543 | Q67: 592830 | R67: 848444
A68: PREV | B68: 1-Dados | C68: =VLOOKUP($A68,db_emp!$A$7:$N$156,2,FALSE) -> PreventSenior | D68: =VLOOKUP($A68,db_emp!$A$7:$N$157,D$5,FALSE) -> Planos e Seguros | E68: =A68 -> PREV | F68: =VLOOKUP(E68,db_emp!$D$7:$E$156,2,FALSE) -> PREV | I68: 48385 | J68: 175670 | K68: 279769 | L68: 342335 | M68: 586407 | N68: 824508 | O68: 1113331 | P68: 993390 | Q68: 45015 | R68: 107490
A69: PROF | B69: 1-Dados | C69: =VLOOKUP($A69,db_emp!$A$7:$N$156,2,FALSE) -> Profarma | D69: =VLOOKUP($A69,db_emp!$A$7:$N$157,D$5,FALSE) -> Distribuição | E69: =A69 -> PROF | F69: =VLOOKUP(E69,db_emp!$D$7:$E$156,2,FALSE) -> PROF | I69: 688851 | J69: 667946 | K69: 758956 | L69: 745932 | M69: 1021211 | N69: 1004632 | O69: 1046324 | P69: 1086070 | Q69: 1191014 | R69: 1248348
A70: PSPE | B70: 1-Dados | C70: =VLOOKUP($A70,db_emp!$A$7:$N$156,2,FALSE) -> Profarma Specialty | D70: =VLOOKUP($A70,db_emp!$A$7:$N$157,D$5,FALSE) -> Distribuição | E70: =A70 -> PSPE | F70: =VLOOKUP(E70,db_emp!$D$7:$E$156,2,FALSE) -> VIVE | I70: - | J70: - | K70: - | L70: 98449 | M70: 183975 | N70: 209409 | O70: 238893 | P70: 294942 | Q70: 369559 | R70: -
A71: QUAL | B71: 1-Dados | C71: =VLOOKUP($A71,db_emp!$A$7:$N$156,2,FALSE) -> Qualicorp | D71: =VLOOKUP($A71,db_emp!$A$7:$N$157,D$5,FALSE) -> Planos e Seguros | E71: =A71 -> QUAL | F71: =VLOOKUP(E71,db_emp!$D$7:$E$156,2,FALSE) -> QUAL | I71: 2356834 | J71: 1993883 | K71: 1993883 | L71: 2366895 | M71: 2337302 | N71: 1408222 | O71: 1669766 | P71: 1275049 | Q71: 1356594 | R71: 1285533
A72: RAIA | B72: 1-Dados | C72: =VLOOKUP($A72,db_emp!$A$7:$N$156,2,FALSE) -> Raia Drogasil | D72: =VLOOKUP($A72,db_emp!$A$7:$N$157,D$5,FALSE) -> Farmácias e Drogarias | E72: =A72 -> RAIA | F72: =VLOOKUP(E72,db_emp!$D$7:$E$156,2,FALSE) -> RAIA | I72: 2456937 | J72: 2656798 | K72: 2935955 | L72: 3250372 | M72: 3534767 | N72: 4076419 | O72: 4425621 | P72: 4718802 | Q72: 5402941 | R72: 6028301
A73: RDOR | B73: 1-Dados | C73: =VLOOKUP($A73,db_emp!$A$7:$N$156,2,FALSE) -> Rede D'Or | D73: =VLOOKUP($A73,db_emp!$A$7:$N$157,D$5,FALSE) -> Redes Hospitalares | E73: =A73 -> RDOR | F73: =VLOOKUP(E73,db_emp!$D$7:$E$156,2,FALSE) -> RDOR | I73: 1470270 | J73: 3900083 | K73: 4466732 | L73: 4481144 | M73: 4527727 | N73: 5442000 | O73: 14002182 | P73: 14677939 | Q73: 22707734 | R73: 23835646
A74: ROCH | B74: 1-Dados | C74: =VLOOKUP($A74,db_emp!$A$7:$N$156,2,FALSE) -> Roche | D74: =VLOOKUP($A74,db_emp!$A$7:$N$157,D$5,FALSE) -> Ind. Farmacêutica | E74: =A74 -> ROCH | F74: =VLOOKUP(E74,db_emp!$D$7:$E$156,2,FALSE) -> ROCH | I74: 1028088 | J74: 1307375 | K74: 1624597 | L74: 1918901 | M74: 1952750 | N74: 2069611 | O74: 1706909 | P74: 1942749 | Q74: 1992022 | R74: 1749519
A75: RSAR | B75: 1-Dados | C75: =VLOOKUP($A75,db_emp!$A$7:$N$156,2,FALSE) -> Rede Sarah (Associação das Pioneiras Sociais) | D75: =VLOOKUP($A75,db_emp!$A$7:$N$157,D$5,FALSE) -> Redes Hospitalares | E75: =A75 -> RSAR | F75: =VLOOKUP(E75,db_emp!$D$7:$E$156,2,FALSE) -> RSAR | I75: 881886 | J75: - | K75: 1083724 | L75: 1184205 | M75: 1321904 | N75: 1480906 | O75: 1535149 | P75: 1646810 | Q75: 1781805 | R75: 1963442
A76: SABI | B76: 1-Dados | C76: =VLOOKUP($A76,db_emp!$A$7:$N$156,2,FALSE) -> Sabin | D76: =VLOOKUP($A76,db_emp!$A$7:$N$157,D$5,FALSE) -> Diagnóstico e Terapia | E76: =A76 -> SABI | F76: =VLOOKUP(E76,db_emp!$D$7:$E$156,2,FALSE) -> SABI | I76: - | J76: - | K76: - | L76: - | M76: 154400 | N76: 191742 | O76: 182787 | P76: 243850 | Q76: 235839 | R76: 236426
A77: SANO | B77: 1-Dados | C77: =VLOOKUP($A77,db_emp!$A$7:$N$156,2,FALSE) -> Sanofi Medley | D77: =VLOOKUP($A77,db_emp!$A$7:$N$157,D$5,FALSE) -> Ind. Farmacêutica | E77: =A77 -> SANO | F77: =VLOOKUP(E77,db_emp!$D$7:$E$156,2,FALSE) -> SANO | I77: - | J77: - | K77: - | L77: - | M77: 3354850 | N77: 3322145 | O77: 2815282 | P77: 2873307 | Q77: 2799874 | R77: 2092001
A78: SAVE | B78: 1-Dados | C78: =VLOOKUP($A78,db_emp!$A$7:$N$156,2,FALSE) -> Sanofi Aventis | D78: =VLOOKUP($A78,db_emp!$A$7:$N$157,D$5,FALSE) -> Ind. Farmacêutica | E78: =A78 -> SAVE | F78: =VLOOKUP(E78,db_emp!$D$7:$E$156,2,FALSE) -> SANO | I78: 2667044 | J78: 2968791 | K78: 1545434 | L78: 1439327 | M78: - | N78: - | O78: - | P78: - | Q78: - | R78: -
A79: SBSC | B79: 1-Dados | C79: =VLOOKUP($A79,db_emp!$A$7:$N$156,2,FALSE) -> Sociedade Beneficente São Camilo (Hospital São Camilo) | D79: =VLOOKUP($A79,db_emp!$A$7:$N$157,D$5,FALSE) -> Redes Hospitalares | E79: =A79 -> SBSC | F79: =VLOOKUP(E79,db_emp!$D$7:$E$156,2,FALSE) -> SBSC | I79: - | J79: - | K79: - | L79: - | M79: - | N79: - | O79: 2519604 | P79: 2821132 | Q79: 2787144 | R79: 2810356
A80: SCPA | B80: 1-Dados | C80: =VLOOKUP($A80,db_emp!$A$7:$N$156,2,FALSE) -> Santa Casa de Porto Alegre | D80: =VLOOKUP($A80,db_emp!$A$7:$N$157,D$5,FALSE) -> Redes Hospitalares | E80: =A80 -> SCPA | F80: =VLOOKUP(E80,db_emp!$D$7:$E$156,2,FALSE) -> SCPA | I80: 324333.65 | J80: 310288.91 | K80: 327299.61 | L80: 330222 | M80: 354377 | N80: 359712 | O80: 313176 | P80: 299830 | Q80: 304260 | R80: 327950
A81: SECO | B81: 1-Dados | C81: =VLOOKUP($A81,db_emp!$A$7:$N$156,2,FALSE) -> Seconci | D81: =VLOOKUP($A81,db_emp!$A$7:$N$157,D$5,FALSE) -> Gestão como OS | E81: =A81 -> SECO | F81: =VLOOKUP(E81,db_emp!$D$7:$E$156,2,FALSE) -> SECO | I81: 25457 | J81: 29474 | K81: 42996 | L81: 48828 | M81: 55562 | N81: 31517 | O81: 43926 | P81: 54238 | Q81: 50530 | R81: 52224.965
A82: SILI | B82: 1-Dados | C82: =VLOOKUP($A82,db_emp!$A$7:$N$156,2,FALSE) -> Hospital Sírio Libanês | D82: =VLOOKUP($A82,db_emp!$A$7:$N$157,D$5,FALSE) -> Redes Hospitalares | E82: =A82 -> SILI | F82: =VLOOKUP(E82,db_emp!$D$7:$E$156,2,FALSE) -> SILI | I82: 960683 | J82: - | K82: - | L82: - | M82: - | N82: 1761540 | O82: 1655776 | P82: 1630633 | Q82: 1632021 | R82: 1609033
A83: SOLF | B83: 1-Dados | C83: =VLOOKUP($A83,db_emp!$A$7:$N$156,2,FALSE) -> Solfarma | D83: =VLOOKUP($A83,db_emp!$A$7:$N$157,D$5,FALSE) -> Distribuição | E83: =A83 -> SOLF | F83: =VLOOKUP(E83,db_emp!$D$7:$E$156,2,FALSE) -> SOLF | I83: - | J83: - | K83: - | L83: 8954 | M83: 6072 | N83: 7908 | O83: 10657 | P83: 18325 | Q83: 49059 | R83: 92083
A84: SPDM | B84: 1-Dados | C84: =VLOOKUP($A84,db_emp!$A$7:$N$156,2,FALSE) -> SPDM Hospital São Paulo | D84: =VLOOKUP($A84,db_emp!$A$7:$N$157,D$5,FALSE) -> Gestão como OS | E84: =A84 -> SPDM | F84: =VLOOKUP(E84,db_emp!$D$7:$E$156,2,FALSE) -> SPDM | I84: -17088 | J84: -12972 | K84: -53971 | L84: -74152 | M84: -106674 | N84: -80577 | O84: -228121 | P84: -296469 | Q84: -34047 | R84: -59801
A85: SULA | B85: 1-Dados | C85: =VLOOKUP($A85,db_emp!$A$7:$N$156,2,FALSE) -> SulAmérica | D85: =VLOOKUP($A85,db_emp!$A$7:$N$157,D$5,FALSE) -> Planos e Seguros | E85: =A85 -> SULA | F85: =VLOOKUP(E85,db_emp!$D$7:$E$156,2,FALSE) -> RDOR | I85: 3965574 | J85: 4430871 | K85: 5040908 | L85: 5640391 | M85: 6287513 | N85: 7147705 | O85: 8103771 | P85: 8138376 | Q85: - | R85: -
A86: TEUT | B86: 1-Dados | C86: =VLOOKUP($A86,db_emp!$A$7:$N$156,2,FALSE) -> Teuto | D86: =VLOOKUP($A86,db_emp!$A$7:$N$157,D$5,FALSE) -> Ind. Farmacêutica | E86: =A86 -> TEUT | F86: =VLOOKUP(E86,db_emp!$D$7:$E$156,2,FALSE) -> TEUT | I86: 326420 | J86: 298066 | K86: - | L86: 306347 | M86: 317703 | N86: 419603 | O86: 543262 | P86: 669760 | Q86: 818108 | R86: 956869
A87: UMBE | B87: 1-Dados | C87: =VLOOKUP($A87,db_emp!$A$7:$N$156,2,FALSE) -> Unimed Belém | D87: =VLOOKUP($A87,db_emp!$A$7:$N$157,D$5,FALSE) -> Planos e Seguros | E87: =A87 -> UMBE | F87: =VLOOKUP(E87,db_emp!$D$7:$E$156,2,FALSE) -> UMBE | I87: -121978 | J87: 29452 | K87: 91618 | L87: 159480 | M87: 214862 | N87: 244444 | O87: 337657 | P87: 216221 | Q87: 196968 | R87: 145293
A88: UMBH | B88: 1-Dados | C88: =VLOOKUP($A88,db_emp!$A$7:$N$156,2,FALSE) -> Unimed BH | D88: =VLOOKUP($A88,db_emp!$A$7:$N$157,D$5,FALSE) -> Planos e Seguros | E88: =A88 -> UMBH | F88: =VLOOKUP(E88,db_emp!$D$7:$E$156,2,FALSE) -> UMBH | I88: 941506 | J88: 968673 | K88: 1277424 | L88: 1589798 | M88: 1813703 | N88: 2114153 | O88: 2612660 | P88: 2896737 | Q88: 3072697 | R88: 3326277
A89: UMCE | B89: 1-Dados | C89: =VLOOKUP($A89,db_emp!$A$7:$N$156,2,FALSE) -> Unimed Central Nacional | D89: =VLOOKUP($A89,db_emp!$A$7:$N$157,D$5,FALSE) -> Planos e Seguros | E89: =A89 -> UMCE | F89: =VLOOKUP(E89,db_emp!$D$7:$E$156,2,FALSE) -> UMCE | I89: 314507 | J89: 345878 | K89: 446182 | L89: 578713 | M89: 753260 | N89: 995749 | O89: 1512907 | P89: 1447542 | Q89: 1468365 | R89: 861555
A90: UMCP | B90: 1-Dados | C90: =VLOOKUP($A90,db_emp!$A$7:$N$156,2,FALSE) -> Unimed Campinas | D90: =VLOOKUP($A90,db_emp!$A$7:$N$157,D$5,FALSE) -> Planos e Seguros | E90: =A90 -> UMCP | F90: =VLOOKUP(E90,db_emp!$D$7:$E$156,2,FALSE) -> UMCP | I90: - | J90: - | K90: 201451 | L90: 263144 | M90: 334081 | N90: 428376 | O90: 557640 | P90: 562192 | Q90: 699297 | R90: 793691
A91: UMCR | B91: 1-Dados | C91: =VLOOKUP($A91,db_emp!$A$7:$N$156,2,FALSE) -> Unimed Curitiba | D91: =VLOOKUP($A91,db_emp!$A$7:$N$157,D$5,FALSE) -> Planos e Seguros | E91: =A91 -> UMCR | F91: =VLOOKUP(E91,db_emp!$D$7:$E$156,2,FALSE) -> UMCR | I91: 152895 | J91: 179694 | K91: 303664 | L91: 408345 | M91: 491371 | N91: 587162 | O91: 772320 | P91: 711300 | Q91: 659981 | R91: 731813
A92: UMCU | B92: 1-Dados | C92: =VLOOKUP($A92,db_emp!$A$7:$N$156,2,FALSE) -> Unimed Cuiabá | D92: =VLOOKUP($A92,db_emp!$A$7:$N$157,D$5,FALSE) -> Planos e Seguros | E92: =A92 -> UMCU | F92: =VLOOKUP(E92,db_emp!$D$7:$E$156,2,FALSE) -> UMCU | I92: 83227 | J92: 112802 | K92: 139109 | L92: 198744 | M92: 215814 | N92: 199944 | O92: 207089 | P92: 209103 | Q92: -193024 | R92: -124030
A93: UMFL | B93: 1-Dados | C93: =VLOOKUP($A93,db_emp!$A$7:$N$156,2,FALSE) -> Unimed Florianópolis | D93: =VLOOKUP($A93,db_emp!$A$7:$N$157,D$5,FALSE) -> Planos e Seguros | E93: =A93 -> UMFL | F93: =VLOOKUP(E93,db_emp!$D$7:$E$156,2,FALSE) -> UMFL | I93: 49024 | J93: 66181 | K93: 91043 | L93: 140950 | M93: 172874 | N93: 204037 | O93: 291342 | P93: 323335 | Q93: 342192 | R93: 408097
A94: UMFO | B94: 1-Dados | C94: =VLOOKUP($A94,db_emp!$A$7:$N$156,2,FALSE) -> Unimed Fortaleza | D94: =VLOOKUP($A94,db_emp!$A$7:$N$157,D$5,FALSE) -> Planos e Seguros | E94: =A94 -> UMFO | F94: =VLOOKUP(E94,db_emp!$D$7:$E$156,2,FALSE) -> UMFO | I94: 129871 | J94: 185350 | K94: 239724 | L94: 273255 | M94: 335703 | N94: 423237 | O94: 546365 | P94: 483034 | Q94: 482454 | R94: 482554
A95: UMGO | B95: 1-Dados | C95: =VLOOKUP($A95,db_emp!$A$7:$N$156,2,FALSE) -> Unimed Goiânia | D95: =VLOOKUP($A95,db_emp!$A$7:$N$157,D$5,FALSE) -> Planos e Seguros | E95: =A95 -> UMGO | F95: =VLOOKUP(E95,db_emp!$D$7:$E$156,2,FALSE) -> UMGO | I95: - | J95: - | K95: - | L95: 228898 | M95: 273341 | N95: 359253 | O95: 515382 | P95: 453136 | Q95: 378628 | R95: 408209
A96: UMNA | B96: 1-Dados | C96: =VLOOKUP($A96,db_emp!$A$7:$N$156,2,FALSE) -> Unimed Natal | D96: =VLOOKUP($A96,db_emp!$A$7:$N$157,D$5,FALSE) -> Planos e Seguros | E96: =A96 -> UMNA | F96: =VLOOKUP(E96,db_emp!$D$7:$E$156,2,FALSE) -> UMNA | I96: 52590 | J96: 60560 | K96: 81840 | L96: 124274 | M96: 204724 | N96: 247961 | O96: 322567 | P96: 226129 | Q96: 231923 | R96: 232453
A97: UMPA | B97: 1-Dados | C97: =VLOOKUP($A97,db_emp!$A$7:$N$156,2,FALSE) -> Unimed Porto Alegre | D97: =VLOOKUP($A97,db_emp!$A$7:$N$157,D$5,FALSE) -> Planos e Seguros | E97: =A97 -> UMPA | F97: =VLOOKUP(E97,db_emp!$D$7:$E$156,2,FALSE) -> UMPA | I97: 221333 | J97: 300915 | K97: 390675 | L97: 513068 | M97: 655849 | N97: 741866 | O97: 963442 | P97: 1010095 | Q97: 1151113 | R97: 1373719
A98: UMRE | B98: 1-Dados | C98: =VLOOKUP($A98,db_emp!$A$7:$N$156,2,FALSE) -> Unimed Recife | D98: =VLOOKUP($A98,db_emp!$A$7:$N$157,D$5,FALSE) -> Planos e Seguros | E98: =A98 -> UMRE | F98: =VLOOKUP(E98,db_emp!$D$7:$E$156,2,FALSE) -> UMRE | I98: - | J98: - | K98: - | L98: 104054 | M98: 163665 | N98: 198983 | O98: 244095 | P98: 193740 | Q98: 132097 | R98: 95040
A99: UMRJ | B99: 1-Dados | C99: =VLOOKUP($A99,db_emp!$A$7:$N$156,2,FALSE) -> Unimed Rio | D99: =VLOOKUP($A99,db_emp!$A$7:$N$157,D$5,FALSE) -> Planos e Seguros | E99: =A99 -> UMRJ | F99: =VLOOKUP(E99,db_emp!$D$7:$E$156,2,FALSE) -> UMRJ | I99: -998319 | J99: -1089609 | K99: -999748 | L99: -1073779 | M99: -945266 | N99: -948035 | O99: -848588 | P99: -654077 | Q99: -2382488 | R99: -3307825
A100: UMVI | B100: 1-Dados | C100: =VLOOKUP($A100,db_emp!$A$7:$N$156,2,FALSE) -> Unimed Vitória | D100: =VLOOKUP($A100,db_emp!$A$7:$N$157,D$5,FALSE) -> Planos e Seguros | E100: =A100 -> UMVI | F100: =VLOOKUP(E100,db_emp!$D$7:$E$156,2,FALSE) -> UMVI | I100: - | J100: - | K100: - | L100: 209834 | M100: 278682 | N100: 317901 | O100: 390613 | P100: 377289 | Q100: 379985 | R100: 409745
...

Sheet RL
A1: RECEITA LÍQUIDA | H1: Soma | I1: =SUM(I7:I203) -> 1.5311106e+08 | J1: =SUM(J7:J203) -> 1.8161879e+08 | K1: =SUM(K7:K203) -> 2.002339e+08 | L1: =SUM(L7:L203) -> 2.4294787e+08 | M1: =SUM(M7:M203) -> 2.7017453e+08 | N1: =SUM(N7:N203) -> 312684535 | O1: =SUM(O7:O203) -> 3.4524947e+08 | P1: =SUM(P7:P203) -> 396917071 | ... R1: =SUM(R7:R203) -> 4.8322802e+08
H2: N. Empr. | I2: =COUNT(I7:I203) -> 68 | J2: =COUNT(J7:J203) -> 69 | K2: =COUNT(K7:K203) -> 71 | L2: =COUNT(L7:L203) -> 87 | M2: =COUNT(M7:M203) -> 89 | N2: =COUNT(N7:N203) -> 93 | O2: =COUNT(O7:O203) -> 95 | P2: =COUNT(P7:P203) -> 94 | ... R2: =COUNT(R7:R203) -> 88
A3: R$ Correntes | H3: Média | I3: =I1/I2 -> 2251633.3 | J3: =J1/J2 -> 2632156.3 | K3: =K1/K2 -> 2820195.8 | L3: =L1/L2 -> 2792504.2 | M3: =M1/M2 -> 3035668.8 | N3: =N1/N2 -> 3362199.3 | O3: =O1/O2 -> 3634205 | P3: =P1/P2 -> 4222522 | ... R3: =R1/R2 -> 5491227.5
A4: Milhares | H4: Cont.vazios | I4: =COUNTBLANK(I7:I104) -> 0 | J4: =COUNTBLANK(J7:J104) -> 0 | K4: =COUNTBLANK(K7:K104) -> 0 | L4: =COUNTBLANK(L7:L104) -> 0 | M4: =COUNTBLANK(M7:M104) -> 0 | N4: =COUNTBLANK(N7:N104) -> 0 | O4: =COUNTBLANK(O7:O104) -> 0 | P4: =COUNTBLANK(P7:P104) -> 0 | ... R4: =COUNTBLANK(R7:R104) -> 0
D5: 6 | G5: 12 | H5: =G5+1 -> 13
A6: Cod4 | B6: Tipo | C6: Grupo Empresarial | D6: Subsetor de origem | E6: Cod4 | F6: Grupo | I6: 2014 | J6: 2015 | K6: 2016 | L6: 2017 | M6: 2018 | N6: 2019 | O6: 2020 | P6: 2021 | Q6: 2022 | R6: 2023
A7: ACCA | B7: 1-Dados | C7: =VLOOKUP($A7,db_emp!$A$7:$N$156,2,FALSE) -> A.C. Camargo Cancer Center | D7: =VLOOKUP($A7,db_emp!$A$7:$N$157,D$5,FALSE) -> Redes Hospitalares | E7: =A7 -> ACCA | F7: =VLOOKUP($A7,db_emp!$A$7:$N$156,4,FALSE) -> ACCA | I7: - | J7: 1115210 | K7: 1299055 | L7: 1307914 | M7: 1351842 | N7: 1286069 | O7: 1101279 | P7: 1315279 | Q7: 1492930 | R7: 1698211
A8: ACHE | B8: 1-Dados | C8: =VLOOKUP($A8,db_emp!$A$7:$N$156,2,FALSE) -> Aché | D8: =VLOOKUP($A8,db_emp!$A$7:$N$157,D$5,FALSE) -> Ind. Farmacêutica | E8: =A8 -> ACHE | F8: =VLOOKUP(E8,db_emp!$D$7:$E$156,2,FALSE) -> ACHE | I8: 2133827 | J8: 2332938 | K8: 2686268 | L8: 2967912 | M8: 3183190 | N8: 3350532 | O8: 3477273 | P8: 4028347 | Q8: 4977629 | R8: 4959790
A9: ACSC | B9: 1-Dados | C9: =VLOOKUP($A9,db_emp!$A$7:$N$156,2,FALSE) -> Assoc. Congreg. Santa Catarina (Hospital Santa Catarina) | D9: =VLOOKUP($A9,db_emp!$A$7:$N$157,D$5,FALSE) -> Redes Hospitalares | E9: =A9 -> ACSC | F9: =VLOOKUP(E9,db_emp!$D$7:$E$156,2,FALSE) -> ACSC | I9: - | J9: - | K9: - | L9: 1864772 | M9: 1964058 | N9: 1786483 | O9: 1680317 | P9: 2224563 | Q9: 2349950 | R9: 2569282
A10: ALLI | B10: 1-Dados | C10: =VLOOKUP($A10,db_emp!$A$7:$N$156,2,FALSE) -> Alliança | D10: =VLOOKUP($A10,db_emp!$A$7:$N$157,D$5,FALSE) -> Diagnóstico e Terapia | E10: =A10 -> ALLI | F10: =VLOOKUP(E10,db_emp!$D$7:$E$156,2,FALSE) -> ALLI | I10: 393149 | J10: 699664 | K10: 951470 | L10: 1077876 | M10: 1076918 | N10: 1072865 | O10: 928787 | P10: 1136572 | Q10: 1085009 | R10: 1179584
A11: AMIN | B11: 1-Dados | C11: =VLOOKUP($A11,db_emp!$A$7:$N$156,2,FALSE) -> Amil | D11: =VLOOKUP($A11,db_emp!$A$7:$N$157,D$5,FALSE) -> Planos e Seguros | E11: =A11 -> AMIN | F11: =VLOOKUP(E11,db_emp!$D$7:$E$156,2,FALSE) -> AMIN | I11: 12211770 | J11: 14461918 | K11: 16765197 | L11: 19289894 | M11: 21187967 | N11: 22196708 | O11: 20476644 | P11: 19605536 | Q11: 18414319 | R11: 21548523
A12: APSE | B12: 1-Dados | C12: =VLOOKUP($A12,db_emp!$A$7:$N$156,2,FALSE) -> Apsen | D12: =VLOOKUP($A12,db_emp!$A$7:$N$157,D$5,FALSE) -> Ind. Farmacêutica | E12: =A12 -> APSE | F12: =VLOOKUP(E12,db_emp!$D$7:$E$156,2,FALSE) -> APSE | I12: 356640 | J12: 409193 | K12: 493413 | L12: 529021 | M12: 572546 | N12: 691344 | O12: 816312 | P12: 1034084 | Q12: 1146839 | R12: 1266027
A13: ARAU | B13: 1-Dados | C13: =VLOOKUP($A13,db_emp!$A$7:$N$156,2,FALSE) -> Araújo | D13: =VLOOKUP($A13,db_emp!$A$7:$N$157,D$5,FALSE) -> Farmácias e Drogarias | E13: =A13 -> ARAU | F13: =VLOOKUP(E13,db_emp!$D$7:$E$156,2,FALSE) -> ARAU | I13: 1367951 | J13: 1472399 | K13: 1561932 | L13: 1632231 | M13: 1749232 | N13: 1962596 | O13: 2239370 | P13: 2587593 | Q13: 3087151 | R13: 3600464
A14: ASSI | B14: 1-Dados | C14: =VLOOKUP($A14,db_emp!$A$7:$N$156,2,FALSE) -> Assim Saúde | D14: =VLOOKUP($A14,db_emp!$A$7:$N$157,D$5,FALSE) -> Planos e Seguros | E14: =A14 -> ASSI | F14: =VLOOKUP(E14,db_emp!$D$7:$E$156,2,FALSE) -> ASSI | I14: - | J14: - | K14: 772423 | L14: 1120039 | M14: 1445188 | N14: 1587636 | O14: 1809257 | P14: 1831371 | Q14: 1786426 | R14: 1910110
A15: ASZE | B15: 1-Dados | C15: =VLOOKUP($A15,db_emp!$A$7:$N$156,2,FALSE) -> AstraZeneca | D15: =VLOOKUP($A15,db_emp!$A$7:$N$157,D$5,FALSE) -> Ind. Farmacêutica | E15: =A15 -> ASZE | F15: =VLOOKUP(E15,db_emp!$D$7:$E$156,2,FALSE) -> ASZE | I15: - | J15: 1231232 | K15: 1214131 | L15: 1168788 | M15: 1353860 | N15: 1461326 | O15: 1609690 | P15: 1941076 | Q15: - | R15: -
A16: ATHE | B16: 1-Dados | C16: =VLOOKUP($A16,db_emp!$A$7:$N$156,2,FALSE) -> Athena Saúde | D16: =VLOOKUP($A16,db_emp!$A$7:$N$157,D$5,FALSE) -> Planos e Seguros | E16: =A16 -> ATHE | F16: =VLOOKUP(E16,db_emp!$D$7:$E$156,2,FALSE) -> ATHE | I16: - | J16: - | K16: - | L16: - | M16: 565852 | N16: 1100282 | O16: 1359357 | P16: 2360792 | Q16: 2981238 | R16: 3196424
A17: BAYE | B17: 1-Dados | C17: =VLOOKUP($A17,db_emp!$A$7:$N$156,2,FALSE) -> Bayer Pharma | D17: =VLOOKUP($A17,db_emp!$A$7:$N$157,D$5,FALSE) -> Ind. Farmacêutica | E17: =A17 -> BAYE | F17: =VLOOKUP(E17,db_emp!$D$7:$E$156,2,FALSE) -> BAYE | I17: 7893346 | J17: 9671213 | K17: 7902394 | L17: 6258187 | M17: 7844136 | N17: 8294383 | O17: 9818269 | P17: 6402381 | Q17: 5070144 | R17: 7142084
A18: BEPO | B18: 1-Dados | C18: =VLOOKUP($A18,db_emp!$A$7:$N$156,2,FALSE) -> BP - Beneficência Portuguesa de São Paulo | D18: =VLOOKUP($A18,db_emp!$A$7:$N$157,D$5,FALSE) -> Redes Hospitalares | E18: =A18 -> BEPO | F18: =VLOOKUP(E18,db_emp!$D$7:$E$156,2,FALSE) -> BEPO | I18: 932337 | J18: 1050425 | K18: 1269641 | L18: 1438868 | M18: 1463438 | N18: 1621748 | O18: 1485219 | P18: 1765099 | Q18: 1862287 | R18: 2143848
A19: BLAU | B19: 1-Dados | C19: =VLOOKUP($A19,db_emp!$A$7:$N$156,2,FALSE) -> Blau | D19: =VLOOKUP($A19,db_emp!$A$7:$N$157,D$5,FALSE) -> Ind. Farmacêutica | E19: =A19 -> BLAU | F19: =VLOOKUP(E19,db_emp!$D$7:$E$156,2,FALSE) -> BLAU | I19: 290045 | J19: 383451 | K19: 424835 | L19: 603926 | M19: 770948 | N19: 954711 | O19: 1157582 | P19: 1341138 | Q19: 1406909 | R19: 1372633
A20: BRIS | B20: 1-Dados | C20: =VLOOKUP($A20,db_emp!$A$7:$N$156,2,FALSE) -> Bristol-Myers Squibb | D20: =VLOOKUP($A20,db_emp!$A$7:$N$157,D$5,FALSE) -> Ind. Farmacêutica | E20: =A20 -> BRIS | F20: =VLOOKUP(E20,db_emp!$D$7:$E$156,2,FALSE) -> BRIS | I20: 360851 | J20: 451014 | K20: 473893 | L20: 631280 | M20: 746437 | N20: 860871 | O20: 968160 | P20: - | Q20: 1623811 | R20: 1856504
A21: BRSA | B21: 1-Dados | C21: =VLOOKUP($A21,db_emp!$A$7:$N$156,2,FALSE) -> Bradesco Saúde | D21: =VLOOKUP($A21,db_emp!$A$7:$N$157,D$5,FALSE) -> Planos e Seguros | E21: =A21 -> BRSA | F21: =VLOOKUP(E21,db_emp!$D$7:$E$156,2,FALSE) -> BRSA | I21: 13660030 | J21: 17145486 | K21: 18273105 | L21: 20408045 | M21: 21821023 | N21: 27220715 | O21: 27340056 | P21: 26053440 | Q21: 30094906 | R21: 34750768
A22: BUTA | B22: 1-Dados | C22: =VLOOKUP($A22,db_emp!$A$7:$N$156,2,FALSE) -> Fundação Butantan | D22: =VLOOKUP($A22,db_emp!$A$7:$N$157,D$5,FALSE) -> Ind. Farmacêutica | E22: =A22 -> BUTA | F22: BUTA | I22: 1090130 | J22: 987540 | K22: 1265343 | L22: 1446024 | M22: 1618010 | N22: 1961185 | O22: 1927549 | P22: 8076990 | Q22: 2622738 | R22: 3011125
A23: CARE | B23: 1-Dados | C23: =VLOOKUP($A23,db_emp!$A$7:$N$156,2,FALSE) -> Care Plus | D23: =VLOOKUP($A23,db_emp!$A$7:$N$157,D$5,FALSE) -> Planos e Seguros | E23: =A23 -> CARE | F23: =VLOOKUP(E23,db_emp!$D$7:$E$156,2,FALSE) -> CARE | I23: 401794 | J23: 561977 | K23: 671469 | L23: 784032 | M23: 882703 | N23: 1028247 | O23: 1157485 | P23: 1316364 | Q23: 1713039 | R23: 2105860
A24: CASS | B24: 1-Dados | C24: =VLOOKUP($A24,db_emp!$A$7:$N$156,2,FALSE) -> CASSI | D24: =VLOOKUP($A24,db_emp!$A$7:$N$157,D$5,FALSE) -> Planos e Seguros | E24: =A24 -> CASS | F24: =VLOOKUP(E24,db_emp!$D$7:$E$156,2,FALSE) -> CASS | I24: 3046590 | J24: 3358534 | K24: 3677362 | L24: 4294617 | M24: 4885781 | N24: 5632025 | O24: 6086469 | P24: 6060584 | Q24: 6349346 | R24: 7086562
A25: CEJA | B25: 1-Dados | C25: =VLOOKUP($A25,db_emp!$A$7:$N$156,2,FALSE) -> CEJAM | D25: =VLOOKUP($A25,db_emp!$A$7:$N$157,D$5,FALSE) -> Gestão como OS | E25: =A25 -> CEJA | F25: =VLOOKUP(E25,db_emp!$D$7:$E$156,2,FALSE) -> CEJA | I25: 573669 | J25: 675252 | K25: 744603 | L25: 773071 | M25: 808735 | N25: 885434 | O25: 1384858 | P25: 1890735 | Q25: 2200638 | R25: 2454424
A26: CIME | B26: 1-Dados | C26: =VLOOKUP($A26,db_emp!$A$7:$N$156,2,FALSE) -> Grupo Cimed | D26: =VLOOKUP($A26,db_emp!$A$7:$N$157,D$5,FALSE) -> Ind. Farmacêutica | E26: =A26 -> CIME | F26: =VLOOKUP(E26,db_emp!$D$7:$E$156,2,FALSE) -> CIME | I26: - | J26: - | K26: - | L26: 670983 | M26: 827818 | N26: 964458 | O26: 1314038 | P26: 939330 | Q26: 1357983 | R26: 1687756
A27: CLAM | B27: 1-Dados | C27: =VLOOKUP($A27,db_emp!$A$7:$N$156,2,FALSE) -> Clamed | D27: =VLOOKUP($A27,db_emp!$A$7:$N$157,D$5,FALSE) -> Farmácias e Drogarias | E27: =A27 -> CLAM | F27: =VLOOKUP(E27,db_emp!$D$7:$E$156,2,FALSE) -> CLAM | I27: 1137340 | J27: 1382652 | K27: 1700407 | L27: 1922731 | M27: 2067694 | N27: 2272557 | O27: 2266697 | P27: 2274442 | Q27: 2572964 | R27: -
A28: DASA | B28: 1-Dados | C28: =VLOOKUP($A28,db_emp!$A$7:$N$156,2,FALSE) -> DASA | D28: =VLOOKUP($A28,db_emp!$A$7:$N$157,D$5,FALSE) -> Diagnóstico e Terapia | E28: =A28 -> DASA | F28: =VLOOKUP(E28,db_emp!$D$7:$E$156,2,FALSE) -> DASA | I28: 2697573 | J28: 2794399 | K28: 3040775 | L28: 3399308 | M28: 3933451 | N28: 4364585 | O28: 7039331 | P28: 10418674 | Q28: 13128893 | R28: 14252235
A29: DIME | B29: 1-Dados | C29: =VLOOKUP($A29,db_emp!$A$7:$N$156,2,FALSE) -> DIMED/Grupo Panvel | D29: =VLOOKUP($A29,db_emp!$A$7:$N$157,D$5,FALSE) -> Farmácias e Drogarias | E29: =A29 -> DIME | F29: =VLOOKUP(E29,db_emp!$D$7:$E$156,2,FALSE) -> DIME | I29: 1855546 | J29: 1979543 | K29: 2122247 | L29: 2246135 | M29: 2422364 | N29: 3016329 | O29: 2810926 | P29: 3218762 | Q29: 3979242 | R29: 4447960
A30: DMIL | B30: 1-Dados | C30: =VLOOKUP($A30,db_emp!$A$7:$N$156,2,FALSE) -> d1000 | D30: =VLOOKUP($A30,db_emp!$A$7:$N$157,D$5,FALSE) -> Farmácias e Drogarias | E30: =A30 -> DMIL | F30: =VLOOKUP(E30,db_emp!$D$7:$E$156,2,FALSE) -> PROF | I30: - | J30: - | K30: 806240 | L30: 1143299 | M30: 1161068 | N30: 1132211 | O30: 1004375 | P30: 1141394 | Q30: 1483148 | R30: 1748909
A31: DPSP | B31: 1-Dados | C31: =VLOOKUP($A31,db_emp!$A$7:$N$156,2,FALSE) -> Grupo DPSP | D31: =VLOOKUP($A31,db_emp!$A$7:$N$157,D$5,FALSE) -> Farmácias e Drogarias | E31: =A31 -> DPSP | F31: =VLOOKUP(E31,db_emp!$D$7:$E$156,2,FALSE) -> DPSP | I31: 6061506 | J31: 6975842 | K31: 7935754 | L31: 8824970 | M31: 9086128 | N31: 9735055 | O31: 9891540 | P31: 11174259 | Q31: 12869604 | R31: 13989538
A32: EBSE | B32: 1-Dados | C32: =VLOOKUP($A32,db_emp!$A$7:$N$156,2,FALSE) -> EBSERH | D32: =VLOOKUP($A32,db_emp!$A$7:$N$157,D$5,FALSE) -> Redes Hospitalares | E32: =A32 -> EBSE | F32: =VLOOKUP(E32,db_emp!$D$7:$E$156,2,FALSE) -> EBSE | I32: 561935 | J32: 1991292 | K32: 3133707 | L32: 3984730 | M32: 5055402 | N32: 5876963 | O32: 7410326 | P32: 8320054 | Q32: =94766+9356644 -> 9451410 | R32: =203776+8091384+1902066 -> 10197226
A33: EINS | B33: 1-Dados | C33: =VLOOKUP($A33,db_emp!$A$7:$N$156,2,FALSE) -> Hospital Albert Einstein | D33: =VLOOKUP($A33,db_emp!$A$7:$N$157,D$5,FALSE) -> Redes Hospitalares | E33: =A33 -> EINS | F33: =VLOOKUP(E33,db_emp!$D$7:$E$156,2,FALSE) -> EINS | I33: 2038786 | J33: 2253254 | K33: - | L33: 2726593 | M33: 2825735 | N33: 3164615 | O33: 3253143 | P33: 4573035 | Q33: 4911496 | R33: 5377190
A34: ELFA | B34: 1-Dados | C34: =VLOOKUP($A34,db_emp!$A$7:$N$156,2,FALSE) -> Elfa Medicamentos | D34: =VLOOKUP($A34,db_emp!$A$7:$N$157,D$5,FALSE) -> Distribuição | E34: =A34 -> ELFA | F34: =VLOOKUP(E34,db_emp!$D$7:$E$156,2,FALSE) -> ELFA | I34: - | J34: - | K34: 751458 | L34: 1075744 | M34: 1560427 | N34: 1831462 | O34: 2875973 | P34: 5840375 | Q34: 6174619 | R34: 5911466
A35: EMSA | B35: 1-Dados | C35: =VLOOKUP($A35,db_emp!$A$7:$N$156,2,FALSE) -> EMS | D35: =VLOOKUP($A35,db_emp!$A$7:$N$157,D$5,FALSE) -> Ind. Farmacêutica | E35: =A35 -> EMSA | F35: =VLOOKUP(E35,db_emp!$D$7:$E$156,2,FALSE) -> EMSA | I35: - | J35: - | K35: - | L35: 3450706 | M35: 3625166 | N35: 3917157 | O35: 4355396 | P35: 4944551 | Q35: 5706375 | R35: 6828870
A36: EURO | B36: 1-Dados | C36: =VLOOKUP($A36,db_emp!$A$7:$N$156,2,FALSE) -> Eurofarma | D36: =VLOOKUP($A36,db_emp!$A$7:$N$157,D$5,FALSE) -> Ind. Farmacêutica | E36: =A36 -> EURO | F36: =VLOOKUP(E36,db_emp!$D$7:$E$156,2,FALSE) -> EURO | I36: 2186650 | J36: 2453261 | K36: ND | L36: 3122084 | M36: 3701854 | N36: 4828144 | O36: 5723191 | P36: 7067827 | Q36: 8006280 | R36: 9120676
A37: FABC | B37: 1-Dados | C37: =VLOOKUP($A37,db_emp!$A$7:$N$156,2,FALSE) -> Fundação do ABC | D37: =VLOOKUP($A37,db_emp!$A$7:$N$157,D$5,FALSE) -> Gestão como OS | E37: =A37 -> FABC | F37: =VLOOKUP(E37,db_emp!$D$7:$E$156,2,FALSE) -> FABC | I37: 1684686 | J37: 1901041 | K37: 2282323 | L37: 2305762 | M37: 2323051 | N37: 2342682 | O37: 2923010 | P37: 3392656 | Q37: 3352368 | R37: 3671201
A38: FFME | B38: 1-Dados | C38: =VLOOKUP($A38,db_emp!$A$7:$N$156,2,FALSE) -> FFM USP | D38: =VLOOKUP($A38,db_emp!$A$7:$N$157,D$5,FALSE) -> Redes Hospitalares | E38: =A38 -> FFME | F38: FFME | I38: 1222869 | J38: 1183383 | K38: 1159527 | L38: 1187917 | M38: 1256771 | N38: 1286982 | O38: 1541492 | P38: 1471647 | Q38: 1583129 | R38: 1765935
A39: FLEU | B39: 1-Dados | C39: =VLOOKUP($A39,db_emp!$A$7:$N$156,2,FALSE) -> Fleury | D39: =VLOOKUP($A39,db_emp!$A$7:$N$157,D$5,FALSE) -> Diagnóstico e Terapia | E39: =A39 -> FLEU | F39: =VLOOKUP(E39,db_emp!$D$7:$E$156,2,FALSE) -> FLEU | I39: 1678900 | J39: 1894960 | K39: 2096113 | L39: 2303012 | M39: 2664463 | N39: 2905616 | O39: 2971616 | P39: 3872651 | Q39: 4463040 | R39: 6470850
A40: GEAP | B40: 1-Dados | C40: =VLOOKUP($A40,db_emp!$A$7:$N$156,2,FALSE) -> GEAP | D40: =VLOOKUP($A40,db_emp!$A$7:$N$157,D$5,FALSE) -> Planos e Seguros | E40: =A40 -> GEAP | F40: =VLOOKUP(E40,db_emp!$D$7:$E$156,2,FALSE) -> GEAP | I40: 2497832 | J40: 2836012 | K40: 3406181 | L40: 3619098 | M40: 4065181 | N40: 4144593 | O40: 4058848 | P40: 3919774 | Q40: 3643101 | R40: 4040448
A41: GHCO | B41: 1-Dados | C41: =VLOOKUP($A41,db_emp!$A$7:$N$156,2,FALSE) -> GHC (Grupo Hospitalar Conceição) | D41: =VLOOKUP($A41,db_emp!$A$7:$N$157,D$5,FALSE) -> Redes Hospitalares | E41: =A41 -> GHCO | F41: =VLOOKUP(E41,db_emp!$D$7:$E$156,2,FALSE) -> GHCO | I41: 1136621 | J41: 1255621 | K41: 1357366 | L41: 1427537 | M41: 1436593 | N41: 1524779 | O41: 1490679 | P41: =1336+1594095 -> 1595431 | Q41: =4275+1741074 -> 1745349 | R41: =2803+1830521 -> 1833324
A42: GNDP | B42: 1-Dados | C42: =VLOOKUP($A42,db_emp!$A$7:$N$156,2,FALSE) -> Notre Dame Participações S.A. | D42: =VLOOKUP($A42,db_emp!$A$7:$N$157,D$5,FALSE) -> Planos e Seguros | E42: =A42 -> GNDP | F42: =VLOOKUP(E42,db_emp!$D$7:$E$156,2,FALSE) -> HAPV | I42: 1513406 | J42: 2984531 | K42: 4139730 | L42: 5304923 | M42: 6135217 | N42: 8412439 | O42: 10673268 | P42: 12584361 | Q42: - | R42: -
A43: GOLD | B43: 1-Dados | C43: =VLOOKUP($A43,db_emp!$A$7:$N$156,2,FALSE) -> Golden Cross/Vision Med | D43: =VLOOKUP($A43,db_emp!$A$7:$N$157,D$5,FALSE) -> Planos e Seguros | E43: =A43 -> GOLD | F43: =VLOOKUP(E43,db_emp!$D$7:$E$156,2,FALSE) -> GOLD | I43: - | J43: - | K43: - | L43: 1226907 | M43: 1073742 | N43: 1058990 | O43: 1079386 | P43: 1084984 | Q43: 1256674 | R43: 1631316
A44: GSKF | B44: 1-Dados | C44: =VLOOKUP($A44,db_emp!$A$7:$N$156,2,FALSE) -> GSK Farma | D44: =VLOOKUP($A44,db_emp!$A$7:$N$157,D$5,FALSE) -> Ind. Farmacêutica | E44: =A44 -> GSKF | F44: =VLOOKUP(E44,db_emp!$D$7:$E$156,2,FALSE) -> GSKF | I44: - | J44: - | K44: - | L44: - | M44: - | N44: 1748000 | O44: 1563752 | P44: 1822051 | Q44: 2055193 | R44: 2340512
A45: HAOC | B45: 1-Dados | C45: =VLOOKUP($A45,db_emp!$A$7:$N$156,2,FALSE) -> Hospital Alemão Oswaldo Cruz | D45: =VLOOKUP($A45,db_emp!$A$7:$N$157,D$5,FALSE) -> Redes Hospitalares | E45: =A45 -> HAOC | F45: =VLOOKUP(E45,db_emp!$D$7:$E$156,2,FALSE) -> HAOC | I45: - | J45: - | K45: - | L45: - | M45: 764029 | N45: 902857 | O45: 852496.87 | P45: 1133487 | Q45: 1242854 | R45: 1308053
A46: HAPV | B46: 1-Dados | C46: =VLOOKUP($A46,db_emp!$A$7:$N$156,2,FALSE) -> Hapvida | D46: =VLOOKUP($A46,db_emp!$A$7:$N$157,D$5,FALSE) -> Planos e Seguros | E46: =A46 -> HAPV | F46: =VLOOKUP(E46,db_emp!$D$7:$E$156,2,FALSE) -> HAPV | I46: 1963000 | J46: 2459008 | K46: 3036454 | L46: 3847981 | M46: 4575898 | N46: 5634383 | O46: 8554961 | P46: 9883385 | Q46: 23748803 | R46: 27383408
A47: HCOR | B47: 1-Dados | C47: =VLOOKUP($A47,db_emp!$A$7:$N$156,2,FALSE) -> HCOR | D47: =VLOOKUP($A47,db_emp!$A$7:$N$157,D$5,FALSE) -> Redes Hospitalares | E47: =A47 -> HCOR | F47: =VLOOKUP(E47,db_emp!$D$7:$E$156,2,FALSE) -> HCOR | I47: - | J47: - | K47: - | L47: - | M47: - | N47: 760830 | O47: 763051 | P47: 956628 | Q47: 1022984 | R47: 1125458
A48: HEBR | B48: 1-Dados | C48: =VLOOKUP($A48,db_emp!$A$7:$N$156,2,FALSE) -> Hemobrás | D48: =VLOOKUP($A48,db_emp!$A$7:$N$157,D$5,FALSE) -> Ind. Farmacêutica | E48: =A48 -> HEBR | F48: =VLOOKUP(E48,db_emp!$D$7:$E$156,2,FALSE) -> HEBR | I48: 194493.11 | J48: 379274.08 | K48: 604967.14 | L48: 733167.19 | M48: 729508.45 | N48: 815421 | O48: 781920 | P48: 990080 | Q48: 953161.17 | R48: 1014537.9
A49: HEPA | B49: 1-Dados | C49: =VLOOKUP($A49,db_emp!$A$7:$N$156,2,FALSE) -> Hermes Pardini | D49: =VLOOKUP($A49,db_emp!$A$7:$N$157,D$5,FALSE) -> Diagnóstico e Terapia | E49: =A49 -> HEPA | F49: =VLOOKUP(E49,db_emp!$D$7:$E$156,2,FALSE) -> FLEU | I49: 696529 | J49: 771786 | K49: 899414 | L49: 1117038 | M49: 1204709 | N49: 1353634 | O49: 1494012 | P49: 1985798 | Q49: 2098683 | R49: -
A50: HOCA | B50: 1-Dados | C50: =VLOOKUP($A50,db_emp!$A$7:$N$156,2,FALSE) -> Hospital Care | D50: =VLOOKUP($A50,db_emp!$A$7:$N$157,D$5,FALSE) -> Redes Hospitalares | E50: =A50 -> HOCA | F50: =VLOOKUP(E50,db_emp!$D$7:$E$156,2,FALSE) -> HOCA | I50: - | J50: - | K50: - | L50: 269011 | M50: 572674 | N50: 774022 | O50: 983750 | P50: 1616710 | Q50: 1592631 | R50: 1975854
A51: HYPE | B51: 1-Dados | C51: =VLOOKUP($A51,db_emp!$A$7:$N$156,2,FALSE) -> Hypera Pharma | D51: =VLOOKUP($A51,db_emp!$A$7:$N$157,D$5,FALSE) -> Ind. Farmacêutica | E51: =A51 -> HYPE | F51: =VLOOKUP(E51,db_emp!$D$7:$E$156,2,FALSE) -> HYPE | I51: 2768096 | J51: 2956649 | K51: 3228092 | L51: 3499899 | M51: 3724309 | N51: 3294749 | O51: 4088871 | P51: 5937373 | Q51: 7546355 | R51: 7994963
A52: IMPA | B52: 1-Dados | C52: =VLOOKUP($A52,db_emp!$A$7:$N$156,2,FALSE) -> Rede Ímpar | D52: =VLOOKUP($A52,db_emp!$A$7:$N$157,D$5,FALSE) -> Redes Hospitalares | E52: =A52 -> IMPA | F52: =VLOOKUP(E52,db_emp!$D$7:$E$156,2,FALSE) -> DASA | I52: - | J52: 1390044 | K52: 1618347 | L52: 1864084 | M52: 2185006 | N52: 2883452 | O52: 2690793 | P52: 3874827 | Q52: - | R52: -
A53: KORA | B53: 1-Dados | C53: =VLOOKUP($A53,db_emp!$A$7:$N$156,2,FALSE) -> Kora Saúde | D53: =VLOOKUP($A53,db_emp!$A$7:$N$157,D$5,FALSE) -> Redes Hospitalares | E53: =A53 -> KORA | F53: =VLOOKUP(E53,db_emp!$D$7:$E$156,2,FALSE) -> KORA | I53: - | J53: - | K53: - | L53: 263652 | M53: 284189 | N53: 442035 | O53: 612287 | P53: 1261856 | Q53: 2046729 | R53: 2259687
A54: LIBB | B54: 1-Dados | C54: =VLOOKUP($A54,db_emp!$A$7:$N$156,2,FALSE) -> Libbs | D54: =VLOOKUP($A54,db_emp!$A$7:$N$157,D$5,FALSE) -> Ind. Farmacêutica | E54: =A54 -> LIBB | F54: =VLOOKUP(E54,db_emp!$D$7:$E$156,2,FALSE) -> LIBB | I54: - | J54: - | K54: - | L54: - | M54: - | N54: 1720622 | O54: 1852451 | P54: 2172390 | Q54: 2342386 | R54: 2606068
A55: MDEI | B55: 1-Dados | C55: =VLOOKUP($A55,db_emp!$A$7:$N$156,2,FALSE) -> Mater Dei | D55: =VLOOKUP($A55,db_emp!$A$7:$N$157,D$5,FALSE) -> Redes Hospitalares | E55: =A55 -> MDEI | F55: =VLOOKUP(E55,db_emp!$D$7:$E$156,2,FALSE) -> MDEI | I55: 318987 | J55: 430256 | K55: 525374 | L55: 599594 | M55: 626556 | N55: 732639 | O55: 717861 | P55: 1024313 | Q55: 1763132 | R55: 2187665
A56: MEDL | B56: 1-Dados | C56: =VLOOKUP($A56,db_emp!$A$7:$N$156,2,FALSE) -> Medley | D56: =VLOOKUP($A56,db_emp!$A$7:$N$157,D$5,FALSE) -> Ind. Farmacêutica | E56: =A56 -> MEDL | F56: =VLOOKUP(E56,db_emp!$D$7:$E$156,2,FALSE) -> SANO | I56: 870838 | J56: 847155 | K56: 834680 | L56: 838500 | M56: - | N56: - | O56: - | P56: - | Q56: - | R56: -
A57: MERC | B57: 1-Dados | C57: =VLOOKUP($A57,db_emp!$A$7:$N$156,2,FALSE) -> Merck S.A. | D57: =VLOOKUP($A57,db_emp!$A$7:$N$157,D$5,FALSE) -> Ind. Farmacêutica | E57: =A57 -> MERC | F57: MERC | I57: - | J57: - | K57: - | L57: - | M57: - | N57: - | O57: 1636515 | P57: 1681197 | Q57: 2015854 | R57: 2312195
A58: MOVE | B58: 1-Dados | C58: =VLOOKUP($A58,db_emp!$A$7:$N$156,2,FALSE) -> Hospital Moinhos de Vento | D58: =VLOOKUP($A58,db_emp!$A$7:$N$157,D$5,FALSE) -> Redes Hospitalares | E58: =A58 -> MOVE | F58: =VLOOKUP(E58,db_emp!$D$7:$E$156,2,FALSE) -> MOVE | I58: - | J58: - | K58: - | L58: - | M58: - | N58: - | O58: - | P58: 1104565 | Q58: 1230366 | R58: 1347776
A59: NISS | B59: 1-Dados | C59: =VLOOKUP($A59,db_emp!$A$7:$N$156,2,FALSE) -> Nissei | D59: =VLOOKUP($A59,db_emp!$A$7:$N$157,D$5,FALSE) -> Farmácias e Drogarias | E59: =A59 -> NISS | F59: =VLOOKUP(E59,db_emp!$D$7:$E$156,2,FALSE) -> NISS | I59: 1109302 | J59: 1102733 | K59: 1127936 | L59: 1236667 | M59: 1345637 | N59: 1499474 | O59: 1613151 | P59: 1860022 | Q59: 2207011 | R59: 2549996
A60: NNOR | B60: 1-Dados | C60: =VLOOKUP($A60,db_emp!$A$7:$N$156,2,FALSE) -> Novo Nordisk | D60: =VLOOKUP($A60,db_emp!$A$7:$N$157,D$5,FALSE) -> Ind. Farmacêutica | E60: =A60 -> NNOR | F60: =VLOOKUP(E60,db_emp!$D$7:$E$156,2,FALSE) -> NNOR | I60: 997351 | J60: 827739 | K60: 738466 | L60: 746780 | M60: 753611 | N60: 826172 | O60: 866062 | P60: - | Q60: - | R60: -
A61: NOVA | B61: 1-Dados | C61: =VLOOKUP($A61,db_emp!$A$7:$N$156,2,FALSE) -> Novartis | D61: =VLOOKUP($A61,db_emp!$A$7:$N$157,D$5,FALSE) -> Ind. Farmacêutica | E61: =A61 -> NOVA | F61: =VLOOKUP(E61,db_emp!$D$7:$E$156,2,FALSE) -> NOVA | I61: 2694842 | J61: 2741912 | K61: 3009480 | L61: 2985840 | M61: 3221424 | N61: 3507094 | O61: 3244787 | P61: 3442977 | Q61: 4046854 | R61: 4971604
A62: ODON | B62: 1-Dados | C62: =VLOOKUP($A62,db_emp!$A$7:$N$156,2,FALSE) -> Odontoprev | D62: =VLOOKUP($A62,db_emp!$A$7:$N$157,D$5,FALSE) -> Planos e Seguros | E62: =A62 -> ODON | F62: =VLOOKUP(E62,db_emp!$D$7:$E$156,2,FALSE) -> BRSA | I62: 1139838 | J62: 1236798 | K62: 1347871 | L62: 1415789 | M62: 1519621 | N62: 1778599 | O62: 1736993 | P62: 1809030 | Q62: 1825386 | R62: 2058108
A63: OMIN | B63: 1-Dados | C63: =VLOOKUP($A63,db_emp!$A$7:$N$156,2,FALSE) -> Omint | D63: =VLOOKUP($A63,db_emp!$A$7:$N$157,D$5,FALSE) -> Planos e Seguros | E63: =A63 -> OMIN | F63: =VLOOKUP(E63,db_emp!$D$7:$E$156,2,FALSE) -> OMIN | I63: - | J63: - | K63: - | L63: 1378136 | M63: 1499980 | N63: 1612244 | O63: 1706485 | P63: 1755765 | Q63: 1959392 | R63: 2268734
A64: ONCC | B64: 1-Dados | C64: =VLOOKUP($A64,db_emp!$A$7:$N$156,2,FALSE) -> Oncoclínicas | D64: =VLOOKUP($A64,db_emp!$A$7:$N$157,D$5,FALSE) -> Diagnóstico e Terapia | E64: =A64 -> ONCC | F64: =VLOOKUP(E64,db_emp!$D$7:$E$156,2,FALSE) -> ONCC | I64: - | J64: - | K64: 594811 | L64: 791837 | M64: 1050836 | N64: 1689510 | O64: 2035191 | P64: 2702066 | Q64: 4088252 | R64: 5488776
A65: PGME | B65: 1-Dados | C65: =VLOOKUP($A65,db_emp!$A$7:$N$156,2,FALSE) -> Pague Menos | D65: =VLOOKUP($A65,db_emp!$A$7:$N$157,D$5,FALSE) -> Farmácias e Drogarias | E65: =A65 -> PGME | F65: =VLOOKUP(E65,db_emp!$D$7:$E$156,2,FALSE) -> PGME | I65: 4081834 | J65: 4630548 | K65: 5542343 | L65: 5962804 | M65: 6245050 | N65: 6422248 | O65: 6858492 | P65: 7528710 | Q65: 9189075 | R65: 11202122
A66: POSA | B66: 1-Dados | C66: =VLOOKUP($A66,db_emp!$A$7:$N$156,2,FALSE) -> Porto Saúde | D66: =VLOOKUP($A66,db_emp!$A$7:$N$157,D$5,FALSE) -> Planos e Seguros | E66: =A66 -> POSA | F66: =VLOOKUP(E66,db_emp!$D$7:$E$156,2,FALSE) -> POSA | I66: 1053252 | J66: 1056684 | K66: 1100611 | L66: 1245137 | M66: 1426853 | N66: 1613904 | O66: 1823357 | P66: 2109455 | Q66: 3131864 | R66: 4310110
A67: PRAT | B67: 1-Dados | C67: =VLOOKUP($A67,db_emp!$A$7:$N$156,2,FALSE) -> Prati-Donaduzzi | D67: =VLOOKUP($A67,db_emp!$A$7:$N$157,D$5,FALSE) -> Ind. Farmacêutica | E67: =A67 -> PRAT | F67: =VLOOKUP(E67,db_emp!$D$7:$E$156,2,FALSE) -> PRAT | I67: - | J67: - | K67: 698872 | L67: 785731 | M67: 798937 | N67: 946220 | O67: 1168143 | P67: 1286662 | Q67: 1532385 | R67: 1852365
A68: PREV | B68: 1-Dados | C68: =VLOOKUP($A68,db_emp!$A$7:$N$156,2,FALSE) -> PreventSenior | D68: =VLOOKUP($A68,db_emp!$A$7:$N$157,D$5,FALSE) -> Planos e Seguros | E68: =A68 -> PREV | F68: =VLOOKUP(E68,db_emp!$D$7:$E$156,2,FALSE) -> PREV | I68: 1066771 | J68: 1476111 | K68: 1900311 | L68: 2325447 | M68: 2866086 | N68: 3487958 | O68: 4097128 | P68: 4928114 | Q68: 4633087 | R68: 6108758
A69: PROF | B69: 1-Dados | C69: =VLOOKUP($A69,db_emp!$A$7:$N$156,2,FALSE) -> Profarma | D69: =VLOOKUP($A69,db_emp!$A$7:$N$157,D$5,FALSE) -> Distribuição | E69: =A69 -> PROF | F69: =VLOOKUP(E69,db_emp!$D$7:$E$156,2,FALSE) -> PROF | I69: 3165171 | J69: 3360959 | K69: 3750363 | L69: 3706470 | M69: 3875082 | N69: 4498343 | O69: 5242284 | P69: 6116541 | Q69: 7443501 | R69: 8344305
A70: PSPE | B70: 1-Dados | C70: =VLOOKUP($A70,db_emp!$A$7:$N$156,2,FALSE) -> Profarma Specialty | D70: =VLOOKUP($A70,db_emp!$A$7:$N$157,D$5,FALSE) -> Distribuição | E70: =A70 -> PSPE | F70: =VLOOKUP(E70,db_emp!$D$7:$E$156,2,FALSE) -> VIVE | I70: - | J70: - | K70: - | L70: 857171 | M70: 1042260 | N70: 1049429 | O70: 1199590 | P70: 1422262 | Q70: 1238479 | R70: -
A71: QUAL | B71: 1-Dados | C71: =VLOOKUP($A71,db_emp!$A$7:$N$156,2,FALSE) -> Qualicorp | D71: =VLOOKUP($A71,db_emp!$A$7:$N$157,D$5,FALSE) -> Planos e Seguros | E71: =A71 -> QUAL | F71: =VLOOKUP(E71,db_emp!$D$7:$E$156,2,FALSE) -> QUAL | I71: 1493014 | J71: 1730159 | K71: 1730159 | L71: 2075289 | M71: 1914795 | N71: 2001326 | O71: 2025951 | P71: 2096548 | Q71: 1951408 | R71: 1749906
A72: RAIA | B72: 1-Dados | C72: =VLOOKUP($A72,db_emp!$A$7:$N$156,2,FALSE) -> Raia Drogasil | D72: =VLOOKUP($A72,db_emp!$A$7:$N$157,D$5,FALSE) -> Farmácias e Drogarias | E72: =A72 -> RAIA | F72: =VLOOKUP(E72,db_emp!$D$7:$E$156,2,FALSE) -> RAIA | I72: 7351456 | J72: 8897849 | K72: 11256565 | L72: 13212505 | M72: 14801445 | N72: 17565600 | O72: 20066840 | P72: 24127002 | Q72: 29067380 | R72: 33973790
A73: RDOR | B73: 1-Dados | C73: =VLOOKUP($A73,db_emp!$A$7:$N$156,2,FALSE) -> Rede D'Or | D73: =VLOOKUP($A73,db_emp!$A$7:$N$157,D$5,FALSE) -> Redes Hospitalares | E73: =A73 -> RDOR | F73: =VLOOKUP(E73,db_emp!$D$7:$E$156,2,FALSE) -> RDOR | I73: 4991533 | J73: 6452068 | K73: 7912468 | L73: 9417407 | M73: 10914892 | N73: 13319835 | O73: 14029408 | P73: 20381883 | Q73: 22987443 | R73: 46508558
A74: ROCH | B74: 1-Dados | C74: =VLOOKUP($A74,db_emp!$A$7:$N$156,2,FALSE) -> Roche | D74: =VLOOKUP($A74,db_emp!$A$7:$N$157,D$5,FALSE) -> Ind. Farmacêutica | E74: =A74 -> ROCH | F74: =VLOOKUP(E74,db_emp!$D$7:$E$156,2,FALSE) -> ROCH | I74: 2628269 | J74: 2950033 | K74: 3047473 | L74: 3461375 | M74: 3743184 | N74: 3954388 | O74: 3811467 | P74: 3846702 | Q74: 4001308 | R74: 4546303
A75: RSAR | B75: 1-Dados | C75: =VLOOKUP($A75,db_emp!$A$7:$N$156,2,FALSE) -> Rede Sarah (Associação das Pioneiras Sociais) | D75: =VLOOKUP($A75,db_emp!$A$7:$N$157,D$5,FALSE) -> Redes Hospitalares | E75: =A75 -> RSAR | F75: =VLOOKUP(E75,db_emp!$D$7:$E$156,2,FALSE) -> RSAR | I75: 777817 | J75: - | K75: 1011415 | L75: 1094582 | M75: 1163848 | N75: 1085436 | O75: 1140432 | P75: 1158160 | Q75: 1260197 | R75: 1307356
A76: SABI | B76: 1-Dados | C76: =VLOOKUP($A76,db_emp!$A$7:$N$156,2,FALSE) -> Sabin | D76: =VLOOKUP($A76,db_emp!$A$7:$N$157,D$5,FALSE) -> Diagnóstico e Terapia | E76: =A76 -> SABI | F76: =VLOOKUP(E76,db_emp!$D$7:$E$156,2,FALSE) -> SABI | I76: - | J76: - | K76: - | L76: - | M76: 824054 | N76: 945573 | O76: 1056669 | P76: 1355885 | Q76: 1394117 | R76: 1142528
A77: SANO | B77: 1-Dados | C77: =VLOOKUP($A77,db_emp!$A$7:$N$156,2,FALSE) -> Sanofi Medley | D77: =VLOOKUP($A77,db_emp!$A$7:$N$157,D$5,FALSE) -> Ind. Farmacêutica | E77: =A77 -> SANO | F77: =VLOOKUP(E77,db_emp!$D$7:$E$156,2,FALSE) -> SANO | I77: - | J77: - | K77: - | L77: - | M77: 951173 | N77: 4283576 | O77: 4498136 | P77: 4725481 | Q77: 5109320 | R77: 4958396
A78: SAVE | B78: 1-Dados | C78: =VLOOKUP($A78,db_emp!$A$7:$N$156,2,FALSE) -> Sanofi Aventis | D78: =VLOOKUP($A78,db_emp!$A$7:$N$157,D$5,FALSE) -> Ind. Farmacêutica | E78: =A78 -> SAVE | F78: =VLOOKUP(E78,db_emp!$D$7:$E$156,2,FALSE) -> SANO | I78: 1899694 | J78: 2725487 | K78: 2737368 | L78: 2830304 | M78: - | N78: - | O78: - | P78: - | Q78: - | R78: -
A79: SBSC | B79: 1-Dados | C79: =VLOOKUP($A79,db_emp!$A$7:$N$156,2,FALSE) -> Sociedade Beneficente São Camilo (Hospital São Camilo) | D79: =VLOOKUP($A79,db_emp!$A$7:$N$157,D$5,FALSE) -> Redes Hospitalares | E79: =A79 -> SBSC | F79: =VLOOKUP(E79,db_emp!$D$7:$E$156,2,FALSE) -> SBSC | I79: - | J79: - | K79: - | L79: - | M79: - | N79: - | O79: 2504494 | P79: 2815867 | Q79: 2545022 | R79: 2814877.8
A80: SCPA | B80: 1-Dados | C80: =VLOOKUP($A80,db_emp!$A$7:$N$156,2,FALSE) -> Santa Casa de Porto Alegre | D80: =VLOOKUP($A80,db_emp!$A$7:$N$157,D$5,FALSE) -> Redes Hospitalares | E80: =A80 -> SCPA | F80: =VLOOKUP(E80,db_emp!$D$7:$E$156,2,FALSE) -> SCPA | I80: 627799.29 | J80: 672656.02 | K80: 740568.69 | L80: 802603 | M80: 905871 | N80: 1037698 | O80: 1096381 | P80: 1303265 | Q80: 1470542 | R80: 1627367
A81: SECO | B81: 1-Dados | C81: =VLOOKUP($A81,db_emp!$A$7:$N$156,2,FALSE) -> Seconci | D81: =VLOOKUP($A81,db_emp!$A$7:$N$157,D$5,FALSE) -> Gestão como OS | E81: =A81 -> SECO | F81: =VLOOKUP(E81,db_emp!$D$7:$E$156,2,FALSE) -> SECO | I81: 759565 | J81: 849088 | K81: 988493 | L81: 1070903 | M81: 1137793 | N81: 1282683 | O81: 1508616 | P81: 1475993 | Q81: 1582854 | R81: 1852099
A82: SILI | B82: 1-Dados | C82: =VLOOKUP($A82,db_emp!$A$7:$N$156,2,FALSE) -> Hospital Sírio Libanês | D82: =VLOOKUP($A82,db_emp!$A$7:$N$157,D$5,FALSE) -> Redes Hospitalares | E82: =A82 -> SILI | F82: =VLOOKUP(E82,db_emp!$D$7:$E$156,2,FALSE) -> SILI | I82: 1174027 | J82: 1346958 | K82: - | L82: - | M82: - | N82: 2274849 | O82: 2202915 | P82: 2869186 | Q82: 2971784 | R82: 3251153
A83: SOLF | B83: 1-Dados | C83: =VLOOKUP($A83,db_emp!$A$7:$N$156,2,FALSE) -> Solfarma | D83: =VLOOKUP($A83,db_emp!$A$7:$N$157,D$5,FALSE) -> Distribuição | E83: =A83 -> SOLF | F83: =VLOOKUP(E83,db_emp!$D$7:$E$156,2,FALSE) -> SOLF | I83: - | J83: - | K83: - | L83: 585278 | M83: 666190 | N83: 729049 | O83: 807512 | P83: 1147911 | Q83: 1401999 | R83: 1681992
A84: SPDM | B84: 1-Dados | C84: =VLOOKUP($A84,db_emp!$A$7:$N$156,2,FALSE) -> SPDM Hospital São Paulo | D84: =VLOOKUP($A84,db_emp!$A$7:$N$157,D$5,FALSE) -> Gestão como OS | E84: =A84 -> SPDM | F84: =VLOOKUP(E84,db_emp!$D$7:$E$156,2,FALSE) -> SPDM | I84: 3805980 | J84: 4328269 | K84: 4853643 | L84: 5238942 | M84: 5355171 | N84: 6113068 | O84: 7073651 | P84: 8337230 | Q84: 9875737 | R84: 10742724
A85: SULA | B85: 1-Dados | C85: =VLOOKUP($A85,db_emp!$A$7:$N$156,2,FALSE) -> SulAmérica | D85: =VLOOKUP($A85,db_emp!$A$7:$N$157,D$5,FALSE) -> Planos e Seguros | E85: =A85 -> SULA | F85: =VLOOKUP(E85,db_emp!$D$7:$E$156,2,FALSE) -> RDOR | I85: 13500128 | J85: 15064382 | K85: 16274044 | L85: 17762196 | M85: 19831212 | N85: 18175556 | O85: 19215791 | P85: 20362901 | Q85: - | R85: -
A86: TEUT | B86: 1-Dados | C86: =VLOOKUP($A86,db_emp!$A$7:$N$156,2,FALSE) -> Teuto | D86: =VLOOKUP($A86,db_emp!$A$7:$N$157,D$5,FALSE) -> Ind. Farmacêutica | E86: =A86 -> TEUT | F86: =VLOOKUP(E86,db_emp!$D$7:$E$156,2,FALSE) -> TEUT | I86: 500299 | J86: 543450 | K86: - | L86: 740034 | M86: 767538 | N86: 966055 | O86: 1048723 | P86: 1422040 | Q86: 1288731 | R86: 1541694
A87: UMBE | B87: 1-Dados | C87: =VLOOKUP($A87,db_emp!$A$7:$N$156,2,FALSE) -> Unimed Belém | D87: =VLOOKUP($A87,db_emp!$A$7:$N$157,D$5,FALSE) -> Planos e Seguros | E87: =A87 -> UMBE | F87: =VLOOKUP(E87,db_emp!$D$7:$E$156,2,FALSE) -> UMBE | I87: 783034 | J87: 889816 | K87: 973063 | L87: 1034398 | M87: 1198375 | N87: 1327156 | O87: 1358738 | P87: 1469584 | Q87: 1411807 | R87: 1567448
A88: UMBH | B88: 1-Dados | C88: =VLOOKUP($A88,db_emp!$A$7:$N$156,2,FALSE) -> Unimed BH | D88: =VLOOKUP($A88,db_emp!$A$7:$N$157,D$5,FALSE) -> Planos e Seguros | E88: =A88 -> UMBH | F88: =VLOOKUP(E88,db_emp!$D$7:$E$156,2,FALSE) -> UMBH | I88: 2562053 | J88: 2839944 | K88: 3141357 | L88: 3390034 | M88: 4045041 | N88: 4390836 | O88: 4699566 | P88: 5065774 | Q88: 5468384 | R88: 6213525
A89: UMCE | B89: 1-Dados | C89: =VLOOKUP($A89,db_emp!$A$7:$N$156,2,FALSE) -> Unimed Central Nacional | D89: =VLOOKUP($A89,db_emp!$A$7:$N$157,D$5,FALSE) -> Planos e Seguros | E89: =A89 -> UMCE | F89: =VLOOKUP(E89,db_emp!$D$7:$E$156,2,FALSE) -> UMCE | I89: 2608309 | J89: 3291379 | K89: 3922426 | L89: 4136778 | M89: 2891215 | N89: 4078716 | O89: 5064098 | P89: 6032404 | Q89: 6642136 | R89: 7875611
A90: UMCP | B90: 1-Dados | C90: =VLOOKUP($A90,db_emp!$A$7:$N$156,2,FALSE) -> Unimed Campinas | D90: =VLOOKUP($A90,db_emp!$A$7:$N$157,D$5,FALSE) -> Planos e Seguros | E90: =A90 -> UMCP | F90: =VLOOKUP(E90,db_emp!$D$7:$E$156,2,FALSE) -> UMCP | I90: 1546980 | J90: 1780898 | K90: 1717603 | L90: 1954352 | M90: 2077398 | N90: 2263211 | O90: 2525522 | P90: 2685260 | Q90: 2580251 | R90: 3114578
A91: UMCR | B91: 1-Dados | C91: =VLOOKUP($A91,db_emp!$A$7:$N$156,2,FALSE) -> Unimed Curitiba | D91: =VLOOKUP($A91,db_emp!$A$7:$N$157,D$5,FALSE) -> Planos e Seguros | E91: =A91 -> UMCR | F91: =VLOOKUP(E91,db_emp!$D$7:$E$156,2,FALSE) -> UMCR | I91: 1373568 | J91: 1512410 | K91: 1704332 | L91: 1908327 | M91: 2485410 | N91: 2689865 | O91: 2775369 | P91: 2502995 | Q91: 2636243 | R91: 3156169
A92: UMCU | B92: 1-Dados | C92: =VLOOKUP($A92,db_emp!$A$7:$N$156,2,FALSE) -> Unimed Cuiabá | D92: =VLOOKUP($A92,db_emp!$A$7:$N$157,D$5,FALSE) -> Planos e Seguros | E92: =A92 -> UMCU | F92: =VLOOKUP(E92,db_emp!$D$7:$E$156,2,FALSE) -> UMCU | I92: 668626 | J92: 757842 | K92: 834568 | L92: 888778 | M92: 1109650 | N92: 1184655 | O92: 1173696 | P92: 1251896 | Q92: 1245424 | R92: 1384116
A93: UMFL | B93: 1-Dados | C93: =VLOOKUP($A93,db_emp!$A$7:$N$156,2,FALSE) -> Unimed Florianópolis | D93: =VLOOKUP($A93,db_emp!$A$7:$N$157,D$5,FALSE) -> Planos e Seguros | E93: =A93 -> UMFL | F93: =VLOOKUP(E93,db_emp!$D$7:$E$156,2,FALSE) -> UMFL | I93: 499229 | J93: 561922 | K93: 624545 | L93: 691531 | M93: 848460 | N93: 926852 | O93: 1072512 | P93: 1038688 | Q93: 1242434 | R93: 1376529
A94: UMFO | B94: 1-Dados | C94: =VLOOKUP($A94,db_emp!$A$7:$N$156,2,FALSE) -> Unimed Fortaleza | D94: =VLOOKUP($A94,db_emp!$A$7:$N$157,D$5,FALSE) -> Planos e Seguros | E94: =A94 -> UMFO | F94: =VLOOKUP(E94,db_emp!$D$7:$E$156,2,FALSE) -> UMFO | I94: 1035436 | J94: 1185491 | K94: 1330191 | L94: 1487019 | M94: 1968222 | N94: 2188855 | O94: 2250049 | P94: 2202276 | Q94: 2323749 | R94: 2597132
A95: UMGO | B95: 1-Dados | C95: =VLOOKUP($A95,db_emp!$A$7:$N$156,2,FALSE) -> Unimed Goiânia | D95: =VLOOKUP($A95,db_emp!$A$7:$N$157,D$5,FALSE) -> Planos e Seguros | E95: =A95 -> UMGO | F95: =VLOOKUP(E95,db_emp!$D$7:$E$156,2,FALSE) -> UMGO | I95: 776781 | J95: - | K95: - | L95: 1163324 | M95: 1489296 | N95: 1952330 | O95: 1693192 | P95: 1929625 | Q95: 1820174 | R95: 2107898
A96: UMNA | B96: 1-Dados | C96: =VLOOKUP($A96,db_emp!$A$7:$N$156,2,FALSE) -> Unimed Natal | D96: =VLOOKUP($A96,db_emp!$A$7:$N$157,D$5,FALSE) -> Planos e Seguros | E96: =A96 -> UMNA | F96: =VLOOKUP(E96,db_emp!$D$7:$E$156,2,FALSE) -> UMNA | I96: 510290 | J96: 583000 | K96: 672180 | L96: 582875 | M96: 810989 | N96: 944242 | O96: 1048649 | P96: 1145457 | Q96: 1113203 | R96: 1226412
A97: UMPA | B97: 1-Dados | C97: =VLOOKUP($A97,db_emp!$A$7:$N$156,2,FALSE) -> Unimed Porto Alegre | D97: =VLOOKUP($A97,db_emp!$A$7:$N$157,D$5,FALSE) -> Planos e Seguros | E97: =A97 -> UMPA | F97: =VLOOKUP(E97,db_emp!$D$7:$E$156,2,FALSE) -> UMPA | I97: 1436680 | J97: 1699613 | K97: 1947762 | L97: 2196930 | M97: 2589840 | N97: 2919968 | O97: 3048976 | P97: 2959607 | Q97: 3128169 | R97: 3566152
A98: UMRE | B98: 1-Dados | C98: =VLOOKUP($A98,db_emp!$A$7:$N$156,2,FALSE) -> Unimed Recife | D98: =VLOOKUP($A98,db_emp!$A$7:$N$157,D$5,FALSE) -> Planos e Seguros | E98: =A98 -> UMRE | F98: =VLOOKUP(E98,db_emp!$D$7:$E$156,2,FALSE) -> UMRE | I98: - | J98: - | K98: - | L98: 832594 | M98: 1386218 | N98: 1458481 | O98: 1528532 | P98: 1158761 | Q98: 1248290 | R98: 1374953
A99: UMRJ | B99: 1-Dados | C99: =VLOOKUP($A99,db_emp!$A$7:$N$156,2,FALSE) -> Unimed Rio | D99: =VLOOKUP($A99,db_emp!$A$7:$N$157,D$5,FALSE) -> Planos e Seguros | E99: =A99 -> UMRJ | F99: =VLOOKUP(E99,db_emp!$D$7:$E$156,2,FALSE) -> UMRJ | I99: 4662244 | J99: 4999308 | K99: 5040272 | L99: 4049365 | M99: 4312708 | N99: 4563870 | O99: 4873253 | P99: 5053874 | Q99: 5776484 | R99: 5851499
A100: UMVI | B100: 1-Dados | C100: =VLOOKUP($A100,db_emp!$A$7:$N$156,2,FALSE) -> Unimed Vitória | D100: =VLOOKUP($A100,db_emp!$A$7:$N$157,D$5,FALSE) -> Planos e Seguros | E100: =A100 -> UMVI | F100: =VLOOKUP(E100,db_emp!$D$7:$E$156,2,FALSE) -> UMVI | I100: - | J100: - | K100: - | L100: 1176929 | M100: 1279564 | N100: 1379582 | O100: 1387582 | P100: 1344976 | Q100: 1662202 | R100: 1958113
...

Sheet LL
A1: LUCRO LIQUIDO | H1: Soma | I1: =SUM(I7:I203) -> 4780139.1 | J1: =SUM(J7:J203) -> 6495984.9 | K1: =SUM(K7:K203) -> 9887279.7 | L1: =SUM(L7:L203) -> 12615210 | M1: =SUM(M7:M203) -> 16096869 | N1: =SUM(N7:N203) -> 18812152 | O1: =SUM(O7:O203) -> 22454262 | P1: =SUM(P7:P203) -> 18943086 | ... R1: =SUM(R7:R203) -> 20113777
H2: N. Empr. | I2: =COUNT(I7:I203) -> 66 | J2: =COUNT(J7:J203) -> 68 | K2: =COUNT(K7:K203) -> 71 | L2: =COUNT(L7:L203) -> 87 | M2: =COUNT(M7:M203) -> 89 | N2: =COUNT(N7:N203) -> 93 | O2: =COUNT(O7:O203) -> 95 | P2: =COUNT(P7:P203) -> 94 | ... R2: =COUNT(R7:R203) -> 88
A3: R$ Correntes | H3: Média | I3: =I1/I2 -> 72426.35 | J3: =J1/J2 -> 95529.19 | K3: =K1/K2 -> 139257.46 | L3: =L1/L2 -> 145002.41 | M3: =M1/M2 -> 180863.7 | N3: =N1/N2 -> 202281.21 | O3: =O1/O2 -> 236360.65 | P3: =P1/P2 -> 201522.19 | ... R3: =R1/R2 -> 228565.64
A4: Milhares | H4: Cont.vazios | I4: =COUNTBLANK(I7:I104) -> 0 | J4: =COUNTBLANK(J7:J104) -> 0 | K4: =COUNTBLANK(K7:K104) -> 0 | L4: =COUNTBLANK(L7:L104) -> 0 | M4: =COUNTBLANK(M7:M104) -> 0 | N4: =COUNTBLANK(N7:N104) -> 0 | O4: =COUNTBLANK(O7:O104) -> 0 | P4: =COUNTBLANK(P7:P104) -> 0 | ... R4: =COUNTBLANK(R7:R104) -> 0
D5: 6 | G5: 12 | H5: =G5+1 -> 13
A6: Cod4 | B6: Tipo | C6: Grupo Empresarial | D6: Subsetor de origem | E6: Cod4 | F6: Grupo | I6: 2014 | J6: 2015 | K6: 2016 | L6: 2017 | M6: 2018 | N6: 2019 | O6: 2020 | P6: 2021 | Q6: 2022 | R6: 2023
A7: ACCA | B7: 1-Dados | C7: =VLOOKUP($A7,db_emp!$A$7:$N$156,2,FALSE) -> A.C. Camargo Cancer Center | D7: =VLOOKUP($A7,db_emp!$A$7:$N$157,D$5,FALSE) -> Redes Hospitalares | E7: =A7 -> ACCA | F7: =VLOOKUP($A7,db_emp!$A$7:$N$156,4,FALSE) -> ACCA | I7: - | J7: 294729 | K7: 390479 | L7: 323370 | M7: 280809 | N7: 133662 | O7: 14362 | P7: 46360 | Q7: 265389 | R7: 306589
A8: ACHE | B8: 1-Dados | C8: =VLOOKUP($A8,db_emp!$A$7:$N$156,2,FALSE) -> Aché | D8: =VLOOKUP($A8,db_emp!$A$7:$N$157,D$5,FALSE) -> Ind. Farmacêutica | E8: =A8 -> ACHE | F8: =VLOOKUP(E8,db_emp!$D$7:$E$156,2,FALSE) -> ACHE | I8: 474951 | J8: 473897 | K8: 544254 | L8: 566415 | M8: 607974 | N8: 722637 | O8: 631381 | P8: 651571 | Q8: 1058439 | R8: 612424
A9: ACSC | B9: 1-Dados | C9: =VLOOKUP($A9,db_emp!$A$7:$N$156,2,FALSE) -> Assoc. Congreg. Santa Catarina (Hospital Santa Catarina) | D9: =VLOOKUP($A9,db_emp!$A$7:$N$157,D$5,FALSE) -> Redes Hospitalares | E9: =A9 -> ACSC | F9: =VLOOKUP(E9,db_emp!$D$7:$E$156,2,FALSE) -> ACSC | I9: - | J9: - | K9: - | L9: 180434 | M9: -44191 | N9: -81188 | O9: -54503 | P9: 86817 | Q9: 42432 | R9: 82152
A10: ALLI | B10: 1-Dados | C10: =VLOOKUP($A10,db_emp!$A$7:$N$156,2,FALSE) -> Alliança | D10: =VLOOKUP($A10,db_emp!$A$7:$N$157,D$5,FALSE) -> Diagnóstico e Terapia | E10: =A10 -> ALLI | F10: =VLOOKUP(E10,db_emp!$D$7:$E$156,2,FALSE) -> ALLI | I10: -4337 | J10: -11429 | K10: 28767 | L10: 14640 | M10: 51566 | N10: 50073 | O10: -92431 | P10: 1988 | Q10: -219243 | R10: -218559
A11: AMIN | B11: 1-Dados | C11: =VLOOKUP($A11,db_emp!$A$7:$N$156,2,FALSE) -> Amil | D11: =VLOOKUP($A11,db_emp!$A$7:$N$157,D$5,FALSE) -> Planos e Seguros | E11: =A11 -> AMIN | F11: =VLOOKUP(E11,db_emp!$D$7:$E$156,2,FALSE) -> AMIN | I11: -288949 | J11: -114400 | K11: -323155 | L11: 54148 | M11: 7874 | N11: 133737 | O11: 531790 | P11: -990293 | Q11: -1640707 | R11: 4033529
A12: APSE | B12: 1-Dados | C12: =VLOOKUP($A12,db_emp!$A$7:$N$156,2,FALSE) -> Apsen | D12: =VLOOKUP($A12,db_emp!$A$7:$N$157,D$5,FALSE) -> Ind. Farmacêutica | E12: =A12 -> APSE | F12: =VLOOKUP(E12,db_emp!$D$7:$E$156,2,FALSE) -> APSE | I12: 69866 | J12: 78846 | K12: 86813 | L12: 87658 | M12: 71875 | N12: 49319 | O12: 65065 | P12: 64581 | Q12: 37774 | R12: 89138
A13: ARAU | B13: 1-Dados | C13: =VLOOKUP($A13,db_emp!$A$7:$N$156,2,FALSE) -> Araújo | D13: =VLOOKUP($A13,db_emp!$A$7:$N$157,D$5,FALSE) -> Farmácias e Drogarias | E13: =A13 -> ARAU | F13: =VLOOKUP(E13,db_emp!$D$7:$E$156,2,FALSE) -> ARAU | I13: 78221 | J13: 98117 | K13: 80063 | L13: 31682 | M13: 92341 | N13: 90020 | O13: 113131 | P13: 129641 | Q13: 150476 | R13: 165702
A14: ASSI | B14: 1-Dados | C14: =VLOOKUP($A14,db_emp!$A$7:$N$156,2,FALSE) -> Assim Saúde | D14: =VLOOKUP($A14,db_emp!$A$7:$N$157,D$5,FALSE) -> Planos e Seguros | E14: =A14 -> ASSI | F14: =VLOOKUP(E14,db_emp!$D$7:$E$156,2,FALSE) -> ASSI | I14: - | J14: - | K14: 33927 | L14: 66313 | M14: 67618 | N14: 67269 | O14: 108380 | P14: 14094 | Q14: -1363 | R14: -12718
A15: ASZE | B15: 1-Dados | C15: =VLOOKUP($A15,db_emp!$A$7:$N$156,2,FALSE) -> AstraZeneca | D15: =VLOOKUP($A15,db_emp!$A$7:$N$157,D$5,FALSE) -> Ind. Farmacêutica | E15: =A15 -> ASZE | F15: =VLOOKUP(E15,db_emp!$D$7:$E$156,2,FALSE) -> ASZE | I15: - | J15: 90220 | K15: 43334 | L15: 125091 | M15: 127740 | N15: 167287 | O15: 264703 | P15: 339284 | Q15: - | R15: -
A16: ATHE | B16: 1-Dados | C16: =VLOOKUP($A16,db_emp!$A$7:$N$156,2,FALSE) -> Athena Saúde | D16: =VLOOKUP($A16,db_emp!$A$7:$N$157,D$5,FALSE) -> Planos e Seguros | E16: =A16 -> ATHE | F16: =VLOOKUP(E16,db_emp!$D$7:$E$156,2,FALSE) -> ATHE | I16: - | J16: - | K16: - | L16: - | M16: 2570 | N16: 3050 | O16: 14451 | P16: -61787 | Q16: 125514 | R16: 143966
A17: BAYE | B17: 1-Dados | C17: =VLOOKUP($A17,db_emp!$A$7:$N$156,2,FALSE) -> Bayer Pharma | D17: =VLOOKUP($A17,db_emp!$A$7:$N$157,D$5,FALSE) -> Ind. Farmacêutica | E17: =A17 -> BAYE | F17: =VLOOKUP(E17,db_emp!$D$7:$E$156,2,FALSE) -> BAYE | I17: 1070957 | J17: 636096 | K17: -147363 | L17: -422478 | M17: 520721 | N17: 596702 | O17: 978868 | P17: 584370 | Q17: 61712 | R17: 1389666
A18: BEPO | B18: 1-Dados | C18: =VLOOKUP($A18,db_emp!$A$7:$N$156,2,FALSE) -> BP - Beneficência Portuguesa de São Paulo | D18: =VLOOKUP($A18,db_emp!$A$7:$N$157,D$5,FALSE) -> Redes Hospitalares | E18: =A18 -> BEPO | F18: =VLOOKUP(E18,db_emp!$D$7:$E$156,2,FALSE) -> BEPO | I18: 105 | J18: 28264 | K18: 101823 | L18: 136099 | M18: 31305 | N18: 94796 | O18: -115345 | P18: -43955 | Q18: -45413 | R18: -2761
A19: BLAU | B19: 1-Dados | C19: =VLOOKUP($A19,db_emp!$A$7:$N$156,2,FALSE) -> Blau | D19: =VLOOKUP($A19,db_emp!$A$7:$N$157,D$5,FALSE) -> Ind. Farmacêutica | E19: =A19 -> BLAU | F19: =VLOOKUP(E19,db_emp!$D$7:$E$156,2,FALSE) -> BLAU | I19: 17155 | J19: 22780 | K19: 32333 | L19: 103128 | M19: 123253 | N19: 200238 | O19: 254330 | P19: 325222 | Q19: 360492 | R19: 247491
A20: BRIS | B20: 1-Dados | C20: =VLOOKUP($A20,db_emp!$A$7:$N$156,2,FALSE) -> Bristol-Myers Squibb | D20: =VLOOKUP($A20,db_emp!$A$7:$N$157,D$5,FALSE) -> Ind. Farmacêutica | E20: =A20 -> BRIS | F20: =VLOOKUP(E20,db_emp!$D$7:$E$156,2,FALSE) -> BRIS | I20: 1795 | J20: -6300 | K20: 153151 | L20: 74831 | M20: 92475 | N20: 90306 | O20: 140668 | P20: - | Q20: 235779 | R20: 91649
A21: BRSA | B21: 1-Dados | C21: =VLOOKUP($A21,db_emp!$A$7:$N$156,2,FALSE) -> Bradesco Saúde | D21: =VLOOKUP($A21,db_emp!$A$7:$N$157,D$5,FALSE) -> Planos e Seguros | E21: =A21 -> BRSA | F21: =VLOOKUP(E21,db_emp!$D$7:$E$156,2,FALSE) -> BRSA | I21: 778197 | J21: 802157 | K21: 553108 | L21: 468527 | M21: 942010 | N21: 1502304 | O21: 1192204 | P21: 1194607 | Q21: 869774 | R21: 1030695
A22: BUTA | B22: 1-Dados | C22: =VLOOKUP($A22,db_emp!$A$7:$N$156,2,FALSE) -> Fundação Butantan | D22: =VLOOKUP($A22,db_emp!$A$7:$N$157,D$5,FALSE) -> Ind. Farmacêutica | E22: =A22 -> BUTA | F22: BUTA | I22: -55496 | J22: -133567 | K22: 446422 | L22: 671959 | M22: 602124 | N22: 783027 | O22: 302985 | P22: 2578063 | Q22: -293692 | R22: 608228
A23: CARE | B23: 1-Dados | C23: =VLOOKUP($A23,db_emp!$A$7:$N$156,2,FALSE) -> Care Plus | D23: =VLOOKUP($A23,db_emp!$A$7:$N$157,D$5,FALSE) -> Planos e Seguros | E23: =A23 -> CARE | F23: =VLOOKUP(E23,db_emp!$D$7:$E$156,2,FALSE) -> CARE | I23: 18307 | J23: 21240 | K23: 19588 | L23: 52200 | M23: 61847 | N23: 79699 | O23: 111635 | P23: 81432 | Q23: 109953 | R23: 135817
A24: CASS | B24: 1-Dados | C24: =VLOOKUP($A24,db_emp!$A$7:$N$156,2,FALSE) -> CASSI | D24: =VLOOKUP($A24,db_emp!$A$7:$N$157,D$5,FALSE) -> Planos e Seguros | E24: =A24 -> CASS | F24: =VLOOKUP(E24,db_emp!$D$7:$E$156,2,FALSE) -> CASS | I24: -108934 | J24: -233953 | K24: -159376 | L24: -206151 | M24: -377689 | N24: 944090 | O24: 1133147 | P24: 353369 | Q24: -286988 | R24: 20304
A25: CEJA | B25: 1-Dados | C25: =VLOOKUP($A25,db_emp!$A$7:$N$156,2,FALSE) -> CEJAM | D25: =VLOOKUP($A25,db_emp!$A$7:$N$157,D$5,FALSE) -> Gestão como OS | E25: =A25 -> CEJA | F25: =VLOOKUP(E25,db_emp!$D$7:$E$156,2,FALSE) -> CEJA | I25: 8153 | J25: 12698 | K25: 18363 | L25: 4059 | M25: 25380 | N25: -6989 | O25: 73128 | P25: -6169 | Q25: 20697 | R25: 22998
A26: CIME | B26: 1-Dados | C26: =VLOOKUP($A26,db_emp!$A$7:$N$156,2,FALSE) -> Grupo Cimed | D26: =VLOOKUP($A26,db_emp!$A$7:$N$157,D$5,FALSE) -> Ind. Farmacêutica | E26: =A26 -> CIME | F26: =VLOOKUP(E26,db_emp!$D$7:$E$156,2,FALSE) -> CIME | I26: - | J26: - | K26: - | L26: 9052 | M26: 39365 | N26: 91867 | O26: 286123 | P26: 41275 | Q26: 42560 | R26: 248082
A27: CLAM | B27: 1-Dados | C27: =VLOOKUP($A27,db_emp!$A$7:$N$156,2,FALSE) -> Clamed | D27: =VLOOKUP($A27,db_emp!$A$7:$N$157,D$5,FALSE) -> Farmácias e Drogarias | E27: =A27 -> CLAM | F27: =VLOOKUP(E27,db_emp!$D$7:$E$156,2,FALSE) -> CLAM | I27: 29118 | J27: 40652 | K27: 48979 | L27: 43537 | M27: 41728 | N27: 29983 | O27: 41777 | P27: 64750 | Q27: 66676 | R27: -
A28: DASA | B28: 1-Dados | C28: =VLOOKUP($A28,db_emp!$A$7:$N$156,2,FALSE) -> DASA | D28: =VLOOKUP($A28,db_emp!$A$7:$N$157,D$5,FALSE) -> Diagnóstico e Terapia | E28: =A28 -> DASA | F28: =VLOOKUP(E28,db_emp!$D$7:$E$156,2,FALSE) -> DASA | I28: 88322 | J28: 24204 | K28: 95205 | L28: 134458 | M28: 185306 | N28: 130223 | O28: -147739 | P28: -216937 | Q28: -387766 | R28: -1157999
A29: DIME | B29: 1-Dados | C29: =VLOOKUP($A29,db_emp!$A$7:$N$156,2,FALSE) -> DIMED/Grupo Panvel | D29: =VLOOKUP($A29,db_emp!$A$7:$N$157,D$5,FALSE) -> Farmácias e Drogarias | E29: =A29 -> DIME | F29: =VLOOKUP(E29,db_emp!$D$7:$E$156,2,FALSE) -> DIME | I29: 49359 | J29: 45268 | K29: 53059 | L29: 59798 | M29: 74982 | N29: 76755 | O29: 56151 | P29: 79426 | Q29: 86345 | R29: 92905
A30: DMIL | B30: 1-Dados | C30: =VLOOKUP($A30,db_emp!$A$7:$N$156,2,FALSE) -> d1000 | D30: =VLOOKUP($A30,db_emp!$A$7:$N$157,D$5,FALSE) -> Farmácias e Drogarias | E30: =A30 -> DMIL | F30: =VLOOKUP(E30,db_emp!$D$7:$E$156,2,FALSE) -> PROF | I30: - | J30: - | K30: -35341 | L30: -72327 | M30: 2681 | N30: -7487 | O30: 123 | P30: 1979 | Q30: 11355 | R30: 21362
A31: DPSP | B31: 1-Dados | C31: =VLOOKUP($A31,db_emp!$A$7:$N$156,2,FALSE) -> Grupo DPSP | D31: =VLOOKUP($A31,db_emp!$A$7:$N$157,D$5,FALSE) -> Farmácias e Drogarias | E31: =A31 -> DPSP | F31: =VLOOKUP(E31,db_emp!$D$7:$E$156,2,FALSE) -> DPSP | I31: 222050 | J31: 167241 | K31: 104121 | L31: 282238 | M31: 216587 | N31: 245020 | O31: 7624 | P31: 150240 | Q31: 361724 | R31: 75874
A32: EBSE | B32: 1-Dados | C32: =VLOOKUP($A32,db_emp!$A$7:$N$156,2,FALSE) -> EBSERH | D32: =VLOOKUP($A32,db_emp!$A$7:$N$157,D$5,FALSE) -> Redes Hospitalares | E32: =A32 -> EBSE | F32: =VLOOKUP(E32,db_emp!$D$7:$E$156,2,FALSE) -> EBSE | I32: -9099 | J32: -7907 | K32: -64517 | L32: -14898 | M32: -277456 | N32: -117909 | O32: -13719 | P32: -218107 | Q32: -454588 | R32: 158309
A33: EINS | B33: 1-Dados | C33: =VLOOKUP($A33,db_emp!$A$7:$N$156,2,FALSE) -> Hospital Albert Einstein | D33: =VLOOKUP($A33,db_emp!$A$7:$N$157,D$5,FALSE) -> Redes Hospitalares | E33: =A33 -> EINS | F33: =VLOOKUP(E33,db_emp!$D$7:$E$156,2,FALSE) -> EINS | I33: 175952 | J33: 224561 | K33: - | L33: 255492 | M33: 240154 | N33: 488801 | O33: 182457 | P33: 518529 | Q33: 315243 | R33: 349433
A34: ELFA | B34: 1-Dados | C34: =VLOOKUP($A34,db_emp!$A$7:$N$156,2,FALSE) -> Elfa Medicamentos | D34: =VLOOKUP($A34,db_emp!$A$7:$N$157,D$5,FALSE) -> Distribuição | E34: =A34 -> ELFA | F34: =VLOOKUP(E34,db_emp!$D$7:$E$156,2,FALSE) -> ELFA | I34: - | J34: - | K34: 15377 | L34: 14157 | M34: 60518 | N34: 39560 | O34: 40942 | P34: 176741 | Q34: 71592 | R34: -42863
A35: EMSA | B35: 1-Dados | C35: =VLOOKUP($A35,db_emp!$A$7:$N$156,2,FALSE) -> EMS | D35: =VLOOKUP($A35,db_emp!$A$7:$N$157,D$5,FALSE) -> Ind. Farmacêutica | E35: =A35 -> EMSA | F35: =VLOOKUP(E35,db_emp!$D$7:$E$156,2,FALSE) -> EMSA | I35: - | J35: - | K35: - | L35: 306799 | M35: 288197 | N35: 418138 | O35: 109009 | P35: 316533 | Q35: 312627 | R35: 333060
A36: EURO | B36: 1-Dados | C36: =VLOOKUP($A36,db_emp!$A$7:$N$156,2,FALSE) -> Eurofarma | D36: =VLOOKUP($A36,db_emp!$A$7:$N$157,D$5,FALSE) -> Ind. Farmacêutica | E36: =A36 -> EURO | F36: =VLOOKUP(E36,db_emp!$D$7:$E$156,2,FALSE) -> EURO | I36: 183068 | J36: 191686 | K36: - | L36: 368393 | M36: 491617 | N36: 579241 | O36: 848970 | P36: 999894 | Q36: 1001047 | R36: 649698
A37: FABC | B37: 1-Dados | C37: =VLOOKUP($A37,db_emp!$A$7:$N$156,2,FALSE) -> Fundação do ABC | D37: =VLOOKUP($A37,db_emp!$A$7:$N$157,D$5,FALSE) -> Gestão como OS | E37: =A37 -> FABC | F37: =VLOOKUP(E37,db_emp!$D$7:$E$156,2,FALSE) -> FABC | I37: 37413 | J37: -67712 | K37: -31778 | L37: -62834 | M37: -7354 | N37: -76651 | O37: 5852 | P37: -61079 | Q37: 34687 | R37: 130192
A38: FFME | B38: 1-Dados | C38: =VLOOKUP($A38,db_emp!$A$7:$N$156,2,FALSE) -> FFM USP | D38: =VLOOKUP($A38,db_emp!$A$7:$N$157,D$5,FALSE) -> Redes Hospitalares | E38: =A38 -> FFME | F38: FFME | I38: 90281 | J38: 51024 | K38: 58921 | L38: 22546 | M38: 49896 | N38: 77752 | O38: 1616474 | P38: 75079 | Q38: 92786 | R38: 95068
A39: FLEU | B39: 1-Dados | C39: =VLOOKUP($A39,db_emp!$A$7:$N$156,2,FALSE) -> Fleury | D39: =VLOOKUP($A39,db_emp!$A$7:$N$157,D$5,FALSE) -> Diagnóstico e Terapia | E39: =A39 -> FLEU | F39: =VLOOKUP(E39,db_emp!$D$7:$E$156,2,FALSE) -> FLEU | I39: 85802 | J39: 107343 | K39: 228749 | L39: 320618 | M39: 331585 | N39: 312317 | O39: 256961 | P39: 351491 | Q39: 308731 | R39: 420823
